Workbook
Name ACT: #REF!
Name ACT: #REF!
Name App: [1]Tables!$C$362:$C$363
Name App: Tables_Brokers!$C$301:$C$302
Name App: Tables!$C$358:$C$359
Name Approval_Officers: [1]Tables!$A$22:$C$28
Name Approval_Officers: Tables_Brokers!$A$17:$C$25
Name Approval_Officers: Tables!$A$18:$C$24
Name Australia: HEM!$C$10:$Q$24
Name CC_Rates: [1]Tables!$C$275:$C$277
Name CC_Rates: Tables!$C$271:$C$273
Name Confirmed: [1]Tables!$A$390:$A$391
Name Confirmed: Tables_Brokers!$A$328:$A$329
Name Confirmed: Tables!$A$385:$A$386
Name CreditReport: [1]Tables!$A$408:$A$414
Name CreditReport: Tables_Brokers!$A$346:$A$352
Name CreditReport: Tables!$A$403:$A$409
Name Delegations: [1]Tables!$A$33:$M$142
Name Delegations: Tables_Brokers!$A$28:$G$126
Name Delegations: Tables!$A$29:$M$138
Name Family: Tables_Brokers!$A$294:$C$298
Name Family: Tables!$A$327:$C$331
Name HELP_Table_2020_21: [1]Tables!$A$339:$B$357
Name HELP_Table_2020_21: Tables!$A$335:$B$353
Name Interest_Type: [1]Tables!$A$275:$A$277
Name Interest_Type: Tables_Brokers!$A$238:$A$240
Name Interest_Type: Tables!$A$271:$A$273
Name LIVING: [1]HEM!$C$10:$Q$246
Name LIVING: HEM!$C$10:$Q$246
Name Living_Expenses: [1]Tables!$F$280:$F$286
Name Living_Expenses: Tables_Brokers!$F$243:$F$249
Name Living_Expenses: Tables!$F$276:$F$282
Name Location: [1]Tables!$C$291:$C$304
Name Location: Tables_Brokers!$C$254:$C$267
Name Location: Tables!$C$287:$C$300
Name NSRRate: [1]Tables!$A$161:$E$272
Name NSRRate: Tables_Brokers!$A$136:$E$235
Name NSRRate: Tables!$A$157:$E$268
Name NSW: #REF!
Name NSW: #REF!
Name NT: #REF!
Name NT: #REF!
Name PayFreq: Tables_Brokers!$B$244:$B$247
Name PayFreq: Tables!$B$277:$B$280
Name Period: [1]Tables!$B$280:$B$284
Name Period: Tables_Brokers!$B$243:$B$247
Name Period: Tables!$B$276:$B$280
Name Product_IR: [1]Tables!$B$160:$P$272
Name Product_IR: Tables!$B$156:$P$268
Name Product_NSR: [1]Tables_Brokers!$A$63:$E$86
Name Product_NSR: Tables_Brokers!$A$137:$E$235
Name Product_NSR: Tables_Brokers!$A$212:$E$235
Name ProductDLA: [1]Tables!$B$33:$K33
Name ProductDLA: Tables!$B$29:$K35
Name QLD: #REF!
Name QLD: #REF!
Name Rates: [1]Tables!$A$162:$C$272
Name Rates: Tables!$A$158:$C$268
Name Rates_Broker: Tables_Brokers!$A$137:$C$235
Name Rates_Broker: Tables_Brokers!$A$212:$C$235

Sheet Broker
B1: Move Bank Loan Worksheet | G1: Version 1 - 01/09/2026 | L1: =+NOW() -> 46266.373
B3: Applicant 1 | F3: Age | H3: Applicant 2 | L3: Age
B6: Taxable Income | I6: Non Taxed Income | M6: App | O6: Salary | P6: Gross | Q6: Disc | R6: Wages YTD | Y6: App 1 | Z6: App 2
B7: Income | C7: Discount | D7: Employer | F7: Gross | G7: Period | N7: =+IF(I7="Salary Packaging",1,0)+IF(I7="Car Allowance",1,0) -> 0 | O7: App 1 | P7: =+SUM(X8:X13)+SUMIF(M7:M9,"App 1",V7:V9)+SUMIF(M12:M13,"App 1",V12:V13) -> 0 | Q7: =+SUM(T8:T13)/12+SUMIF(M7:M9,"App 1",V7:V9)+SUMIF(M12:M13,"App 1",V12:V13)*I14 -> 0 | R7: =+SUM(X8:X13)/30.3*Q14+(Y7*N7)/30.3*Q14+(Y8*N8)/30.3*Q14+(Y9*N9)/30.3*Q14 -> 0 | V7: =+IF(K7="",L7*0,IF(K7="A",L7/12,IF(K7="M",L7,IF(K7="b",L7*24/12,IF(K7="F",L7*26/12,IF(K7="W",L7*52/12))))))*W7 -> 0 | W7: =+IF(L7>0,IF(K7="","error",1)) -> FALSE | Y7: =+SUMIF(M7,"App 1",V7) -> 0 | Z7: =+SUMIF(M7,"App 2",V7) -> 0
B8: Applicant 1 | N8: =+IF(I8="Salary Packaging",1,0)+IF(I8="Car Allowance",1,0) -> 0 | O8: App 2 | P8: =+SUM(X14:X19)+SUMIF(M7:M9,"App 2",V7:V9)+SUMIF(M12:M13,"App 2",V12:V13) -> 0 | Q8: =+SUM(T14:T19)/12+SUMIF(M7:M9,"App 2",V7:V9)+SUMIF(M12:M13,"App 2",V12:V13)*0.8 -> 0 | R8: =+SUM(X14:X19)/30.3*Q18+(Z7*N7)/30.3*Q18+(Z8*N8)/30.3*Q18+(Z9*N9)/30.3*Q18 -> 0 | T8: =+IF(G8="",F8*0,IF(G8="A",F8,IF(G8="M",F8*12,IF(G8="B",F8*24,IF(G8="F",F8*26,IF(G8="W",F8*52))))))*U8 -> 0 | U8: =+IF(F8>0,IF(G8="","error",1)) -> FALSE | V8: =+IF(K8="",L8*0,IF(K8="A",L8/12,IF(K8="M",L8,IF(K8="b",L8*24/12,IF(K8="F",L8*26/12,IF(K8="W",L8*52/12))))))*W8 -> 0 | W8: =+IF(L8>0,IF(K8="","error",1)) -> FALSE | X8: =+T8/12 -> 0 | Y8: =+SUMIF(M8,"App 1",V8) -> 0 | Z8: =+SUMIF(M8,"App 2",V8) -> 0
B9: Overtime/Commission | C9: 0.8 | N9: =+IF(I9="Salary Packaging",1,0)+IF(I9="Car Allowance",1,0) -> 0 | O9: Total | P9: =SUM(P7:P8) -> 0 | Q9: =SUM(Q7:Q8) -> 0 | T9: =+IF(G9="",0*F9,IF(G9="A",F9*C9,IF(G9="M",F9*12*C9,IF(G9="B",F9*24*C9,IF(G9="F",F9*26*C9,IF(G9="W",F9*52*C9))))))*U9 -> 0 | U9: =+IF(F9>0,IF(G9="","error",1)) -> FALSE | V9: =+IF(K9="",L9*0,IF(K9="A",L9/12,IF(K9="M",L9,IF(K9="b",L9*24/12,IF(K9="F",L9*26/12,IF(K9="W",L9*52/12))))))*W9 -> 0 | W9: =+IF(L9>0,IF(K9="","error",1)) -> FALSE | X9: =+(T9/C9*100%)/12 -> 0 | Y9: =+SUMIF(M9,"App 1",V9) -> 0 | Z9: =+SUMIF(M9,"App 2",V9) -> 0
B10: Second Job | C10: 1 | I10: Rental Income - Negative Geared | O10: Check | P10: =+C50/12 -> 0 | Q10: =+C48 -> 0 | T10: =+IF(G10="",0*F10,IF(G10="A",F10*C10,IF(G10="M",F10*12*C10,IF(G10="B",F10*24*C10,IF(G10="F",F10*26*C10,IF(G10="W",F10*52*C10))))))*U10 -> 0 | U10: =+IF(F10>0,IF(G10="","error",1)) -> FALSE | X10: =+(T10/C10*100%)/12 -> 0
B11: Rent (non neg gear) | C11: 0.8 | I11: Property | J11: Rent $ | K11: Period | L11: Suburb | M11: App | T11: =+IF(G11="",0*F11,IF(G11="A",F11*C11,IF(G11="M",F11*12*C11,IF(G11="B",F11*24*C11,IF(G11="F",F11*26*C11,IF(G11="W",F11*52*C11))))))*U11 -> 0 | U11: =+IF(F11>0,IF(G11="","error",1)) -> FALSE | X11: =+(T11/C11*100%)/12 -> 0
B12: Allowances | C12: 0.8 | I12: Property 1 | O12: App 1 | P12: Date | Q12: Period | T12: =+IF(G12="",0*F12,IF(G12="A",F12*C12,IF(G12="M",F12*12*C12,IF(G12="B",F12*24*C12,IF(G12="F",F12*26*C12,IF(G12="W",F12*52*C12))))))*U12 -> 0 | U12: =+IF(F12>0,IF(G12="","error",1)) -> FALSE | V12: =+IF(K12="",0*J12,IF(K12="A",J12/12,IF(K12="M",J12,IF(K12="B",J12*24/12,IF(K12="F",J12*26/12,IF(K12="W",J12*52/12))))))*W12 -> 0 | W12: =+IF(J12>0,IF(K12="","error",1)) -> FALSE | X12: =+(T12/C12*100%)/12 -> 0 | Y12: =+SUMIF(M12,"App 1",V12) -> 0 | Z12: =+SUMIF(M12,"App 2",V12) -> 0
B13: Bonus | C13: 0.5 | I13: Property 2 | O13: Pay Period Ending | Q13: =+G8 -> 0 | T13: =+IF(G13="",0*F13,IF(G13="A",F13*C13,IF(G13="M",F13*12*C13,IF(G13="B",F13*24*C13,IF(G13="F",F13*26*C13,IF(G13="W",F13*52*C13))))))*U13 -> 0 | U13: =+IF(F13>0,IF(G13="","error",1)) -> FALSE | V13: =+IF(K13="",0*J13,IF(K13="A",J13/12,IF(K13="M",J13,IF(K13="B",J13*24/12,IF(K13="F",J13*26/12,IF(K13="W",J13*52/12))))))*W13 -> 0 | W13: =+IF(J13>0,IF(K13="","error",1)) -> FALSE | X13: =+(T13/C13*100%)/12 -> 0 | Y13: =+SUMIF(M13,"App 1",V13) -> 0 | Z13: =+SUMIF(M13,"App 2",V13) -> 0
B14: Applicant 2 | I14: 0.8 | J14: Gross per month | L14: =V14 -> 0 | O14: Prior Year End | P14: 46203 | Q14: =(P13-P14) -> -46203 | T14: =+IF(G14="",+F9*0,IF(G14="A",F14,IF(G14="M",F14*12,IF(G14="B",F14*24,IF(G14="F",F14*26,IF(G14="W",F14*52))))))*U14 -> 0 | U14: =+IF(F14>0,IF(G14="","error",1)) -> FALSE | V14: =SUM(V12:V13) -> 0 | X14: =+T14/12 -> 0
B15: Overtime/Commission | C15: 0.8 | I15: Living Expenses & LMI | O15: Pay Periods | P15: =ROUNDDOWN(+IF(Q13="",0*Q14,IF(Q13="M",Q14/30.3,IF(Q13="B",Q14/15,IF(Q13="F",Q14/14+1,IF(Q13="W",Q14/7))))),0) -> 0 | T15: =+IF(G15="",0*F15,IF(G15="A",F15*C15,IF(G15="M",F15*12*C15,IF(G15="B",F15*24*C15,IF(G15="F",F15*26*C15,IF(G15="W",F15*52*C15))))))*U15 -> 0 | U15: =+IF(F15>0,IF(G15="","error",1)) -> FALSE | X15: =+(T15/C15*100%)/12 -> 0
B16: Second Job | C16: 1 | I16: No. Adults | L16: Per Month | M16: =+L17+#REF! -> #N/A | O16: App 2 | P16: Date | Q16: Period | T16: =+IF(G16="",0*F16,IF(G16="A",F16*C16,IF(G16="M",F16*12*C16,IF(G16="B",F16*24*C16,IF(G16="F",F16*26*C16,IF(G16="W",F16*52*C16))))))*U16 -> 0 | U16: =+IF(F16>0,IF(G16="","error",1)) -> FALSE | X16: =+(T16/C16*100%)/12 -> 0
B17: Rent (non neg gear) | C17: 0.8 | I17: No. Children | K17: HEM | L17: =+IF(Tables_Brokers!H251>0,+Tables_Brokers!H251,"ERROR") -> #N/A | O17: Pay Period Ending | Q17: =+G14 -> 0 | T17: =+IF(G17="",0*F17,IF(G17="A",F17*C17,IF(G17="M",F17*12*C17,IF(G17="B",F17*24*C17,IF(G17="F",F17*26*C17,IF(G17="W",F17*52*C17))))))*U17 -> 0 | U17: =+IF(F17>0,IF(G17="","error",1)) -> FALSE | X17: =+(T17/C17*100%)/12 -> 0
B18: Allowances | C18: 0.8 | I18: Health Ins | J18: Yes | K18: Declared | L18: =+IF('Living Expenses'!E32=0,"ERROR",'Living Expenses'!E32) -> 1 | M18: Confirm YES or select NO | O18: Prior Year End | P18: =+P14 -> 46203 | Q18: =(P17-P18) -> -46203 | T18: =+IF(G18="",0*F18,IF(G18="A",F18*C18,IF(G18="M",F18*12*C18,IF(G18="B",F18*24*C18,IF(G18="F",F18*26*C18,IF(G18="W",F18*52*C18))))))*U18 -> 0 | U18: =+IF(F18>0,IF(G18="","error",1)) -> FALSE | X18: =+(T18/C18*100%)/12 -> 0
B19: Bonus | C19: 0.5 | I19: LMI | J19: Yes | K19: Assessed | L19: ='Living Expenses'!I32 -> 1 | M19: Confirm YES or select NO | O19: Pay Periods | P19: =ROUNDDOWN(+IF(Q17="",0*Q18,IF(Q17="M",Q18/30.3,IF(Q17="B",Q18/15,IF(Q17="F",Q18/14+1,IF(Q17="W",Q18/7))))),0) -> 0 | S19: =+CONCATENATE(J20,J16,"+",J17) -> + | T19: =+IF(G19="",0*F19,IF(G19="A",F19*C19,IF(G19="M",F19*12*C19,IF(G19="B",F19*24*C19,IF(G19="F",F19*26*C19,IF(G19="W",F19*52*C19))))))*U19 -> 0 | U19: =+IF(F19>0,IF(G19="","error",1)) -> FALSE | X19: =+(T19/C19*100%)/12 -> 0
I20: Location | L20: =IF(L17="ERROR","ERROR",IF(L18="ERROR","ERROR",IF(L19="ERROR","ERROR",+MAX(L17:L19)))) -> #N/A
B22: Commitment Details | T22: =+T8+T9/C9+T10/C10+T11/C11+T12/C12+T13/C13+T14+T15/C15+T16/C16+T17/C17+T18/C18+T19/C19 -> 0 | V22: =(SUM(V7:V19)-V14)*12 -> 0
B23: Lender | C23: Loan Amount or Balance (inc Redraw) | D23: Loan Type or Repay Type | E23: Rate/Limit or Repay | F23: Lender/Agent | G23: Term (in months) | H23: IO Split PO | I23: Repay pm | J23: =+CONCATENATE("Repay pm ",T24) -> #N/A | K23: LVR | L23: Security Value | M23: Add'l Buffer | N23: Notes | O23: Buffer | S23: Repay pm | T23: =+IF(J19="Yes",VLOOKUP(D24,Product_NSR,5,FALSE),VLOOKUP(D24,ProductNSR,4,FALSE)) -> #N/A
A24: =IF(H24="Y","Y","") -> #N/A | B24: Proposed Loan | E24: =+VLOOKUP(D24,Tables_Brokers!Rates_Broker,3,FALSE) -> #N/A | F24: MOVE | H24: =+VLOOKUP(D24,Tables!A155:F268,6,FALSE) -> #N/A | I24: =+IF(C24=0,0,IF(D24="Flexicredit",C24*0.05,IF(D24="Credit Card",-PMT(E24/12,36,C24,0),-PMT(E24/12,G24,C24,0))))+P24 -> #N/A | J24: =+IF(C24=0,0,IF(D24="Flexicredit",C24*0.05,IF(D24="Credit Card",-PMT(E24/12,36,C24,0),-PMT($T$24/12,G24,C24,0))))+P24 -> #N/A | K24: =+IF(L24=0," ",C24/L24) | M24: =IF(H24="IO",+J24-I24,IF(J19="YES",J24-V24,0)) -> #N/A | O24: =+IF(J24>I24,J24/I24,"") -> #N/A | P24: =+VLOOKUP(D24,Tables!A155:G268,7,FALSE) -> #N/A | S24: =+IF(F24="MOVE",IF(A24="Y",0,C24)) -> #N/A | T24: =+IF($J$19="","ERROR",IF($J$19="Yes",VLOOKUP($D$24,Tables_Brokers!Product_NSR,5,FALSE),VLOOKUP($D$24,Tables_Brokers!Product_NSR,4,FALSE))) -> #N/A | U24: =+VLOOKUP($D$24,Product_NSR,4,FALSE) -> #N/A | V24: =-PMT($U$24/12,G24,C24,0) -> #N/A | W24: =+T24-E24 -> #N/A
A25: =IF(H25="Y","Y","") | B25: Home Loan | I25: =+IF(C25=0,0,IF(H25="Y",0,IF(H25=0.5,-(PMT(E25/12,G25,C25,0)*H25),-(PMT(E25/12,G25,C25,0))))) -> 0 | J25: =+IF(C25=0,0,+IF(H25="Y",0,IF(H25=0.5,-(PMT(T25/12,G25,C25,0)*H25),-(PMT(T25/12,G25,C25,0))))) -> 0 | K25: =+IF(C25=0,0,C25/L25) -> 0 | M25: =+J25-I25 -> 0 | O25: =+IF(J25>I25,J25/I25,"") | S25: =+IF(F25="MOVE",IF(A25="Y",0,C25)) -> FALSE | T25: =IF((E25+Tables_Brokers!$C$131)<Tables_Brokers!$C$132,Tables_Brokers!$C$132,E25+Tables_Brokers!$C$131) -> 0.055
A26: =IF(H26="Y","Y","") | B26: Home Loan | I26: =+IF(C26=0,0,IF(H26="Y",0,IF(H26=0.5,-(PMT(E26/12,G26,C26,0)*H26),-(PMT(E26/12,G26,C26,0))))) -> 0 | J26: =+IF(C26=0,0,+IF(H26="Y",0,IF(H26=0.5,-(PMT(T26/12,G26,C26,0)*H26),-(PMT(T26/12,G26,C26,0))))) -> 0 | K26: =+IF(C26=0,0,C26/L26) -> 0 | M26: =+J26-I26 -> 0 | O26: =+IF(J26>I26,J26/I26,"") | S26: =+IF(F26="MOVE",IF(A26="Y",0,C26)) -> FALSE | T26: =IF((E26+Tables_Brokers!$C$131)<Tables_Brokers!$C$132,Tables_Brokers!$C$132,E26+Tables_Brokers!$C$131) -> 0.055
A27: =IF(H27="Y","Y","") | B27: Investment Loan | I27: =+IF(C27=0,0,IF(H27="Y",0,IF(H27=0.5,-(PMT(E27/12,G27,C27,0)*H27),-(PMT(E27/12,G27,C27,0))))) -> 0 | J27: =+IF(C27=0,0,+IF(H27="Y",0,IF(H27=0.5,-(PMT(T27/12,G27,C27,0)*H27),-(PMT(T27/12,G27,C27,0))))) -> 0 | K27: =+IF(C27=0,0,C27/L27) -> 0 | M27: =+J27-I27 -> 0 | O27: =+IF(J27>I27,J27/I27,"") | S27: =+IF(F27="MOVE",IF(A27="Y",0,C27)) -> FALSE | T27: =IF((E27+Tables_Brokers!$C$131)<Tables_Brokers!$C$132,Tables_Brokers!$C$132,E27+Tables_Brokers!$C$131) -> 0.055
A28: =IF(H28="Y","Y","") | B28: Investment Loan | I28: =+IF(C28=0,0,IF(H28="Y",0,IF(H28=0.5,-(PMT(E28/12,G28,C28,0)*H28),-(PMT(E28/12,G28,C28,0))))) -> 0 | J28: =+IF(C28=0,0,+IF(H28="Y",0,IF(H28=0.5,-(PMT(T28/12,G28,C28,0)*H28),-(PMT(T28/12,G28,C28,0))))) -> 0 | K28: =+IF(C28=0,0,C28/L28) -> 0 | M28: =+J28-I28 -> 0 | O28: =+IF(J28>I28,J28/I28,"") | S28: =+IF(F28="MOVE",IF(A28="Y",0,C28)) -> FALSE | T28: =IF((E28+Tables_Brokers!$C$131)<Tables_Brokers!$C$132,Tables_Brokers!$C$132,E28+Tables_Brokers!$C$131) -> 0.055
A29: =IF(H29="Y","Y","") | B29: Car Loan/Lease | I29: =+IF(H29="Y",0,T29) -> 0 | J29: =+I29 -> 0 | S29: =+IF(F29="MOVE",IF(A29="Y",0,C29)) -> FALSE | T29: =+IF(D29="",E29*0,IF(D29="A",E29/12,IF(D29="M",E29,IF(D29="B",E29*24/12,IF(D29="F",E29*26/12,IF(D29="W",E29*52/12))))))*U29 -> 0 | U29: =+IF(E29>0,IF(D29="","Error",1)) -> FALSE
A30: =IF(H30="Y","Y","") | B30: Car Loan/Lease | I30: =+IF(H30="Y",0,T30) -> 0 | J30: =+I30 -> 0 | S30: =+IF(F30="MOVE",IF(A30="Y",0,C30)) -> FALSE | T30: =+IF(D30="",E30*0,IF(D30="A",E30/12,IF(D30="M",E30,IF(D30="B",E30*24/12,IF(D30="F",E30*26/12,IF(D30="W",E30*52/12))))))*U30 -> 0 | U30: =+IF(E30>0,IF(D30="","Error",1)) -> FALSE
A31: =IF(H31="Y","Y","") | B31: Personal Loan | I31: =+IF(H31="Y",0,T31) -> 0 | J31: =+I31 -> 0 | S31: =+IF(F31="MOVE",IF(A31="Y",0,C31)) -> FALSE | T31: =+IF(D31="",E31*0,IF(D31="A",E31/12,IF(D31="M",E31,IF(D31="B",E31*24/12,IF(D31="F",E31*26/12,IF(D31="W",E31*52/12))))))*U31 -> 0 | U31: =+IF(E31>0,IF(D31="","Error",1)) -> FALSE
A32: =IF(H32="Y","Y","") | B32: Rent/Board | C32: =+CONCATENATE("Min. $",Tables_Brokers!C319," pm") -> Min. $500 pm | I32: =+IF(E32="",0,IF(T32<Tables_Brokers!C319,Tables_Brokers!C319,IF(H32=0.5,T32*0.5,T32))) -> 0 | J32: =+I32 -> 0 | T32: =+IF(D32="",E32*0,IF(D32="A",E32/12,IF(D32="M",E32,IF(D32="B",E32*24/12,IF(D32="F",E32*26/12,IF(D32="W",E32*52/12))))))*U32 -> 0 | U32: =+IF(E32>0,IF(D32="","Error",1)) -> FALSE
A33: =IF(H33="Y","Y","") | B33: Other (specify) | I33: =T33 -> 0 | J33: =+I33 -> 0 | S33: =+IF(F33="MOVE",IF(A33="Y",0,C33)) -> FALSE | T33: =+IF(D33="",E33*0,IF(D33="A",E33/12,IF(D33="M",E33,IF(D33="B",E33*24/12,IF(D33="F",E33*26/12,IF(D33="W",E33*52/12))))))*U33 -> 0 | U33: =+IF(E33>0,IF(D33="","Error",1)) -> FALSE
A34: =IF(H34="Y","Y","") | B34: Other (specify) | I34: =T34 -> 0 | J34: =+I34 -> 0 | S34: =+IF(F34="MOVE",IF(A34="Y",0,C34)) -> FALSE | T34: =+IF(D34="",E34*0,IF(D34="A",E34/12,IF(D34="M",E34,IF(D34="B",E34*24/12,IF(D34="F",E34*26/12,IF(D34="W",E34*52/12))))))*U34 -> 0 | U34: =+IF(E34>0,IF(D34="","Error",1)) -> FALSE
A35: =IF(H35="Y","Y","") | B35: Overdraft | D35: =+IF(B35="overdraft",5%,3.8%) -> 0.05 | I35: =+IF(H35="Y",0,E35*D35) -> 0 | J35: =+I35 -> 0 | S35: =+IF(F35="MOVE",IF(A35="Y",0,E35)) -> FALSE
A36: =IF(H36="Y","Y","") | B36: Credit Card | D36: 0.038 | I36: =+IF(H36="Y",0,IF(AND(H36="Exc",C36=0),0,D36*E36)) -> 0 | J36: =+I36 -> 0 | S36: =+IF(F36="MOVE",IF(A36="Y",0,E36)) -> FALSE
A37: =IF(H37="Y","Y","") | B37: Credit Card | D37: 0.038 | I37: =+IF(H37="Y",0,IF(AND(H37="Exc",C37=0),0,D37*E37)) -> 0 | J37: =+I37 -> 0 | S37: =+IF(F37="MOVE",IF(A37="Y",0,E37)) -> FALSE
A38: =IF(H38="Y","Y","") | B38: Credit Card | D38: 0.038 | I38: =+IF(H38="Y",0,IF(AND(H38="Exc",C38=0),0,D38*E38)) -> 0 | J38: =+I38 -> 0 | S38: =+IF(F38="MOVE",IF(A38="Y",0,E38)) -> FALSE
A39: =IF(H39="Y","Y","") | B39: Credit Card | D39: 0.038 | I39: =+IF(H39="Y",0,IF(AND(H39="Exc",C39=0),0,D39*E39)) -> 0 | J39: =+I39 -> 0 | S39: =+IF(F39="MOVE",IF(A39="Y",0,E39)) -> FALSE
B40: Total Debt | C40: =SUMIF(A24:A39,"",C24:C39) -> 0 | D40: Total Exp MOVE Bank | F40: =+S40 -> #N/A | G40: Total Repay pm | I40: =SUM(+SUM(I24:I39)) -> #N/A | J40: =SUM(+SUM(J24:J39)) -> #N/A | K40: Security | L40: =+SUMIF(F24:F28,"MOVE",L24:L28) -> 0 | S40: =SUM(S24:S39) -> #N/A | T40: Lower | U40: Upper
B42: Serviceability Information | T42: =+Tables_Brokers!B280 -> 27222 | U42: =+Tables_Brokers!B281 -> 34027 | V42: Medicare threshold
B43: Income from Above | C43: Total Gross Income PM | D43: Less Tax Payable | E43: After Tax Income PM | F43: Employment Status | G43: Confirmed Payslip | H43: No of pay slips | I43: Reference Check | J43: Period of Employment | K43: Paid to MOVE? | L43: Comments | T43: Total Tax | U43: Medicare | V43: Tax | W43: Medicare Surcharge | X43: Gross | Y43: =+Y44/52 -> 0 | Z43: $180K+ | AA43: $90k<$180k | AB43: $37k<$90k | AC43: $18.2k<$37K | AD43: <$18200
B44: Member 1 | C44: =+SUM(T8:T13)/12 -> 0 | D44: =+T44/12 -> 0 | E44: =+C44-D44 -> 0 | H44: 2 | T44: =+U44+V44+W44 -> 0 | U44: =+IF(X$44<=$T$42,0,IF(X$44<=$U$42,((X44-$T$42)*Tables_Brokers!$B$278),X44*Tables_Brokers!$B$278)) -> 0 | V44: =+Y44 -> 0 | W44: =+Tables_Brokers!D283 -> 0 | X44: =+C44*12 -> 0 | Y44: =+SUM(Z44:AD44) -> 0 | Z44: =+IF(X44>=Tables_Brokers!$A$275,((X44-Tables_Brokers!$A$275)*Tables_Brokers!$B$276)+Tables_Brokers!$C$275,0) -> 0 | AA44: =+IF(Z44=0,IF(X44>=Tables_Brokers!$A$274,(X44-Tables_Brokers!$A$274)*Tables_Brokers!$B$275+Tables_Brokers!$C$274),0) -> FALSE | AB44: =+IF(SUM(Z44:AA44)=0,IF(X44>=Tables_Brokers!$A$273,(X44-Tables_Brokers!$A$273)*Tables_Brokers!$B$274+Tables_Brokers!$C$273),0) -> FALSE | AC44: =+IF(SUM(Z44:AB44)=0,IF(X44>=Tables_Brokers!$A$272,(X44-Tables_Brokers!$A$272)*Tables_Brokers!$B$273+Tables_Brokers!$C$272),0) -> FALSE | AD44: =+IF(SUM(Z44:AC44)=0,IF(X44<=Tables_Brokers!$A$272,0,0)) -> 0
B45: Member 2 | C45: =+SUM(T14:T19)/12 -> 0 | D45: =+T45/12 -> 0 | E45: =+C45-D45 -> 0 | H45: 2 | T45: =+U45+V45+W45 -> 0 | U45: =+IF(X$45<=$T$42,0,IF(X$45<=$U$42,((X45-$T$42)*Tables_Brokers!$B$278),X45*Tables_Brokers!$B$278)) -> 0 | V45: =+Y45 -> 0 | X45: =+C45*12 -> 0 | Y45: =+SUM(Z45:AD45) -> 0 | Z45: =+IF(X45>=Tables_Brokers!$A$275,((X45-Tables_Brokers!$A$275)*Tables_Brokers!$B$276)+Tables_Brokers!$C$275,0) -> 0 | AA45: =+IF(Z45=0,IF(X45>=Tables_Brokers!$A$274,(X45-Tables_Brokers!$A$274)*Tables_Brokers!$B$275+Tables_Brokers!$C$274),0) -> FALSE | AB45: =+IF(SUM(Z45:AA45)=0,IF(X45>=Tables_Brokers!$A$273,(X45-Tables_Brokers!$A$273)*Tables_Brokers!$B$274+Tables_Brokers!$C$273),0) -> FALSE | AC45: =+IF(SUM(Z45:AB45)=0,IF(X45>=Tables_Brokers!$A$272,(X45-Tables_Brokers!$A$272)*Tables_Brokers!$B$273+Tables_Brokers!$C$272),0) -> FALSE | AD45: =+IF(SUM(Z45:AC45)=0,IF(X45<=Tables_Brokers!$A$272,0,0)) -> 0
B46: Other Income | C46: =I10 -> Rental Income - Negative Geared | E46: =+L14*I14 -> 0
B47: Tax Free Income | C47: =+V7+V8+V9 -> 0 | D47: 0 | E47: =+V7+V8+V9 -> 0 | F47: Summary Data | J47: Capacity to Repay | M47: Extra Tax
B48: Assessed Income | C48: =SUM(C44:C45)+E46+E47 -> 0 | D48: =SUM(D44:D45) -> 0 | E48: =SUM(E44:E47) -> 0 | F48: Income | G48: =+C48 -> 0 | H48: LVR | I48: =+K24 | J48: NSR & Surplus | K48: =+(I40+L20)/E48 -> #N/A | L48: =+E48-I40-L20 -> #N/A | M48: =+W44/12 -> 0
B49: APRA Reporting (ARS 223) | F49: Expenses (ex new) | G49: =+L20+J40+D48-J24 -> #N/A | H49: DSR | I49: =+(J40+D48+L20)/C48 -> #N/A | J49: NSR + Buffer | K49: =(J40+L20)/E48 -> #N/A | L49: =+E48-J40-L20 -> #N/A
B50: Gross Annual Income | C50: =SUM(T22:V22) -> 0 | D50: Credit Limits | E50: =SUMIF(A35:A39,"",E35:E39) -> 0 | F50: Net Income | G50: =+C48-G49-I24 -> #N/A | H50: ARA | I50: =+C48-G49 -> #N/A | J50: DLA Required | L50: Capacity
B51: Gross Debt | C51: =+C40-SUMIF(A35:A39,"",C35:C39)+E50 -> 0 | D51: Debt to income | E51: =+C51/C50 -> #DIV/0! | F51: Liabilities | G51: =+SUM(C25:C34)+SUM(E35:E39) -> 0 | J51: =IF(L51="NO","DECLINED",+VLOOKUP(T50,Approval_Officers,2,FALSE)) -> #N/A | L51: =+IF(I49<1,"Yes","NO") -> #N/A
B53: Security Details & Credit Report | I53: Submission
B54: Description | D54: CAT | E54: LVR | F54: Valuation | G54: Confirmed | I54: Name:
I55: Date:
I56: Decision
B57: Credit Report | E57: No. Enq | I57: =+J51 -> #N/A
B58: General Comments | I58: Name:
B59: Loan Purpose | I59: Date:
B61: Assessment Notes/ Approval Conditions | I61: Policy Waiver
I62: Policy No.
I63: Details:
I65: Event No: | K65: Date:
I66: Approved by:
B68: Broker Notes

Sheet Tables_Brokers
A1: Tables
A3: Lending Officer | D3: Submitted by | F3: Policy Waiver
A4: =+Tables!#REF! -> #REF! | D4: =+Tables!D4 -> Namita Bansal | F4: =+Tables!#REF! -> #REF!
A5: =+Tables!A4 -> Jon Jackson | D5: =+Tables!D5 -> Brooke Newlove | F5: =+Tables!F4 -> Mike Currie
A6: =+Tables!#REF! -> #REF! | D6: =+Tables!#REF! -> #REF! | F6: =+Tables!F5 -> Taryn Pontifex
A7: =+Tables!A5 -> Marcel Coopman | D7: =+Tables!#REF! -> #REF! | F7: =+Tables!F6 -> Teri Hawkins
A8: =+Tables!A6 -> Mike Currie | D8: =+Tables!D6 -> Julie O'Regan
A9: =+Tables!A7 -> Teri Hawkins | D9: =+Tables!D7 -> Sascha Jovanoski
A10: =+Tables!A8 -> Taryn Pontifex | D10: =+Tables!D8 -> Max Campbell
D11: =+Tables!D9 -> Mariah Foy
D12: =+Tables!D10 -> Scott Uren
D13: =+Tables!D13 -> 0
A18: =+Tables!A18 -> BOARD | B18: =+Tables!B18 -> BOARD
A19: =+Tables!A19 -> LA | B19: =+Tables!B19 -> Loan Assessor
A20: =+Tables!A20 -> SLA | B20: =+Tables!B20 -> Senior Loan Assessor
A21: =+Tables!A21 -> CAL | B21: =+Tables!B21 -> Credit Assessment Lead
A22: =+Tables!A22 -> SMC | B22: =+Tables!B22 -> SMC
A23: =+Tables!A23 -> COO | B23: =+Tables!B23 -> COO
A24: =+Tables!A24 -> CEO | B24: =+Tables!B24 -> CEO
A25: =+Tables!A25 -> BOARD | B25: =+Tables!B25 -> BOARD
C27: 2 | D27: 3 | E27: 4 | F27: 5 | G27: 6 | H27: 7 | I27: 8 | J27: 9 | K27: 10
A28: Delegations | C28: LA | D28: SLA | E28: CAL | F28: SMC | G28: COO | H28: CEO
A30: HL Everyday 80 (Sal Cred) | B30: L1_80_SC | C30: =VLOOKUP($B30,ProductDLA,C$27,FALSE) -> 750000 | D30: =VLOOKUP($B30,ProductDLA,D$27,FALSE) -> 1000000 | E30: =VLOOKUP($B30,ProductDLA,E$27,FALSE) -> 1500000 | F30: =VLOOKUP($B30,ProductDLA,F$27,FALSE) -> 2000000 | G30: =VLOOKUP($B30,ProductDLA,G$27,FALSE) -> 2500000 | H30: 3000000 | I30: 360 | K30: 0.8 | M30: HL
A31: HL Everyday 90 (Sal Cred) | B31: L1_90_SC | C31: =VLOOKUP($B31,ProductDLA,C$27,FALSE) -> 750000 | D31: =VLOOKUP($B31,ProductDLA,D$27,FALSE) -> 1000000 | E31: =VLOOKUP($B31,ProductDLA,E$27,FALSE) -> 1500000 | F31: =VLOOKUP($B31,ProductDLA,F$27,FALSE) -> 2000000 | G31: =VLOOKUP($B31,ProductDLA,G$27,FALSE) -> 2500000 | H31: =VLOOKUP($B31,ProductDLA,H$27,FALSE) -> 3000000 | I31: 360 | K31: 0.8 | L31: 0.9 | M31: HL
A32: HL Everyday 95 (Sal Cred) | B32: L1_95_SC | C32: =VLOOKUP($B32,ProductDLA,C$27,FALSE) -> 750000 | D32: =VLOOKUP($B32,ProductDLA,D$27,FALSE) -> 1000000 | E32: =VLOOKUP($B32,ProductDLA,E$27,FALSE) -> 1500000 | F32: =VLOOKUP($B32,ProductDLA,F$27,FALSE) -> 2000000 | G32: =VLOOKUP($B32,ProductDLA,G$27,FALSE) -> 2500000 | H32: =VLOOKUP($B32,ProductDLA,H$27,FALSE) -> 3000000 | I32: 360 | K32: 0.8 | L32: 0.95 | M32: HL
A33: HL Everyday 80 IO (Sal Cred) | B33: L1_80_IO_SC | C33: =VLOOKUP($B33,ProductDLA,C$27,FALSE) -> 750000 | D33: =VLOOKUP($B33,ProductDLA,D$27,FALSE) -> 1000000 | E33: =VLOOKUP($B33,ProductDLA,E$27,FALSE) -> 1500000 | F33: =VLOOKUP($B33,ProductDLA,F$27,FALSE) -> 2000000 | G33: =VLOOKUP($B33,ProductDLA,G$27,FALSE) -> 2500000 | H33: =VLOOKUP($B33,ProductDLA,H$27,FALSE) -> 3000000 | I33: 360 | K33: 0.8 | M33: HL
A34: HL Everyday 90 IO (Sal Cred) | B34: L1_90_IO_SC | C34: =VLOOKUP($B34,ProductDLA,C$27,FALSE) -> 750000 | D34: =VLOOKUP($B34,ProductDLA,D$27,FALSE) -> 1000000 | E34: =VLOOKUP($B34,ProductDLA,E$27,FALSE) -> 1500000 | F34: =VLOOKUP($B34,ProductDLA,F$27,FALSE) -> 2000000 | G34: =VLOOKUP($B34,ProductDLA,G$27,FALSE) -> 2500000 | H34: =VLOOKUP($B34,ProductDLA,H$27,FALSE) -> 3000000 | I34: 360 | K34: 0.8 | L34: 0.9 | M34: HL
A35: HL Everyday 95 IO (Sal Cred) | B35: L1_95_IO_SC | C35: =VLOOKUP($B35,ProductDLA,C$27,FALSE) -> 750000 | D35: =VLOOKUP($B35,ProductDLA,D$27,FALSE) -> 1000000 | E35: =VLOOKUP($B35,ProductDLA,E$27,FALSE) -> 1500000 | F35: =VLOOKUP($B35,ProductDLA,F$27,FALSE) -> 2000000 | G35: =VLOOKUP($B35,ProductDLA,G$27,FALSE) -> 2500000 | H35: =VLOOKUP($B35,ProductDLA,H$27,FALSE) -> 3000000 | I35: 360 | K35: 0.8 | L35: 0.95 | M35: HL
A36: HL Everyday Fixed 1 Year (Sal Cred) | B36: L1_F1_SC | C36: =VLOOKUP($B36,ProductDLA,C$27,FALSE) -> 750000 | D36: =VLOOKUP($B36,ProductDLA,D$27,FALSE) -> 1000000 | E36: =VLOOKUP($B36,ProductDLA,E$27,FALSE) -> 1500000 | F36: =VLOOKUP($B36,ProductDLA,F$27,FALSE) -> 2000000 | G36: =VLOOKUP($B36,ProductDLA,G$27,FALSE) -> 2500000 | H36: =VLOOKUP($B36,ProductDLA,H$27,FALSE) -> 3000000 | I36: 360 | K36: 0.8 | L36: 0.95 | M36: HL
A37: HL Everyday Fixed 1 Year IO (Sal Cred) | B37: L1_F1_IO_SC | C37: =VLOOKUP($B37,ProductDLA,C$27,FALSE) -> 750000 | D37: =VLOOKUP($B37,ProductDLA,D$27,FALSE) -> 1000000 | E37: =VLOOKUP($B37,ProductDLA,E$27,FALSE) -> 1500000 | F37: =VLOOKUP($B37,ProductDLA,F$27,FALSE) -> 2000000 | G37: =VLOOKUP($B37,ProductDLA,G$27,FALSE) -> 2500000 | H37: =VLOOKUP($B37,ProductDLA,H$27,FALSE) -> 3000000 | I37: 360 | K37: 0.8 | L37: 0.9 | M37: HL
A38: HL Everyday Fixed 2 Year (Sal Cred) | B38: L1_F2_SC | C38: =VLOOKUP($B38,ProductDLA,C$27,FALSE) -> 750000 | D38: =VLOOKUP($B38,ProductDLA,D$27,FALSE) -> 1000000 | E38: =VLOOKUP($B38,ProductDLA,E$27,FALSE) -> 1500000 | F38: =VLOOKUP($B38,ProductDLA,F$27,FALSE) -> 2000000 | G38: =VLOOKUP($B38,ProductDLA,G$27,FALSE) -> 2500000 | H38: =VLOOKUP($B38,ProductDLA,H$27,FALSE) -> 3000000 | I38: 360 | K38: 0.8 | L38: 0.95 | M38: HL
A39: HL Everyday Fixed 3 Year (Sal Cred) | B39: L1_F3_SC | C39: =VLOOKUP($B39,ProductDLA,C$27,FALSE) -> 750000 | D39: =VLOOKUP($B39,ProductDLA,D$27,FALSE) -> 1000000 | E39: =VLOOKUP($B39,ProductDLA,E$27,FALSE) -> 1500000 | F39: =VLOOKUP($B39,ProductDLA,F$27,FALSE) -> 2000000 | G39: =VLOOKUP($B39,ProductDLA,G$27,FALSE) -> 2500000 | H39: =VLOOKUP($B39,ProductDLA,H$27,FALSE) -> 3000000 | I39: 360 | K39: 0.8 | L39: 0.95 | M39: HL
A40: HL Everyday Fixed 5 Year (Sal Cred) | B40: L1_F5_SC | C40: =VLOOKUP($B40,ProductDLA,C$27,FALSE) -> 750000 | D40: =VLOOKUP($B40,ProductDLA,D$27,FALSE) -> 1000000 | E40: =VLOOKUP($B40,ProductDLA,E$27,FALSE) -> 1500000 | F40: =VLOOKUP($B40,ProductDLA,F$27,FALSE) -> 2000000 | G40: =VLOOKUP($B40,ProductDLA,G$27,FALSE) -> 2500000 | H40: =VLOOKUP($B40,ProductDLA,H$27,FALSE) -> 3000000 | I40: 360 | K40: 0.8 | L40: 0.95 | M40: HL
A41: HL Everyday Roll Rate (Sal Cred) | B41: L1_Roll_SC | C41: =VLOOKUP($B41,ProductDLA,C$27,FALSE) -> 750000 | D41: =VLOOKUP($B41,ProductDLA,D$27,FALSE) -> 1000000 | E41: =VLOOKUP($B41,ProductDLA,E$27,FALSE) -> 1500000 | F41: =VLOOKUP($B41,ProductDLA,F$27,FALSE) -> 2000000 | G41: =VLOOKUP($B41,ProductDLA,G$27,FALSE) -> 2500000 | H41: =VLOOKUP($B41,ProductDLA,H$27,FALSE) -> 3000000 | I41: 360 | K41: 0.8 | L41: 0.95 | M41: HL
A42: INV Everyday 80 (Sal Cred) | B42: L1_INV80_SC | C42: =VLOOKUP($B42,ProductDLA,C$27,FALSE) -> 750000 | D42: =VLOOKUP($B42,ProductDLA,D$27,FALSE) -> 1000000 | E42: =VLOOKUP($B42,ProductDLA,E$27,FALSE) -> 1500000 | F42: =VLOOKUP($B42,ProductDLA,F$27,FALSE) -> 2000000 | G42: =VLOOKUP($B42,ProductDLA,G$27,FALSE) -> 2500000 | H42: =VLOOKUP($B42,ProductDLA,H$27,FALSE) -> 3000000 | I42: 360 | K42: 0.8 | M42: HL
A43: INV Everyday 90 (Sal Cred) | B43: L1_INV90_SC | C43: =VLOOKUP($B43,ProductDLA,C$27,FALSE) -> 750000 | D43: =VLOOKUP($B43,ProductDLA,D$27,FALSE) -> 1000000 | E43: =VLOOKUP($B43,ProductDLA,E$27,FALSE) -> 1500000 | F43: =VLOOKUP($B43,ProductDLA,F$27,FALSE) -> 2000000 | G43: =VLOOKUP($B43,ProductDLA,G$27,FALSE) -> 2500000 | H43: =VLOOKUP($B43,ProductDLA,H$27,FALSE) -> 3000000 | I43: 360 | K43: 0.8 | L43: 0.9 | M43: HL
A44: INV Everyday 80 IO (Sal Cred) | B44: L1_INV80_IO_SC | C44: =VLOOKUP($B44,ProductDLA,C$27,FALSE) -> 750000 | D44: =VLOOKUP($B44,ProductDLA,D$27,FALSE) -> 1000000 | E44: =VLOOKUP($B44,ProductDLA,E$27,FALSE) -> 1500000 | F44: =VLOOKUP($B44,ProductDLA,F$27,FALSE) -> 2000000 | G44: =VLOOKUP($B44,ProductDLA,G$27,FALSE) -> 2500000 | H44: =VLOOKUP($B44,ProductDLA,H$27,FALSE) -> 3000000 | I44: 360 | K44: 0.8 | M44: HL
A45: INV Everyday 90 IO (Sal Cred) | B45: L1_INV90_IO_SC | C45: =VLOOKUP($B45,ProductDLA,C$27,FALSE) -> 750000 | D45: =VLOOKUP($B45,ProductDLA,D$27,FALSE) -> 1000000 | E45: =VLOOKUP($B45,ProductDLA,E$27,FALSE) -> 1500000 | F45: =VLOOKUP($B45,ProductDLA,F$27,FALSE) -> 2000000 | G45: =VLOOKUP($B45,ProductDLA,G$27,FALSE) -> 2500000 | H45: =VLOOKUP($B45,ProductDLA,H$27,FALSE) -> 3000000 | I45: 360 | K45: 0.8 | L45: 0.9 | M45: HL
A46: INV Everyday Fixed 1 Year (Sal Cred) | B46: L1_INVF1_SC | C46: =VLOOKUP($B46,ProductDLA,C$27,FALSE) -> 750000 | D46: =VLOOKUP($B46,ProductDLA,D$27,FALSE) -> 1000000 | E46: =VLOOKUP($B46,ProductDLA,E$27,FALSE) -> 1500000 | F46: =VLOOKUP($B46,ProductDLA,F$27,FALSE) -> 2000000 | G46: =VLOOKUP($B46,ProductDLA,G$27,FALSE) -> 2500000 | H46: =VLOOKUP($B46,ProductDLA,H$27,FALSE) -> 3000000 | I46: 360 | K46: 0.8 | L46: 0.9 | M46: HL
A47: INV Everyday Fixed 2 Year (Sal Cred) | B47: L1_INVF2_SC | C47: =VLOOKUP($B47,ProductDLA,C$27,FALSE) -> 750000 | D47: =VLOOKUP($B47,ProductDLA,D$27,FALSE) -> 1000000 | E47: =VLOOKUP($B47,ProductDLA,E$27,FALSE) -> 1500000 | F47: =VLOOKUP($B47,ProductDLA,F$27,FALSE) -> 2000000 | G47: =VLOOKUP($B47,ProductDLA,G$27,FALSE) -> 2500000 | H47: =VLOOKUP($B47,ProductDLA,H$27,FALSE) -> 3000000 | I47: 360 | K47: 0.8 | L47: 0.9 | M47: HL
A48: INV Everyday Fixed 3 Year (Sal Cred) | B48: L1_INVF3_SC | C48: =VLOOKUP($B48,ProductDLA,C$27,FALSE) -> 750000 | D48: =VLOOKUP($B48,ProductDLA,D$27,FALSE) -> 1000000 | E48: =VLOOKUP($B48,ProductDLA,E$27,FALSE) -> 1500000 | F48: =VLOOKUP($B48,ProductDLA,F$27,FALSE) -> 2000000 | G48: =VLOOKUP($B48,ProductDLA,G$27,FALSE) -> 2500000 | H48: =VLOOKUP($B48,ProductDLA,H$27,FALSE) -> 3000000 | I48: 360 | K48: 0.8 | L48: 0.9 | M48: HL
A49: INV Everyday Fixed 5 Year (Sal Cred) | B49: L1_INVF5_SC | C49: =VLOOKUP($B49,ProductDLA,C$27,FALSE) -> 750000 | D49: =VLOOKUP($B49,ProductDLA,D$27,FALSE) -> 1000000 | E49: =VLOOKUP($B49,ProductDLA,E$27,FALSE) -> 1500000 | F49: =VLOOKUP($B49,ProductDLA,F$27,FALSE) -> 2000000 | G49: =VLOOKUP($B49,ProductDLA,G$27,FALSE) -> 2500000 | H49: =VLOOKUP($B49,ProductDLA,H$27,FALSE) -> 3000000 | I49: 360 | K49: 0.8 | L49: 0.9 | M49: HL
A50: INV Everyday Fixed 1 Year IO (Sal Cred) | B50: L1_INVF1_IO_SC | C50: =VLOOKUP($B50,ProductDLA,C$27,FALSE) -> 750000 | D50: =VLOOKUP($B50,ProductDLA,D$27,FALSE) -> 1000000 | E50: =VLOOKUP($B50,ProductDLA,E$27,FALSE) -> 1500000 | F50: =VLOOKUP($B50,ProductDLA,F$27,FALSE) -> 2000000 | G50: =VLOOKUP($B50,ProductDLA,G$27,FALSE) -> 2500000 | H50: =VLOOKUP($B50,ProductDLA,H$27,FALSE) -> 3000000 | I50: 360 | K50: 0.8 | L50: 0.9 | M50: HL
A51: INV Everyday Fixed 2 Year IO (Sal Cred) | B51: L1_INVF2_IO_SC | C51: =VLOOKUP($B51,ProductDLA,C$27,FALSE) -> 750000 | D51: =VLOOKUP($B51,ProductDLA,D$27,FALSE) -> 1000000 | E51: =VLOOKUP($B51,ProductDLA,E$27,FALSE) -> 1500000 | F51: =VLOOKUP($B51,ProductDLA,F$27,FALSE) -> 2000000 | G51: =VLOOKUP($B51,ProductDLA,G$27,FALSE) -> 2500000 | H51: =VLOOKUP($B51,ProductDLA,H$27,FALSE) -> 3000000 | I51: 360 | K51: 0.8 | L51: 0.9 | M51: HL
A52: INV Everyday Fixed 3 Year IO (Sal Cred) | B52: L1_INVF3_IO_SC | C52: =VLOOKUP($B52,ProductDLA,C$27,FALSE) -> 750000 | D52: =VLOOKUP($B52,ProductDLA,D$27,FALSE) -> 1000000 | E52: =VLOOKUP($B52,ProductDLA,E$27,FALSE) -> 1500000 | F52: =VLOOKUP($B52,ProductDLA,F$27,FALSE) -> 2000000 | G52: =VLOOKUP($B52,ProductDLA,G$27,FALSE) -> 2500000 | H52: =VLOOKUP($B52,ProductDLA,H$27,FALSE) -> 3000000 | I52: 360 | K52: 0.8 | L52: 0.9 | M52: HL
A53: INV Everyday Fixed 5 Year IO (Sal Cred) | B53: L1_INVF5_IO_SC | C53: =VLOOKUP($B53,ProductDLA,C$27,FALSE) -> 750000 | D53: =VLOOKUP($B53,ProductDLA,D$27,FALSE) -> 1000000 | E53: =VLOOKUP($B53,ProductDLA,E$27,FALSE) -> 1500000 | F53: =VLOOKUP($B53,ProductDLA,F$27,FALSE) -> 2000000 | G53: =VLOOKUP($B53,ProductDLA,G$27,FALSE) -> 2500000 | H53: =VLOOKUP($B53,ProductDLA,H$27,FALSE) -> 3000000 | I53: 360 | K53: 0.8 | L53: 0.9 | M53: HL
A54: INV Everyday Roll Rate (Sal Cred) | B54: L1_INVRoll_SC | C54: =VLOOKUP($B54,ProductDLA,C$27,FALSE) -> 750000 | D54: =VLOOKUP($B54,ProductDLA,D$27,FALSE) -> 1000000 | E54: =VLOOKUP($B54,ProductDLA,E$27,FALSE) -> 1500000 | F54: =VLOOKUP($B54,ProductDLA,F$27,FALSE) -> 2000000 | G54: =VLOOKUP($B54,ProductDLA,G$27,FALSE) -> 2500000 | H54: =VLOOKUP($B54,ProductDLA,H$27,FALSE) -> 3000000 | I54: 360 | K54: 0.8 | L54: 0.9 | M54: HL
A55: HL Everyday 80 (Non Sal Cred) | B55: L1_80_NSC | C55: =VLOOKUP($B55,ProductDLA,C$27,FALSE) -> 750000 | D55: =VLOOKUP($B55,ProductDLA,D$27,FALSE) -> 1000000 | E55: =VLOOKUP($B55,ProductDLA,E$27,FALSE) -> 1500000 | F55: =VLOOKUP($B55,ProductDLA,F$27,FALSE) -> 2000000 | G55: =VLOOKUP($B55,ProductDLA,G$27,FALSE) -> 2500000 | H55: =VLOOKUP($B55,ProductDLA,H$27,FALSE) -> 3000000 | I55: 360 | K55: 0.8 | M55: HL
A56: HL Everyday 90 (Non Sal Cred) | B56: L1_90_NSC | C56: =VLOOKUP($B56,ProductDLA,C$27,FALSE) -> 750000 | D56: =VLOOKUP($B56,ProductDLA,D$27,FALSE) -> 1000000 | E56: =VLOOKUP($B56,ProductDLA,E$27,FALSE) -> 1500000 | F56: =VLOOKUP($B56,ProductDLA,F$27,FALSE) -> 2000000 | G56: =VLOOKUP($B56,ProductDLA,G$27,FALSE) -> 2500000 | H56: =VLOOKUP($B56,ProductDLA,H$27,FALSE) -> 3000000 | I56: 360 | K56: 0.8 | L56: 0.9 | M56: HL
A57: HL Everyday 95 (Non Sal Cred) | B57: L1_95_NSC | C57: =VLOOKUP($B57,ProductDLA,C$27,FALSE) -> 750000 | D57: =VLOOKUP($B57,ProductDLA,D$27,FALSE) -> 1000000 | E57: =VLOOKUP($B57,ProductDLA,E$27,FALSE) -> 1500000 | F57: =VLOOKUP($B57,ProductDLA,F$27,FALSE) -> 2000000 | G57: =VLOOKUP($B57,ProductDLA,G$27,FALSE) -> 2500000 | H57: =VLOOKUP($B57,ProductDLA,H$27,FALSE) -> 3000000 | I57: 360 | K57: 0.8 | L57: 0.95 | M57: HL
A58: HL Everyday 80 IO (Non Sal Cred) | B58: L1_80_IO_NSC | C58: =VLOOKUP($B58,ProductDLA,C$27,FALSE) -> 750000 | D58: =VLOOKUP($B58,ProductDLA,D$27,FALSE) -> 1000000 | E58: =VLOOKUP($B58,ProductDLA,E$27,FALSE) -> 1500000 | F58: =VLOOKUP($B58,ProductDLA,F$27,FALSE) -> 2000000 | G58: =VLOOKUP($B58,ProductDLA,G$27,FALSE) -> 2500000 | H58: =VLOOKUP($B58,ProductDLA,H$27,FALSE) -> 3000000 | I58: 360 | K58: 0.8 | M58: HL
A59: HL Everyday 90 IO (Non Sal Cred) | B59: L1_90_IO_NSC | C59: =VLOOKUP($B59,ProductDLA,C$27,FALSE) -> 750000 | D59: =VLOOKUP($B59,ProductDLA,D$27,FALSE) -> 1000000 | E59: =VLOOKUP($B59,ProductDLA,E$27,FALSE) -> 1500000 | F59: =VLOOKUP($B59,ProductDLA,F$27,FALSE) -> 2000000 | G59: =VLOOKUP($B59,ProductDLA,G$27,FALSE) -> 2500000 | H59: =VLOOKUP($B59,ProductDLA,H$27,FALSE) -> 3000000 | I59: 360 | K59: 0.8 | L59: 0.9 | M59: HL
A60: HL Everyday 95 IO (Non Sal Cred) | B60: L1_95_IO_NSC | C60: =VLOOKUP($B60,ProductDLA,C$27,FALSE) -> 750000 | D60: =VLOOKUP($B60,ProductDLA,D$27,FALSE) -> 1000000 | E60: =VLOOKUP($B60,ProductDLA,E$27,FALSE) -> 1500000 | F60: =VLOOKUP($B60,ProductDLA,F$27,FALSE) -> 2000000 | G60: =VLOOKUP($B60,ProductDLA,G$27,FALSE) -> 2500000 | H60: =VLOOKUP($B60,ProductDLA,H$27,FALSE) -> 3000000 | I60: 360 | K60: 0.8 | L60: 0.95 | M60: HL
A61: HL Everyday Fixed 1 Year (Non Sal Cred) | B61: L1_F1_NSC | C61: =VLOOKUP($B61,ProductDLA,C$27,FALSE) -> 750000 | D61: =VLOOKUP($B61,ProductDLA,D$27,FALSE) -> 1000000 | E61: =VLOOKUP($B61,ProductDLA,E$27,FALSE) -> 1500000 | F61: =VLOOKUP($B61,ProductDLA,F$27,FALSE) -> 2000000 | G61: =VLOOKUP($B61,ProductDLA,G$27,FALSE) -> 2500000 | H61: =VLOOKUP($B61,ProductDLA,H$27,FALSE) -> 3000000 | I61: 360 | K61: 0.8 | L61: 0.95 | M61: HL
A62: HL Everyday Fixed 2 Year (Non Sal Cred) | B62: L1_F2_NSC | C62: =VLOOKUP($B62,ProductDLA,C$27,FALSE) -> 750000 | D62: =VLOOKUP($B62,ProductDLA,D$27,FALSE) -> 1000000 | E62: =VLOOKUP($B62,ProductDLA,E$27,FALSE) -> 1500000 | F62: =VLOOKUP($B62,ProductDLA,F$27,FALSE) -> 2000000 | G62: =VLOOKUP($B62,ProductDLA,G$27,FALSE) -> 2500000 | H62: =VLOOKUP($B62,ProductDLA,H$27,FALSE) -> 3000000 | I62: 360 | K62: 0.8 | L62: 0.95 | M62: HL
A63: HL Everyday Fixed 3 Year (Non Sal Cred) | B63: L1_F3_NSC | C63: =VLOOKUP($B63,ProductDLA,C$27,FALSE) -> 750000 | D63: =VLOOKUP($B63,ProductDLA,D$27,FALSE) -> 1000000 | E63: =VLOOKUP($B63,ProductDLA,E$27,FALSE) -> 1500000 | F63: =VLOOKUP($B63,ProductDLA,F$27,FALSE) -> 2000000 | G63: =VLOOKUP($B63,ProductDLA,G$27,FALSE) -> 2500000 | H63: =VLOOKUP($B63,ProductDLA,H$27,FALSE) -> 3000000 | I63: 360 | K63: 0.8 | L63: 0.95 | M63: HL
A64: HL Everyday Fixed 5 Year (Non Sal Cred) | B64: L1_F5_NSC | C64: =VLOOKUP($B64,ProductDLA,C$27,FALSE) -> 750000 | D64: =VLOOKUP($B64,ProductDLA,D$27,FALSE) -> 1000000 | E64: =VLOOKUP($B64,ProductDLA,E$27,FALSE) -> 1500000 | F64: =VLOOKUP($B64,ProductDLA,F$27,FALSE) -> 2000000 | G64: =VLOOKUP($B64,ProductDLA,G$27,FALSE) -> 2500000 | H64: =VLOOKUP($B64,ProductDLA,H$27,FALSE) -> 3000000 | I64: 360 | K64: 0.8 | L64: 0.95 | M64: HL
A65: HL Everyday Roll Rate (Non Sal Cred) | B65: L1_Roll_NSC | C65: =VLOOKUP($B65,ProductDLA,C$27,FALSE) -> 750000 | D65: =VLOOKUP($B65,ProductDLA,D$27,FALSE) -> 1000000 | E65: =VLOOKUP($B65,ProductDLA,E$27,FALSE) -> 1500000 | F65: =VLOOKUP($B65,ProductDLA,F$27,FALSE) -> 2000000 | G65: =VLOOKUP($B65,ProductDLA,G$27,FALSE) -> 2500000 | H65: =VLOOKUP($B65,ProductDLA,H$27,FALSE) -> 3000000 | I65: 360 | K65: 0.8 | L65: 0.95 | M65: HL
A66: INV Everyday 80 (Non Sal Cred) | B66: L1_INV80_NSC | C66: =VLOOKUP($B66,ProductDLA,C$27,FALSE) -> 750000 | D66: =VLOOKUP($B66,ProductDLA,D$27,FALSE) -> 1000000 | E66: =VLOOKUP($B66,ProductDLA,E$27,FALSE) -> 1500000 | F66: =VLOOKUP($B66,ProductDLA,F$27,FALSE) -> 2000000 | G66: =VLOOKUP($B66,ProductDLA,G$27,FALSE) -> 2500000 | H66: =VLOOKUP($B66,ProductDLA,H$27,FALSE) -> 3000000 | I66: 360 | K66: 0.8 | M66: HL
A67: INV Everyday 90 (Non Sal Cred) | B67: L1_INV90_NSC | C67: =VLOOKUP($B67,ProductDLA,C$27,FALSE) -> 750000 | D67: =VLOOKUP($B67,ProductDLA,D$27,FALSE) -> 1000000 | E67: =VLOOKUP($B67,ProductDLA,E$27,FALSE) -> 1500000 | F67: =VLOOKUP($B67,ProductDLA,F$27,FALSE) -> 2000000 | G67: =VLOOKUP($B67,ProductDLA,G$27,FALSE) -> 2500000 | H67: =VLOOKUP($B67,ProductDLA,H$27,FALSE) -> 3000000 | I67: 360 | K67: 0.8 | L67: 0.9 | M67: HL
A68: INV Everyday 80 IO (Non Sal Cred) | B68: L1_INV80_IO_NSC | C68: =VLOOKUP($B68,ProductDLA,C$27,FALSE) -> 750000 | D68: =VLOOKUP($B68,ProductDLA,D$27,FALSE) -> 1000000 | E68: =VLOOKUP($B68,ProductDLA,E$27,FALSE) -> 1500000 | F68: =VLOOKUP($B68,ProductDLA,F$27,FALSE) -> 2000000 | G68: =VLOOKUP($B68,ProductDLA,G$27,FALSE) -> 2500000 | H68: =VLOOKUP($B68,ProductDLA,H$27,FALSE) -> 3000000 | I68: 360 | K68: 0.8 | M68: HL
A69: INV Everyday 90 IO (Non Sal Cred) | B69: L1_INV90_IO_NSC | C69: =VLOOKUP($B69,ProductDLA,C$27,FALSE) -> 750000 | D69: =VLOOKUP($B69,ProductDLA,D$27,FALSE) -> 1000000 | E69: =VLOOKUP($B69,ProductDLA,E$27,FALSE) -> 1500000 | F69: =VLOOKUP($B69,ProductDLA,F$27,FALSE) -> 2000000 | G69: =VLOOKUP($B69,ProductDLA,G$27,FALSE) -> 2500000 | H69: =VLOOKUP($B69,ProductDLA,H$27,FALSE) -> 3000000 | I69: 360 | K69: 0.8 | L69: 0.9 | M69: HL
A70: INV Everyday Fixed 1 Year (Non Sal Cred) | B70: L1_INVF1_NSC | C70: =VLOOKUP($B70,ProductDLA,C$27,FALSE) -> 750000 | D70: =VLOOKUP($B70,ProductDLA,D$27,FALSE) -> 1000000 | E70: =VLOOKUP($B70,ProductDLA,E$27,FALSE) -> 1500000 | F70: =VLOOKUP($B70,ProductDLA,F$27,FALSE) -> 2000000 | G70: =VLOOKUP($B70,ProductDLA,G$27,FALSE) -> 2500000 | H70: =VLOOKUP($B70,ProductDLA,H$27,FALSE) -> 3000000 | I70: 360 | K70: 0.8 | L70: 0.9 | M70: HL
A71: INV Everyday Fixed 2 Year (Non Sal Cred) | B71: L1_INVF2_NSC | C71: =VLOOKUP($B71,ProductDLA,C$27,FALSE) -> 750000 | D71: =VLOOKUP($B71,ProductDLA,D$27,FALSE) -> 1000000 | E71: =VLOOKUP($B71,ProductDLA,E$27,FALSE) -> 1500000 | F71: =VLOOKUP($B71,ProductDLA,F$27,FALSE) -> 2000000 | G71: =VLOOKUP($B71,ProductDLA,G$27,FALSE) -> 2500000 | H71: =VLOOKUP($B71,ProductDLA,H$27,FALSE) -> 3000000 | I71: 360 | K71: 0.8 | L71: 0.9 | M71: HL
A72: INV Everyday Fixed 3 Year (Non Sal Cred) | B72: L1_INVF3_NSC | C72: =VLOOKUP($B72,ProductDLA,C$27,FALSE) -> 750000 | D72: =VLOOKUP($B72,ProductDLA,D$27,FALSE) -> 1000000 | E72: =VLOOKUP($B72,ProductDLA,E$27,FALSE) -> 1500000 | F72: =VLOOKUP($B72,ProductDLA,F$27,FALSE) -> 2000000 | G72: =VLOOKUP($B72,ProductDLA,G$27,FALSE) -> 2500000 | H72: =VLOOKUP($B72,ProductDLA,H$27,FALSE) -> 3000000 | I72: 360 | K72: 0.8 | L72: 0.9 | M72: HL
A73: INV Everyday Fixed 5 Year (Non Sal Cred) | B73: L1_INVF5_NSC | C73: =VLOOKUP($B73,ProductDLA,C$27,FALSE) -> 750000 | D73: =VLOOKUP($B73,ProductDLA,D$27,FALSE) -> 1000000 | E73: =VLOOKUP($B73,ProductDLA,E$27,FALSE) -> 1500000 | F73: =VLOOKUP($B73,ProductDLA,F$27,FALSE) -> 2000000 | G73: =VLOOKUP($B73,ProductDLA,G$27,FALSE) -> 2500000 | H73: =VLOOKUP($B73,ProductDLA,H$27,FALSE) -> 3000000 | I73: 360 | K73: 0.8 | L73: 0.9 | M73: HL
A74: INV Everyday Fixed 1 Year IO (Non Sal Cred) | B74: L1_INVF1_IO_NSC | C74: =VLOOKUP($B74,ProductDLA,C$27,FALSE) -> 750000 | D74: =VLOOKUP($B74,ProductDLA,D$27,FALSE) -> 1000000 | E74: =VLOOKUP($B74,ProductDLA,E$27,FALSE) -> 1500000 | F74: =VLOOKUP($B74,ProductDLA,F$27,FALSE) -> 2000000 | G74: =VLOOKUP($B74,ProductDLA,G$27,FALSE) -> 2500000 | H74: =VLOOKUP($B74,ProductDLA,H$27,FALSE) -> 3000000 | I74: 360 | K74: 0.8 | L74: 0.9 | M74: HL
A75: INV Everyday Fixed 2 Year IO (Non Sal Cred) | B75: L1_INVF2_IO_NSC | C75: =VLOOKUP($B75,ProductDLA,C$27,FALSE) -> 750000 | D75: =VLOOKUP($B75,ProductDLA,D$27,FALSE) -> 1000000 | E75: =VLOOKUP($B75,ProductDLA,E$27,FALSE) -> 1500000 | F75: =VLOOKUP($B75,ProductDLA,F$27,FALSE) -> 2000000 | G75: =VLOOKUP($B75,ProductDLA,G$27,FALSE) -> 2500000 | H75: =VLOOKUP($B75,ProductDLA,H$27,FALSE) -> 3000000 | I75: 360 | K75: 0.8 | L75: 0.9 | M75: HL
A76: INV Everyday Fixed 3 Year IO (Non Sal Cred) | B76: L1_INVF3_IO_NSC | C76: =VLOOKUP($B76,ProductDLA,C$27,FALSE) -> 750000 | D76: =VLOOKUP($B76,ProductDLA,D$27,FALSE) -> 1000000 | E76: =VLOOKUP($B76,ProductDLA,E$27,FALSE) -> 1500000 | F76: =VLOOKUP($B76,ProductDLA,F$27,FALSE) -> 2000000 | G76: =VLOOKUP($B76,ProductDLA,G$27,FALSE) -> 2500000 | H76: =VLOOKUP($B76,ProductDLA,H$27,FALSE) -> 3000000 | I76: 360 | K76: 0.8 | L76: 0.9 | M76: HL
A77: INV Everyday Fixed 5 Year IO (Non Sal Cred) | B77: L1_INVF5_IO_NSC | C77: =VLOOKUP($B77,ProductDLA,C$27,FALSE) -> 750000 | D77: =VLOOKUP($B77,ProductDLA,D$27,FALSE) -> 1000000 | E77: =VLOOKUP($B77,ProductDLA,E$27,FALSE) -> 1500000 | F77: =VLOOKUP($B77,ProductDLA,F$27,FALSE) -> 2000000 | G77: =VLOOKUP($B77,ProductDLA,G$27,FALSE) -> 2500000 | H77: =VLOOKUP($B77,ProductDLA,H$27,FALSE) -> 3000000 | I77: 360 | K77: 0.8 | L77: 0.9 | M77: HL
A78: INV Roll Rate (Non Sal cred) | B78: L1_INVRoll_NSC | C78: =VLOOKUP($B78,ProductDLA,C$27,FALSE) -> 750000 | D78: =VLOOKUP($B78,ProductDLA,D$27,FALSE) -> 1000000 | E78: =VLOOKUP($B78,ProductDLA,E$27,FALSE) -> 1500000 | F78: =VLOOKUP($B78,ProductDLA,F$27,FALSE) -> 2000000 | G78: =VLOOKUP($B78,ProductDLA,G$27,FALSE) -> 2500000 | H78: =VLOOKUP($B78,ProductDLA,H$27,FALSE) -> 3000000 | I78: 360 | K78: 0.8 | L78: 0.9 | M78: HL
A79: HL Offset 80 | B79: L2_OFF_80 | C79: =VLOOKUP($B79,ProductDLA,C$27,FALSE) -> 750000 | D79: =VLOOKUP($B79,ProductDLA,D$27,FALSE) -> 1000000 | E79: =VLOOKUP($B79,ProductDLA,E$27,FALSE) -> 1500000 | F79: =VLOOKUP($B79,ProductDLA,F$27,FALSE) -> 2000000 | G79: =VLOOKUP($B79,ProductDLA,G$27,FALSE) -> 2500000 | H79: =VLOOKUP($B79,ProductDLA,H$27,FALSE) -> 3000000 | I79: 360 | K79: 0.8 | M79: HL
A80: HL Offset 90 | B80: L2_OFF_90 | C80: =VLOOKUP($B80,ProductDLA,C$27,FALSE) -> 750000 | D80: =VLOOKUP($B80,ProductDLA,D$27,FALSE) -> 1000000 | E80: =VLOOKUP($B80,ProductDLA,E$27,FALSE) -> 1500000 | F80: =VLOOKUP($B80,ProductDLA,F$27,FALSE) -> 2000000 | G80: =VLOOKUP($B80,ProductDLA,G$27,FALSE) -> 2500000 | H80: =VLOOKUP($B80,ProductDLA,H$27,FALSE) -> 3000000 | I80: 360 | K80: 0.8 | L80: 0.9 | M80: HL
A81: HL Offset 95 | B81: L2_OFF_95 | C81: =VLOOKUP($B81,ProductDLA,C$27,FALSE) -> 750000 | D81: =VLOOKUP($B81,ProductDLA,D$27,FALSE) -> 1000000 | E81: =VLOOKUP($B81,ProductDLA,E$27,FALSE) -> 1500000 | F81: =VLOOKUP($B81,ProductDLA,F$27,FALSE) -> 2000000 | G81: =VLOOKUP($B81,ProductDLA,G$27,FALSE) -> 2500000 | H81: =VLOOKUP($B81,ProductDLA,H$27,FALSE) -> 3000000 | I81: 360 | K81: 0.8 | L81: 0.95 | M81: HL
A82: HL Offset IO 80 | B82: L2_OFF_IO_80 | C82: =VLOOKUP($B82,ProductDLA,C$27,FALSE) -> 750000 | D82: =VLOOKUP($B82,ProductDLA,D$27,FALSE) -> 1000000 | E82: =VLOOKUP($B82,ProductDLA,E$27,FALSE) -> 1500000 | F82: =VLOOKUP($B82,ProductDLA,F$27,FALSE) -> 2000000 | G82: =VLOOKUP($B82,ProductDLA,G$27,FALSE) -> 2500000 | H82: =VLOOKUP($B82,ProductDLA,H$27,FALSE) -> 3000000 | I82: 360 | K82: 0.8 | M82: HL
A83: HL Offset IO 90 | B83: L2_OFF_IO_90 | C83: =VLOOKUP($B83,ProductDLA,C$27,FALSE) -> 750000 | D83: =VLOOKUP($B83,ProductDLA,D$27,FALSE) -> 1000000 | E83: =VLOOKUP($B83,ProductDLA,E$27,FALSE) -> 1500000 | F83: =VLOOKUP($B83,ProductDLA,F$27,FALSE) -> 2000000 | G83: =VLOOKUP($B83,ProductDLA,G$27,FALSE) -> 2500000 | H83: =VLOOKUP($B83,ProductDLA,H$27,FALSE) -> 3000000 | I83: 360 | K83: 0.8 | L83: 0.9 | M83: HL
A84: HL Offset IO 95 | B84: L2_OFF_IO_95 | C84: =VLOOKUP($B84,ProductDLA,C$27,FALSE) -> 750000 | D84: =VLOOKUP($B84,ProductDLA,D$27,FALSE) -> 1000000 | E84: =VLOOKUP($B84,ProductDLA,E$27,FALSE) -> 1500000 | F84: =VLOOKUP($B84,ProductDLA,F$27,FALSE) -> 2000000 | G84: =VLOOKUP($B84,ProductDLA,G$27,FALSE) -> 2500000 | H84: =VLOOKUP($B84,ProductDLA,H$27,FALSE) -> 3000000 | I84: 360 | K84: 0.8 | L84: 0.95 | M84: HL
A85: HL Offset Fixed 1 Year | B85: L2_OFF_ F1 | C85: =VLOOKUP($B85,ProductDLA,C$27,FALSE) -> 750000 | D85: =VLOOKUP($B85,ProductDLA,D$27,FALSE) -> 1000000 | E85: =VLOOKUP($B85,ProductDLA,E$27,FALSE) -> 1500000 | F85: =VLOOKUP($B85,ProductDLA,F$27,FALSE) -> 2000000 | G85: =VLOOKUP($B85,ProductDLA,G$27,FALSE) -> 2500000 | H85: =VLOOKUP($B85,ProductDLA,H$27,FALSE) -> 3000000 | I85: 360 | K85: 0.8 | L85: 0.95 | M85: HL
A86: HL Offset Fixed 1 Year IO | B86: L2_OFF_F1_IO | C86: =VLOOKUP($B86,ProductDLA,C$27,FALSE) -> 750000 | D86: =VLOOKUP($B86,ProductDLA,D$27,FALSE) -> 1000000 | E86: =VLOOKUP($B86,ProductDLA,E$27,FALSE) -> 1500000 | F86: =VLOOKUP($B86,ProductDLA,F$27,FALSE) -> 2000000 | G86: =VLOOKUP($B86,ProductDLA,G$27,FALSE) -> 2500000 | H86: =VLOOKUP($B86,ProductDLA,H$27,FALSE) -> 3000000 | I86: 360 | K86: 0.8 | L86: 0.95 | M86: HL
A87: HL Offset Fixed 2 Year | B87: L2_OFF_F2 | C87: =VLOOKUP($B87,ProductDLA,C$27,FALSE) -> 750000 | D87: =VLOOKUP($B87,ProductDLA,D$27,FALSE) -> 1000000 | E87: =VLOOKUP($B87,ProductDLA,E$27,FALSE) -> 1500000 | F87: =VLOOKUP($B87,ProductDLA,F$27,FALSE) -> 2000000 | G87: =VLOOKUP($B87,ProductDLA,G$27,FALSE) -> 2500000 | H87: =VLOOKUP($B87,ProductDLA,H$27,FALSE) -> 3000000 | I87: 360 | K87: 0.8 | L87: 0.95 | M87: HL
A88: HL Offset Fixed 3 Year | B88: L2_OFF_F3 | C88: =VLOOKUP($B88,ProductDLA,C$27,FALSE) -> 750000 | D88: =VLOOKUP($B88,ProductDLA,D$27,FALSE) -> 1000000 | E88: =VLOOKUP($B88,ProductDLA,E$27,FALSE) -> 1500000 | F88: =VLOOKUP($B88,ProductDLA,F$27,FALSE) -> 2000000 | G88: =VLOOKUP($B88,ProductDLA,G$27,FALSE) -> 2500000 | H88: =VLOOKUP($B88,ProductDLA,H$27,FALSE) -> 3000000 | I88: 360 | K88: 0.8 | L88: 0.95 | M88: HL
A89: HL Offset Fixed 5 Year | B89: L2_OFF_F5 | C89: =VLOOKUP($B89,ProductDLA,C$27,FALSE) -> 750000 | D89: =VLOOKUP($B89,ProductDLA,D$27,FALSE) -> 1000000 | E89: =VLOOKUP($B89,ProductDLA,E$27,FALSE) -> 1500000 | F89: =VLOOKUP($B89,ProductDLA,F$27,FALSE) -> 2000000 | G89: =VLOOKUP($B89,ProductDLA,G$27,FALSE) -> 2500000 | H89: =VLOOKUP($B89,ProductDLA,H$27,FALSE) -> 3000000 | I89: 360 | K89: 0.8 | L89: 0.95 | M89: HL
A90: HL Offset Roll Rate | B90: L2_OFF_Roll | C90: =VLOOKUP($B90,ProductDLA,C$27,FALSE) -> 750000 | D90: =VLOOKUP($B90,ProductDLA,D$27,FALSE) -> 1000000 | E90: =VLOOKUP($B90,ProductDLA,E$27,FALSE) -> 1500000 | F90: =VLOOKUP($B90,ProductDLA,F$27,FALSE) -> 2000000 | G90: =VLOOKUP($B90,ProductDLA,G$27,FALSE) -> 2500000 | H90: =VLOOKUP($B90,ProductDLA,H$27,FALSE) -> 3000000 | I90: 360 | K90: 0.8 | L90: 0.95 | M90: HL
A91: INV Offset 80 | B91: L2_OFF_INV80 | C91: =VLOOKUP($B91,ProductDLA,C$27,FALSE) -> 750000 | D91: =VLOOKUP($B91,ProductDLA,D$27,FALSE) -> 1000000 | E91: =VLOOKUP($B91,ProductDLA,E$27,FALSE) -> 1500000 | F91: =VLOOKUP($B91,ProductDLA,F$27,FALSE) -> 2000000 | G91: =VLOOKUP($B91,ProductDLA,G$27,FALSE) -> 2500000 | H91: =VLOOKUP($B91,ProductDLA,H$27,FALSE) -> 3000000 | I91: 360 | K91: 0.8 | M91: HL
A92: INV Offset 90 | B92: L2_OFF_INV90 | C92: =VLOOKUP($B92,ProductDLA,C$27,FALSE) -> 750000 | D92: =VLOOKUP($B92,ProductDLA,D$27,FALSE) -> 1000000 | E92: =VLOOKUP($B92,ProductDLA,E$27,FALSE) -> 1500000 | F92: =VLOOKUP($B92,ProductDLA,F$27,FALSE) -> 2000000 | G92: =VLOOKUP($B92,ProductDLA,G$27,FALSE) -> 2500000 | H92: =VLOOKUP($B92,ProductDLA,H$27,FALSE) -> 3000000 | I92: 360 | K92: 0.8 | L92: 0.9 | M92: HL
A93: INV Offset 80 IO | B93: L2_OFF_INV80_IO | C93: =VLOOKUP($B93,ProductDLA,C$27,FALSE) -> 750000 | D93: =VLOOKUP($B93,ProductDLA,D$27,FALSE) -> 1000000 | E93: =VLOOKUP($B93,ProductDLA,E$27,FALSE) -> 1500000 | F93: =VLOOKUP($B93,ProductDLA,F$27,FALSE) -> 2000000 | G93: =VLOOKUP($B93,ProductDLA,G$27,FALSE) -> 2500000 | H93: =VLOOKUP($B93,ProductDLA,H$27,FALSE) -> 3000000 | I93: 360 | K93: 0.8 | M93: HL
A94: INV Offset 90 IO | B94: L2_OFF_INV90_IO | C94: =VLOOKUP($B94,ProductDLA,C$27,FALSE) -> 750000 | D94: =VLOOKUP($B94,ProductDLA,D$27,FALSE) -> 1000000 | E94: =VLOOKUP($B94,ProductDLA,E$27,FALSE) -> 1500000 | F94: =VLOOKUP($B94,ProductDLA,F$27,FALSE) -> 2000000 | G94: =VLOOKUP($B94,ProductDLA,G$27,FALSE) -> 2500000 | H94: =VLOOKUP($B94,ProductDLA,H$27,FALSE) -> 3000000 | I94: 360 | K94: 0.8 | L94: 0.9 | M94: HL
A95: INV Offset Fixed 1 Year | B95: L2_OFF_INVFI | C95: =VLOOKUP($B95,ProductDLA,C$27,FALSE) -> 750000 | D95: =VLOOKUP($B95,ProductDLA,D$27,FALSE) -> 1000000 | E95: =VLOOKUP($B95,ProductDLA,E$27,FALSE) -> 1500000 | F95: =VLOOKUP($B95,ProductDLA,F$27,FALSE) -> 2000000 | G95: =VLOOKUP($B95,ProductDLA,G$27,FALSE) -> 2500000 | H95: =VLOOKUP($B95,ProductDLA,H$27,FALSE) -> 3000000 | I95: 360 | K95: 0.8 | L95: 0.9 | M95: HL
A96: INV Offset Fixed 2 Year | B96: L2_OFF_INVF2 | C96: =VLOOKUP($B96,ProductDLA,C$27,FALSE) -> 750000 | D96: =VLOOKUP($B96,ProductDLA,D$27,FALSE) -> 1000000 | E96: =VLOOKUP($B96,ProductDLA,E$27,FALSE) -> 1500000 | F96: =VLOOKUP($B96,ProductDLA,F$27,FALSE) -> 2000000 | G96: =VLOOKUP($B96,ProductDLA,G$27,FALSE) -> 2500000 | H96: =VLOOKUP($B96,ProductDLA,H$27,FALSE) -> 3000000 | I96: 360 | K96: 0.8 | L96: 0.9 | M96: HL
A97: INV Offset Fixed 3 Year | B97: L2_OFF_INVF3 | C97: =VLOOKUP($B97,ProductDLA,C$27,FALSE) -> 750000 | D97: =VLOOKUP($B97,ProductDLA,D$27,FALSE) -> 1000000 | E97: =VLOOKUP($B97,ProductDLA,E$27,FALSE) -> 1500000 | F97: =VLOOKUP($B97,ProductDLA,F$27,FALSE) -> 2000000 | G97: =VLOOKUP($B97,ProductDLA,G$27,FALSE) -> 2500000 | H97: =VLOOKUP($B97,ProductDLA,H$27,FALSE) -> 3000000 | I97: 360 | K97: 0.8 | L97: 0.9 | M97: HL
A98: INV Offset Fixed 5 Year | B98: L2_OFF_INVF5 | C98: =VLOOKUP($B98,ProductDLA,C$27,FALSE) -> 750000 | D98: =VLOOKUP($B98,ProductDLA,D$27,FALSE) -> 1000000 | E98: =VLOOKUP($B98,ProductDLA,E$27,FALSE) -> 1500000 | F98: =VLOOKUP($B98,ProductDLA,F$27,FALSE) -> 2000000 | G98: =VLOOKUP($B98,ProductDLA,G$27,FALSE) -> 2500000 | H98: =VLOOKUP($B98,ProductDLA,H$27,FALSE) -> 3000000 | I98: 360 | K98: 0.8 | L98: 0.9 | M98: HL
A99: INV Offset Fixed 1 Year IO | B99: L2_OFF_INVF1_IO | C99: =VLOOKUP($B99,ProductDLA,C$27,FALSE) -> 750000 | D99: =VLOOKUP($B99,ProductDLA,D$27,FALSE) -> 1000000 | E99: =VLOOKUP($B99,ProductDLA,E$27,FALSE) -> 1500000 | F99: =VLOOKUP($B99,ProductDLA,F$27,FALSE) -> 2000000 | G99: =VLOOKUP($B99,ProductDLA,G$27,FALSE) -> 2500000 | H99: =VLOOKUP($B99,ProductDLA,H$27,FALSE) -> 3000000 | I99: 360 | K99: 0.8 | L99: 0.9 | M99: HL
A100: INV Offset Fixed 2 Year IO | B100: L2_OFF_INVF2_IO | C100: =VLOOKUP($B100,ProductDLA,C$27,FALSE) -> 750000 | D100: =VLOOKUP($B100,ProductDLA,D$27,FALSE) -> 1000000 | E100: =VLOOKUP($B100,ProductDLA,E$27,FALSE) -> 1500000 | F100: =VLOOKUP($B100,ProductDLA,F$27,FALSE) -> 2000000 | G100: =VLOOKUP($B100,ProductDLA,G$27,FALSE) -> 2500000 | H100: =VLOOKUP($B100,ProductDLA,H$27,FALSE) -> 3000000 | I100: 360 | K100: 0.8 | L100: 0.9 | M100: HL
A101: INV Offset Fixed 3 Year IO | B101: L2_OFF_INVF3_IO | C101: =VLOOKUP($B101,ProductDLA,C$27,FALSE) -> 750000 | D101: =VLOOKUP($B101,ProductDLA,D$27,FALSE) -> 1000000 | E101: =VLOOKUP($B101,ProductDLA,E$27,FALSE) -> 1500000 | F101: =VLOOKUP($B101,ProductDLA,F$27,FALSE) -> 2000000 | G101: =VLOOKUP($B101,ProductDLA,G$27,FALSE) -> 2500000 | H101: =VLOOKUP($B101,ProductDLA,H$27,FALSE) -> 3000000 | I101: 360 | K101: 0.8 | L101: 0.9 | M101: HL
A102: INV Offset Fixed 5 Year IO | B102: L2_OFF_INVF5_IO | C102: =VLOOKUP($B102,ProductDLA,C$27,FALSE) -> 750000 | D102: =VLOOKUP($B102,ProductDLA,D$27,FALSE) -> 1000000 | E102: =VLOOKUP($B102,ProductDLA,E$27,FALSE) -> 1500000 | F102: =VLOOKUP($B102,ProductDLA,F$27,FALSE) -> 2000000 | G102: =VLOOKUP($B102,ProductDLA,G$27,FALSE) -> 2500000 | H102: =VLOOKUP($B102,ProductDLA,H$27,FALSE) -> 3000000 | I102: 360 | K102: 0.8 | L102: 0.9 | M102: HL
A103: INV Offset Roll Rate | B103: L2_OFF_INVRoll | C103: =VLOOKUP($B103,ProductDLA,C$27,FALSE) -> 750000 | D103: =VLOOKUP($B103,ProductDLA,D$27,FALSE) -> 1000000 | E103: =VLOOKUP($B103,ProductDLA,E$27,FALSE) -> 1500000 | F103: =VLOOKUP($B103,ProductDLA,F$27,FALSE) -> 2000000 | G103: =VLOOKUP($B103,ProductDLA,G$27,FALSE) -> 2500000 | H103: =VLOOKUP($B103,ProductDLA,H$27,FALSE) -> 3000000 | I103: 360 | K103: 0.8 | L103: 0.9 | M103: HL
A104: HL S/Fwd Plus 90-95 | B104: L52 | C104: =VLOOKUP($B104,ProductDLA,C$27,FALSE) -> 750000 | D104: =VLOOKUP($B104,ProductDLA,D$27,FALSE) -> 1000000 | E104: =VLOOKUP($B104,ProductDLA,E$27,FALSE) -> 1500000 | F104: =VLOOKUP($B104,ProductDLA,F$27,FALSE) -> 2000000 | G104: =VLOOKUP($B104,ProductDLA,G$27,FALSE) -> 2500000 | H104: =VLOOKUP($B104,ProductDLA,H$27,FALSE) -> 3000000 | I104: =VLOOKUP($B104,ProductDLA,I$27,FALSE) -> 360 | J104: =VLOOKUP($B104,ProductDLA,J$27,FALSE) -> 0 | K104: =VLOOKUP($B104,ProductDLA,K$27,FALSE) -> 0.8 | L104: 0.95 | M104: HL
A105: HL S/Fwd Plus 80-90 | B105: L52 | C105: =VLOOKUP($B105,ProductDLA,C$27,FALSE) -> 750000 | D105: =VLOOKUP($B105,ProductDLA,D$27,FALSE) -> 1000000 | E105: =VLOOKUP($B105,ProductDLA,E$27,FALSE) -> 1500000 | F105: =VLOOKUP($B105,ProductDLA,F$27,FALSE) -> 2000000 | G105: =VLOOKUP($B105,ProductDLA,G$27,FALSE) -> 2500000 | H105: =VLOOKUP($B105,ProductDLA,H$27,FALSE) -> 3000000 | I105: =VLOOKUP($B105,ProductDLA,I$27,FALSE) -> 360 | J105: =VLOOKUP($B105,ProductDLA,J$27,FALSE) -> 0 | K105: =VLOOKUP($B105,ProductDLA,K$27,FALSE) -> 0.8 | L105: 0.9 | M105: HL
A106: HL S/Fwd Plus | B106: L52 | C106: =VLOOKUP($B106,ProductDLA,C$27,FALSE) -> 750000 | D106: =VLOOKUP($B106,ProductDLA,D$27,FALSE) -> 1000000 | E106: =VLOOKUP($B106,ProductDLA,E$27,FALSE) -> 1500000 | F106: =VLOOKUP($B106,ProductDLA,F$27,FALSE) -> 2000000 | G106: =VLOOKUP($B106,ProductDLA,G$27,FALSE) -> 2500000 | H106: =VLOOKUP($B106,ProductDLA,H$27,FALSE) -> 3000000 | I106: =VLOOKUP($B106,ProductDLA,I$27,FALSE) -> 360 | J106: =VLOOKUP($B106,ProductDLA,J$27,FALSE) -> 0 | K106: =VLOOKUP($B106,ProductDLA,K$27,FALSE) -> 0.8 | L106: 0.8 | M106: HL
A107: HL Std Var | B107: L20 | C107: =VLOOKUP($B107,ProductDLA,C$27,FALSE) -> 750000 | D107: =VLOOKUP($B107,ProductDLA,D$27,FALSE) -> 1000000 | E107: =VLOOKUP($B107,ProductDLA,E$27,FALSE) -> 1500000 | F107: =VLOOKUP($B107,ProductDLA,F$27,FALSE) -> 2000000 | G107: =VLOOKUP($B107,ProductDLA,G$27,FALSE) -> 2500000 | H107: =VLOOKUP($B107,ProductDLA,H$27,FALSE) -> 3000000 | I107: =VLOOKUP($B107,ProductDLA,I$27,FALSE) -> 360 | J107: =VLOOKUP($B107,ProductDLA,J$27,FALSE) -> 0 | K107: =VLOOKUP($B107,ProductDLA,K$27,FALSE) -> 0.8 | L107: 0.95 | M107: HL
...

Sheet Worksheet
B1: MOVE Bank Loan Worksheet | G1: Version 1 -November 24 | L1: =+NOW() -> 46266.373
B3: Applicant 1 | F3: Age | H3: Applicant 2 | L3: Age
B6: Taxable Income | I6: Non Taxed Income | M6: App | O6: Salary | P6: Gross | Q6: Disc | R6: Wages YTD | Y6: App 1 | Z6: App 2
B7: Income | C7: Discount | D7: Employer | F7: Gross | G7: Period | N7: =+IF(I7="Salary Packaging",1,0)+IF(I7="Car Allowance",1,0) -> 0 | O7: App 1 | P7: =+SUM(X8:X13)+SUMIF(M7:M9,"App 1",V7:V9)+SUMIF(M12:M13,"App 1",V12:V13) -> 0 | Q7: =+SUM(T8:T13)/12+SUMIF(M7:M9,"App 1",V7:V9)+SUMIF(M12:M13,"App 1",V12:V13)*I14 -> 0 | R7: =+SUM(X8:X13)/30.3*Q14+(Y7*N7)/30.3*Q14+(Y8*N8)/30.3*Q14+(Y9*N9)/30.3*Q14 -> 0 | V7: =+IF(K7="",L7*0,IF(K7="A",L7/12,IF(K7="M",L7,IF(K7="b",L7*24/12,IF(K7="F",L7*26/12,IF(K7="W",L7*52/12))))))*W7 -> 0 | W7: =+IF(L7>0,IF(K7="","error",1)) -> FALSE | Y7: =+SUMIF(M7,"App 1",V7) -> 0 | Z7: =+SUMIF(M7,"App 2",V7) -> 0
B8: Applicant 1 | N8: =+IF(I8="Salary Packaging",1,0)+IF(I8="Car Allowance",1,0) -> 0 | O8: App 2 | P8: =+SUM(X14:X19)+SUMIF(M7:M9,"App 2",V7:V9)+SUMIF(M12:M13,"App 2",V12:V13) -> 0 | Q8: =+SUM(T14:T19)/12+SUMIF(M7:M9,"App 2",V7:V9)+SUMIF(M12:M13,"App 2",V12:V13)*0.8 -> 0 | R8: =+SUM(X14:X19)/30.3*Q18+(Z7*N7)/30.3*Q18+(Z8*N8)/30.3*Q18+(Z9*N9)/30.3*Q18 -> 0 | T8: =+IF(G8="",F8*0,IF(G8="A",F8,IF(G8="M",F8*12,IF(G8="B",F8*24,IF(G8="F",F8*26,IF(G8="W",F8*52))))))*U8 -> 0 | U8: =+IF(F8>0,IF(G8="","error",1)) -> FALSE | V8: =+IF(K8="",L8*0,IF(K8="A",L8/12,IF(K8="M",L8,IF(K8="b",L8*24/12,IF(K8="F",L8*26/12,IF(K8="W",L8*52/12))))))*W8 -> 0 | W8: =+IF(L8>0,IF(K8="","error",1)) -> FALSE | X8: =+T8/12 -> 0 | Y8: =+SUMIF(M8,"App 1",V8) -> 0 | Z8: =+SUMIF(M8,"App 2",V8) -> 0
B9: Overtime/penalties | C9: 0.8 | N9: =+IF(I9="Salary Packaging",1,0)+IF(I9="Car Allowance",1,0) -> 0 | O9: Total | P9: =SUM(P7:P8) -> 0 | Q9: =SUM(Q7:Q8) -> 0 | T9: =+IF(G9="",0*F9,IF(G9="A",F9*C9,IF(G9="M",F9*12*C9,IF(G9="B",F9*24*C9,IF(G9="F",F9*26*C9,IF(G9="W",F9*52*C9))))))*U9 -> 0 | U9: =+IF(F9>0,IF(G9="","error",1)) -> FALSE | V9: =+IF(K9="",L9*0,IF(K9="A",L9/12,IF(K9="M",L9,IF(K9="b",L9*24/12,IF(K9="F",L9*26/12,IF(K9="W",L9*52/12))))))*W9 -> 0 | W9: =+IF(L9>0,IF(K9="","error",1)) -> FALSE | X9: =+(T9/C9*100%)/12 -> 0 | Y9: =+SUMIF(M9,"App 1",V9) -> 0 | Z9: =+SUMIF(M9,"App 2",V9) -> 0
B10: Second Job | C10: 1 | I10: Rental Income | O10: Check | P10: =+C50/12 -> 0 | Q10: =+C48 -> 0 | T10: =+IF(G10="",0*F10,IF(G10="A",F10*C10,IF(G10="M",F10*12*C10,IF(G10="B",F10*24*C10,IF(G10="F",F10*26*C10,IF(G10="W",F10*52*C10))))))*U10 -> 0 | U10: =+IF(F10>0,IF(G10="","error",1)) -> FALSE | X10: =+(T10/C10*100%)/12 -> 0
B11: Commission | C11: 0.8 | I11: Property | J11: Rent $ | K11: Period | L11: Suburb | M11: App | T11: =+IF(G11="",0*F11,IF(G11="A",F11*C11,IF(G11="M",F11*12*C11,IF(G11="B",F11*24*C11,IF(G11="F",F11*26*C11,IF(G11="W",F11*52*C11))))))*U11 -> 0 | U11: =+IF(F11>0,IF(G11="","error",1)) -> FALSE | X11: =+(T11/C11*100%)/12 -> 0
B12: Allowances | C12: 1 | I12: Property 1 | O12: App 1 | P12: Date | Q12: Period | T12: =+IF(G12="",0*F12,IF(G12="A",F12*C12,IF(G12="M",F12*12*C12,IF(G12="B",F12*24*C12,IF(G12="F",F12*26*C12,IF(G12="W",F12*52*C12))))))*U12 -> 0 | U12: =+IF(F12>0,IF(G12="","error",1)) -> FALSE | V12: =+IF(K12="",0*J12,IF(K12="A",J12/12,IF(K12="M",J12,IF(K12="B",J12*24/12,IF(K12="F",J12*26/12,IF(K12="W",J12*52/12))))))*W12 -> 0 | W12: =+IF(J12>0,IF(K12="","error",1)) -> FALSE | X12: =+(T12/C12*100%)/12 -> 0 | Y12: =+SUMIF(M12,"App 1",V12) -> 0 | Z12: =+SUMIF(M12,"App 2",V12) -> 0
B13: Bonus | C13: 0.5 | I13: Property 2 | O13: Pay Period Ending | Q13: =+G8 -> 0 | T13: =+IF(G13="",0*F13,IF(G13="A",F13*C13,IF(G13="M",F13*12*C13,IF(G13="B",F13*24*C13,IF(G13="F",F13*26*C13,IF(G13="W",F13*52*C13))))))*U13 -> 0 | U13: =+IF(F13>0,IF(G13="","error",1)) -> FALSE | V13: =+IF(K13="",0*J13,IF(K13="A",J13/12,IF(K13="M",J13,IF(K13="B",J13*24/12,IF(K13="F",J13*26/12,IF(K13="W",J13*52/12))))))*W13 -> 0 | W13: =+IF(J13>0,IF(K13="","error",1)) -> FALSE | X13: =+(T13/C13*100%)/12 -> 0 | Y13: =+SUMIF(M13,"App 1",V13) -> 0 | Z13: =+SUMIF(M13,"App 2",V13) -> 0
B14: Applicant 2 | I14: 0.8 | J14: Gross per month | L14: =V14 -> 0 | O14: Prior Year End | P14: 45473 | Q14: =(P13-P14) -> -45473 | T14: =+IF(G14="",+F9*0,IF(G14="A",F14,IF(G14="M",F14*12,IF(G14="B",F14*24,IF(G14="F",F14*26,IF(G14="W",F14*52))))))*U14 -> 0 | U14: =+IF(F14>0,IF(G14="","error",1)) -> FALSE | V14: =SUM(V12:V13) -> 0 | X14: =+T14/12 -> 0
B15: Overtime/penalties | C15: 0.8 | I15: Living Expenses & LMI | O15: Pay Periods | P15: =ROUNDDOWN(+IF(Q13="",0*Q14,IF(Q13="M",Q14/30.3,IF(Q13="B",Q14/15,IF(Q13="F",Q14/14+1,IF(Q13="W",Q14/7))))),0) -> 0 | T15: =+IF(G15="",0*F15,IF(G15="A",F15*C15,IF(G15="M",F15*12*C15,IF(G15="B",F15*24*C15,IF(G15="F",F15*26*C15,IF(G15="W",F15*52*C15))))))*U15 -> 0 | U15: =+IF(F15>0,IF(G15="","error",1)) -> FALSE | X15: =+(T15/C15*100%)/12 -> 0
B16: Second Job | C16: 1 | I16: No. Adults | J16: 2 | L16: Per Month | M16: =+L17+#REF! -> #REF! | O16: App 2 | P16: Date | Q16: Period | T16: =+IF(G16="",0*F16,IF(G16="A",F16*C16,IF(G16="M",F16*12*C16,IF(G16="B",F16*24*C16,IF(G16="F",F16*26*C16,IF(G16="W",F16*52*C16))))))*U16 -> 0 | U16: =+IF(F16>0,IF(G16="","error",1)) -> FALSE | X16: =+(T16/C16*100%)/12 -> 0
B17: Commission | C17: 0.8 | I17: No. Children | J17: 0 | K17: HEM | L17: =+IF(Tables!H284>0,+Tables!H284,"ERROR") -> #REF! | O17: Pay Period Ending | Q17: =+G14 -> 0 | T17: =+IF(G17="",0*F17,IF(G17="A",F17*C17,IF(G17="M",F17*12*C17,IF(G17="B",F17*24*C17,IF(G17="F",F17*26*C17,IF(G17="W",F17*52*C17))))))*U17 -> 0 | U17: =+IF(F17>0,IF(G17="","error",1)) -> FALSE | X17: =+(T17/C17*100%)/12 -> 0
B18: Allowances | C18: 0.8 | I18: Health Ins | J18: No | K18: Declared | L18: =+IF('Living Expenses'!E32=0,"ERROR",'Living Expenses'!E32) -> 1 | O18: Prior Year End | P18: 45473 | Q18: =(P17-P18) -> -45473 | T18: =+IF(G18="",0*F18,IF(G18="A",F18*C18,IF(G18="M",F18*12*C18,IF(G18="B",F18*24*C18,IF(G18="F",F18*26*C18,IF(G18="W",F18*52*C18))))))*U18 -> 0 | U18: =+IF(F18>0,IF(G18="","error",1)) -> FALSE | X18: =+(T18/C18*100%)/12 -> 0
B19: Bonus | C19: 0.5 | I19: LMI | J19: No | K19: Assessed | L19: =+IF('Living Expenses'!I32=0,"ERROR",'Living Expenses'!I32) -> 1 | O19: Pay Periods | P19: =ROUNDDOWN(+IF(Q17="",0*Q18,IF(Q17="M",Q18/30.3,IF(Q17="B",Q18/15,IF(Q17="F",Q18/14+1,IF(Q17="W",Q18/7))))),0) -> 0 | S19: =+CONCATENATE(J20,J16,"+",J17) -> Brisbane2+0 | T19: =+IF(G19="",0*F19,IF(G19="A",F19*C19,IF(G19="M",F19*12*C19,IF(G19="B",F19*24*C19,IF(G19="F",F19*26*C19,IF(G19="W",F19*52*C19))))))*U19 -> 0 | U19: =+IF(F19>0,IF(G19="","error",1)) -> FALSE | X19: =+(T19/C19*100%)/12 -> 0
D20: Rate discount applied | F20: 0 | I20: Location | J20: Brisbane | L20: =IF(L17="ERROR","ERROR",IF(L18="ERROR","ERROR",IF(L19="ERROR","ERROR",+MAX(L17:L19)))) -> #REF!
B22: Commitment Details | T22: =+T8+T9/C9+T10/C10+T11/C11+T12/C12+T13/C13+T14+T15/C15+T16/C16+T17/C17+T18/C18+T19/C19 -> 0 | V22: =(SUM(V7:V19)-V14)*12 -> 0
B23: Lender | C23: Loan Amount or Balance (inc Redraw) | D23: Loan Type or Repay Type | E23: Rate/Limit or Repay | F23: Lender/Agent | G23: Term (in months) | H23: IO Split PO | I23: Repay pm | J23: =+CONCATENATE("Repay pm ",T24) -> #N/A | K23: LVR | L23: Security Value | M23: Add'l Buffer | N23: Notes | O23: Buffer | S23: MOVE | T23: =+IF(J19="Yes",VLOOKUP(D24,NSRRate,5,FALSE),VLOOKUP(D24,NSRRate,4,FALSE)) -> #N/A
A24: =IF(H24="Y","Y","") -> #N/A | B24: Proposed Loan | E24: =+VLOOKUP(D24,Rates,3,FALSE)-F20 -> #N/A | F24: MOVE | G24: 360 | H24: =+VLOOKUP(D24,Tables!A155:F268,6,FALSE) -> #N/A | I24: =+IF(C24=0,0,IF(D24="Flexicredit",C24*0.05,IF(D24="Credit Card",-PMT(E24/12,36,C24,0),-PMT(E24/12,G24,C24,0))))+P24 -> #N/A | J24: =+IF(C24=0,0,IF(D24="Flexicredit",C24*0.05,IF(D24="Credit Card",-PMT(E24/12,36,C24,0),-PMT($T$24/12,G24,C24,0))))+P24 -> #N/A | K24: =+IF(L24=0," ",C24/L24) | M24: =IF(H24="IO",+J24-I24,IF(J19="YES",J24-V24,0)) -> #N/A | O24: =+IF(J24>I24,J24/I24,"") -> #N/A | P24: =+VLOOKUP(D24,Tables!A155:G268,7,FALSE) -> #N/A | S24: =+IF(F24="MOVE",IF(A24="Y",0,C24)) -> #N/A | T24: =+IF($J$19="","ERROR",IF($J$19="Yes",VLOOKUP($D$24,NSRRate,5,FALSE),VLOOKUP($D$24,NSRRate,4,FALSE))) -> #N/A | U24: =+VLOOKUP($D$24,NSRRate,4,FALSE) -> #N/A | V24: =-PMT($U$24/12,G24,C24,0) -> #N/A | W24: =+T24-E24 -> #N/A
A25: =IF(H25="Y","Y","") | B25: Home Loan | I25: =+IF(C25=0,0,IF(H25="Y",0,IF(H25=0.5,-(PMT(E25/12,G25,C25,0)*H25),-(PMT(E25/12,G25,C25,0))))) -> 0 | J25: =+IF(C25=0,0,+IF(H25="Y",0,IF(H25=0.5,-(PMT(T25/12,G25,C25,0)*H25),-(PMT(T25/12,G25,C25,0))))) -> 0 | K25: =+IF(C25=0,0,C25/L25) -> 0 | M25: =+J25-I25 -> 0 | O25: =+IF(J25>I25,J25/I25,"") | S25: =+IF(F25="MOVE",IF(A25="Y",0,C25)) -> FALSE | T25: =IF((E25+Tables!$C$151)<Tables!$C$152,Tables!$C$152,E25+Tables!$C$151) -> 0.055
A26: =IF(H26="Y","Y","") | B26: Home Loan | I26: =+IF(C26=0,0,IF(H26="Y",0,IF(H26=0.5,-(PMT(E26/12,G26,C26,0)*H26),-(PMT(E26/12,G26,C26,0))))) -> 0 | J26: =+IF(C26=0,0,+IF(H26="Y",0,IF(H26=0.5,-(PMT(T26/12,G26,C26,0)*H26),-(PMT(T26/12,G26,C26,0))))) -> 0 | K26: =+IF(C26=0,0,C26/L26) -> 0 | M26: =+J26-I26 -> 0 | O26: =+IF(J26>I26,J26/I26,"") | S26: =+IF(F26="MOVE",IF(A26="Y",0,C26)) -> FALSE | T26: =IF((E26+Tables!$C$151)<Tables!$C$152,Tables!$C$152,E26+Tables!$C$151) -> 0.055
A27: =IF(H27="Y","Y","") | B27: Investment Loan | I27: =+IF(C27=0,0,IF(H27="Y",0,IF(H27=0.5,-(PMT(E27/12,G27,C27,0)*H27),-(PMT(E27/12,G27,C27,0))))) -> 0 | J27: =+IF(C27=0,0,+IF(H27="Y",0,IF(H27=0.5,-(PMT(T27/12,G27,C27,0)*H27),-(PMT(T27/12,G27,C27,0))))) -> 0 | K27: =+IF(C27=0,0,C27/L27) -> 0 | M27: =+J27-I27 -> 0 | O27: =+IF(J27>I27,J27/I27,"") | S27: =+IF(F27="MOVE",IF(A27="Y",0,C27)) -> FALSE | T27: =IF((E27+Tables!$C$151)<Tables!$C$152,Tables!$C$152,E27+Tables!$C$151) -> 0.055
A28: =IF(H28="Y","Y","") | B28: Investment Loan | I28: =+IF(C28=0,0,IF(H28="Y",0,IF(H28=0.5,-(PMT(E28/12,G28,C28,0)*H28),-(PMT(E28/12,G28,C28,0))))) -> 0 | J28: =+IF(C28=0,0,+IF(H28="Y",0,IF(H28=0.5,-(PMT(T28/12,G28,C28,0)*H28),-(PMT(T28/12,G28,C28,0))))) -> 0 | K28: =+IF(C28=0,0,C28/L28) -> 0 | M28: =+J28-I28 -> 0 | O28: =+IF(J28>I28,J28/I28,"") | S28: =+IF(F28="MOVE",IF(A28="Y",0,C28)) -> FALSE | T28: =IF((E28+Tables!$C$151)<Tables!$C$152,Tables!$C$152,E28+Tables!$C$151) -> 0.055
A29: =IF(H29="Y","Y","") | B29: Car Loan/Lease | I29: =+IF(H29="Y",0,T29) -> 0 | J29: =+I29 -> 0 | S29: =+IF(F29="MOVE",IF(A29="Y",0,C29)) -> FALSE | T29: =+IF(D29="",E29*0,IF(D29="A",E29/12,IF(D29="M",E29,IF(D29="B",E29*24/12,IF(D29="F",E29*26/12,IF(D29="W",E29*52/12))))))*U29 -> 0 | U29: =+IF(E29>0,IF(D29="","Error",1)) -> FALSE
A30: =IF(H30="Y","Y","") | B30: Car Loan/Lease | I30: =+IF(H30="Y",0,T30) -> 0 | J30: =+I30 -> 0 | S30: =+IF(F30="MOVE",IF(A30="Y",0,C30)) -> FALSE | T30: =+IF(D30="",E30*0,IF(D30="A",E30/12,IF(D30="M",E30,IF(D30="B",E30*24/12,IF(D30="F",E30*26/12,IF(D30="W",E30*52/12))))))*U30 -> 0 | U30: =+IF(E30>0,IF(D30="","Error",1)) -> FALSE
A31: =IF(H31="Y","Y","") | B31: Personal Loan | I31: =+IF(H31="Y",0,T31) -> 0 | J31: =+I31 -> 0 | S31: =+IF(F31="MOVE",IF(A31="Y",0,C31)) -> FALSE | T31: =+IF(D31="",E31*0,IF(D31="A",E31/12,IF(D31="M",E31,IF(D31="B",E31*24/12,IF(D31="F",E31*26/12,IF(D31="W",E31*52/12))))))*U31 -> 0 | U31: =+IF(E31>0,IF(D31="","Error",1)) -> FALSE
A32: =IF(H32="Y","Y","") | B32: Rent/Board | C32: =+CONCATENATE("Min. $",Tables!C376," pm") -> Min. $500 pm | I32: =+IF(E32="",0,IF(T32<Tables!C376,Tables!C376,IF(H32=0.5,T32*0.5,T32))) -> 0 | J32: =+I32 -> 0 | T32: =+IF(D32="",E32*0,IF(D32="A",E32/12,IF(D32="M",E32,IF(D32="B",E32*24/12,IF(D32="F",E32*26/12,IF(D32="W",E32*52/12))))))*U32 -> 0 | U32: =+IF(E32>0,IF(D32="","Error",1)) -> FALSE
A33: =IF(H33="Y","Y","") | B33: Other (specify) | I33: =+IF(H33="Y",0,T33) -> 0 | J33: =+I33 -> 0 | S33: =+IF(F33="MOVE",IF(A33="Y",0,C33)) -> FALSE | T33: =+IF(D33="",E33*0,IF(D33="A",E33/12,IF(D33="M",E33,IF(D33="B",E33*24/12,IF(D33="F",E33*26/12,IF(D33="W",E33*52/12))))))*U33 -> 0 | U33: =+IF(E33>0,IF(D33="","Error",1)) -> FALSE
A34: =IF(H34="Y","Y","") | B34: Other (specify) | I34: =+IF(H34="Y",0,T34) -> 0 | J34: =+I34 -> 0 | S34: =+IF(F34="MOVE",IF(A34="Y",0,C34)) -> FALSE | T34: =+IF(D34="",E34*0,IF(D34="A",E34/12,IF(D34="M",E34,IF(D34="B",E34*24/12,IF(D34="F",E34*26/12,IF(D34="W",E34*52/12))))))*U34 -> 0 | U34: =+IF(E34>0,IF(D34="","Error",1)) -> FALSE
A35: =IF(H35="Y","Y","") | B35: Overdraft | D35: =+IF(B35="overdraft",5%,3.8%) -> 0.05 | I35: =+IF(H35="Y",0,E35*D35) -> 0 | J35: =+I35 -> 0 | S35: =+IF(F35="MOVE",IF(A35="Y",0,E35)) -> FALSE
A36: =IF(H36="Y","Y","") | B36: Credit Card | D36: 0.038 | I36: =+IF(H36="Y",0,IF(AND(H36="Exc",C36=0),0,D36*E36)) -> 0 | J36: =+I36 -> 0 | S36: =+IF(F36="MOVE",IF(A36="Y",0,E36)) -> FALSE
A37: =IF(H37="Y","Y","") | B37: Credit Card | D37: 0.038 | I37: =+IF(H37="Y",0,IF(AND(H37="Exc",C37=0),0,D37*E37)) -> 0 | J37: =+I37 -> 0 | S37: =+IF(F37="MOVE",IF(A37="Y",0,E37)) -> FALSE
A38: =IF(H38="Y","Y","") | B38: Credit Card | D38: 0.038 | I38: =+IF(H38="Y",0,IF(AND(H38="Exc",C38=0),0,D38*E38)) -> 0 | J38: =+I38 -> 0 | S38: =+IF(F38="MOVE",IF(A38="Y",0,E38)) -> FALSE
A39: =IF(H39="Y","Y","") | B39: Credit Card | D39: 0.038 | I39: =+IF(H39="Y",0,IF(AND(H39="Exc",C39=0),0,D39*E39)) -> 0 | J39: =+I39 -> 0 | S39: =+IF(F39="MOVE",IF(A39="Y",0,E39)) -> FALSE
B40: Total Debt | C40: =SUMIF(A24:A39,"",C24:C39) -> 0 | D40: Total Exp MOVE Bank | F40: =+S40 -> #N/A | G40: Total Repay pm | I40: =SUM(+SUM(I24:I39)) -> #N/A | J40: =SUM(+SUM(J24:J39)) -> #N/A | K40: Security | L40: =+SUMIF(F24:F28,"MOVE",L24:L28) -> 0 | S40: =SUM(S24:S39) -> #N/A | T40: Lower | U40: Upper
B42: Serviceability Information | T42: =+Tables!B313 -> 27222 | U42: =+Tables!B314 -> 34027 | V42: Medicare threshold
B43: Income from Above | C43: Total Gross Income PM | D43: Less Tax Payable | E43: After Tax Income PM | F43: Employment Status | G43: Confirmed Payslip | H43: No pay slips | I43: Reference Check | J43: Period of Employment | K43: Paid to MOVE? | L43: Comments | M43: HELP (If applicable) | T43: Total Tax | U43: Medicare | V43: Tax | W43: Medicare Surcharge | X43: Gross | Y43: =+Y44/52 -> 0 | Z43: $180K+ | AA43: $80k<$180k | AB43: $37k<$80k | AC43: $6k<$37K | AD43: <$6000
B44: Member 1 | C44: =+SUM(T8:T13)/12 -> 0 | D44: =+T44/12 -> #N/A | E44: =+C44-D44 -> #N/A | H44: 2 | M44: =+Fees!L10 -> 0 | T44: =+U44+V44+W44 -> #N/A | U44: =+IF(X$44<=$T$42,0,IF(X$44<=$U$42,((X44-$T$42)*Tables!$B$311),X44*Tables!$B$311)) -> 0 | V44: =+Y44 -> 0 | W44: =+Tables!D316 -> #N/A | X44: =+C44*12 -> 0 | Y44: =+SUM(Z44:AD44) -> 0 | Z44: =+IF(X44>=Tables!$A$308,((X44-Tables!$A$308)*Tables!$B$309)+Tables!$C$308,0) -> 0 | AA44: =+IF(Z44=0,IF(X44>=Tables!$A$307,(X44-Tables!$A$307)*Tables!$B$308+Tables!$C$307),0) -> FALSE | AB44: =+IF(SUM(Z44:AA44)=0,IF(X44>=Tables!$A$306,(X44-Tables!$A$306)*Tables!$B$307+Tables!$C$306),0) -> FALSE | AC44: =+IF(SUM(Z44:AB44)=0,IF(X44>=Tables!$A$305,(X44-Tables!$A$305)*Tables!$B$306+Tables!$C$305),0) -> FALSE | AD44: =+IF(SUM(Z44:AC44)=0,IF(X44<=Tables!$A$305,0,0)) -> 0
B45: Member 2 | C45: =+SUM(T14:T19)/12 -> 0 | D45: =+T45/12 -> 0 | E45: =+C45-D45 -> 0 | H45: 2 | M45: =+Fees!L18 -> 0 | T45: =+U45+V45+W45 -> 0 | U45: =+IF(X$45<=$T$42,0,IF(X$45<=$U$42,((X45-$T$42)*Tables!$B$311),X45*Tables!$B$311)) -> 0 | V45: =+Y45 -> 0 | X45: =+C45*12 -> 0 | Y45: =+SUM(Z45:AD45) -> 0 | Z45: =+IF(X45>=Tables!$A$308,((X45-Tables!$A$308)*Tables!$B$309)+Tables!$C$308,0) -> 0 | AA45: =+IF(Z45=0,IF(X45>=Tables!$A$307,(X45-Tables!$A$307)*Tables!$B$308+Tables!$C$307),0) -> FALSE | AB45: =+IF(SUM(Z45:AA45)=0,IF(X45>=Tables!$A$306,(X45-Tables!$A$306)*Tables!$B$307+Tables!$C$306),0) -> FALSE | AC45: =+IF(SUM(Z45:AB45)=0,IF(X45>=Tables!$A$305,(X45-Tables!$A$305)*Tables!$B$306+Tables!$C$305),0) -> FALSE | AD45: =+IF(SUM(Z45:AC45)=0,IF(X45<=Tables!$A$305,0,0)) -> 0
B46: Other Income | C46: =I10 -> Rental Income | E46: =+L14*I14 -> 0
B47: Tax Free Income | C47: =+V7+V8+V9 -> 0 | D47: 0 | E47: =+V7+V8+V9 -> 0 | F47: Loan Origination - Summary Data Check | J47: Capacity to Repay | M47: Extra Tax
B48: Assessed Income | C48: =SUM(C44:C45)+E46+E47 -> 0 | D48: =SUM(D44:D45) -> #N/A | E48: =SUM(E44:E47) -> #N/A | F48: Income | G48: =+C48 -> 0 | H48: LVR | I48: =+K24 | J48: NSR & Surplus | K48: =+(I40+L20)/E48 -> #N/A | L48: =+E48-I40-L20 -> #N/A | M48: =+W44/12 -> #N/A | X48: 4 | Y48: 8 | Z48: 12 | AA48: 16 | AB48: 20 | AC48: 0
B49: APRA Reporting (ARS 223) | F49: Expenses (ex new) | G49: =+L20+J40+D48-J24+M24 -> #REF! | H49: DSR | I49: =+(J40+D48+L20)/C48 -> #N/A | J49: NSR + Buffer | K49: =(J40+L20)/E48 -> #N/A | L49: =+E48-J40-L20 -> #N/A | X49: =+Tables!C29 -> LA | Y49: =+Tables!D29 -> SLA | Z49: =+Tables!E29 -> CTL | AA49: =+Tables!F29 -> CTL | AB49: =+Tables!G29 -> COO | AC49: =+Tables!H29 -> CEO | AD49: BOARD
B50: Gross Annual Income | C50: =SUM(T22:V22) -> 0 | D50: Credit Limits | E50: =SUMIF(A35:A39,"",E35:E39) -> 0 | F50: Net Income | G50: =+C48-G49-I24 -> #REF! | H50: ARA | I50: =+C48-G49 -> #REF! | J50: DLA Required | L50: Capacity | T50: =+IF(X58=X48,X49,IF(Y58=Y48,Y49,IF(Z58=Z48,Z49,IF(AA58=AA48,AA49,IF(AC58=AB48,AC49,AD49))))) -> #N/A | U50: =+D24 -> 0 | V50: =+C24 -> 0 | X50: =+VLOOKUP($U$50,Delegations,3,FALSE) -> #N/A | Y50: =+VLOOKUP($U$50,Delegations,4,FALSE) -> #N/A | Z50: =+VLOOKUP($U$50,Delegations,5,FALSE) -> #N/A | AA50: =+VLOOKUP($U$50,Delegations,6,FALSE) -> #N/A | AB50: =+VLOOKUP($U$50,Delegations,7,FALSE) -> #N/A | AC50: =+VLOOKUP($U$50,Delegations,8,FALSE) -> #N/A
B51: Gross Debt | C51: =+C40-SUMIF(A35:A39,"",C35:C39)+E50 -> 0 | D51: Debt to income | E51: =+C51/C50 -> #DIV/0! | F51: Liabilities | G51: =+SUM(C25:C34)+SUM(E35:E39) -> 0 | J51: =IF(L51="NO","DECLINED",+VLOOKUP(T50,Approval_Officers,2,FALSE)) -> #N/A | L51: =+IF(I49<1,"Yes","NO") -> #N/A | X51: =+X50-$V$50 -> #N/A | Y51: =+Y50-$V$50 -> #N/A | Z51: =+Z50-$V$50 -> #N/A | AA51: =+AA50-$V$50 -> #N/A | AB51: =+AB50-$V$50 -> #N/A | AC51: =+AC50-$V$50 -> #N/A
B53: Security Details & Credit Report | I53: Submission | W53: Loan amount | X53: =+IF(X51>=0,1,0) -> #N/A | Y53: =+IF(Y51>=0,2,0) -> #N/A | Z53: =+IF(Z51>=0,3,0) -> #N/A | AA53: =+IF(AA51>=0,4,0) -> #N/A | AB53: =+IF(AB51>=0,5,0) -> #N/A | AC53: =+IF(AC51>=0,5,0) -> #N/A
B54: Description | D54: CAT | E54: LVR | F54: Valuation | G54: Confirmed | I54: Name: | W54: NSR | X54: =+IF($K$49<=X60,1,0) -> #N/A | Y54: =+IF($K$49<=Y60,2,0) -> #N/A | Z54: =+IF($K$49<=Z60,3,0) -> #N/A | AA54: =+IF($K$49<=AA60,4,0) -> #N/A | AB54: =+IF($K$49<=AB60,5,0) -> #N/A | AC54: =+IF($K$49<=AC60,5,0) -> #N/A
I55: Date: | W55: Total Loan | X55: =+IF($F$40<=X61,1,0) -> #N/A | Y55: =+IF($F$40<=Y61,2,0) -> #N/A | Z55: =+IF($F$40<=Z61,3,0) -> #N/A | AA55: =+IF($F$40<=AA61,4,0) -> #N/A | AB55: =+IF($F$40<=AB61,5,0) -> #N/A | AC55: =+IF($F$40<=AC61,5,0) -> #N/A
I56: Decision
I57: =+J51 -> #N/A | W57: DebttoIncome | X57: =+IF($E$51<=X62,1,0) -> #DIV/0! | Y57: =+IF($E$51<=Y62,2,0) -> #DIV/0! | Z57: =+IF($E$51<=Z62,3,0) -> #DIV/0! | AA57: =+IF($E$51<=AA62,4,0) -> #DIV/0! | AB57: =+IF($E$51<=AB62,5,0) -> #DIV/0! | AC57: =+IF($E$51<=AC62,5,0) -> #DIV/0!
B58: Credit Report | E58: No. Enq | I58: Name: | X58: =SUM(X53:X57) -> #N/A | Y58: =SUM(Y53:Y57) -> #N/A | Z58: =SUM(Z53:Z57) -> #N/A | AA58: =SUM(AA53:AA57) -> #N/A | AB58: =SUM(AB53:AB57) -> #N/A | AC58: =SUM(AC53:AC57) -> #N/A
B59: General Comments | I59: Date: | X59: =+IF(X58<X48,0,X58) -> #N/A | Y59: =+IF(Y58<Y48,0,Y58) -> #N/A | Z59: =+IF(Z58<Z48,0,Z58) -> #N/A | AA59: =+IF(AA58<AA48,0,AA58) -> #N/A | AB59: =+IF(AB58<AA48,0,AB58) -> #N/A | AC59: =+IF(AC58<AB48,0,AC58) -> #N/A
B60: Loan Purpose | I60: Policy Waiver | X60: =+Tables!C143 -> #N/A | Y60: =+Tables!D143 -> #N/A | Z60: =+Tables!E143 -> #N/A | AA60: =IF(V50>1000000,AA65,IF(V50>3000000,AA66,AA64)) -> #N/A | AB60: =IF(V50>1000000,AB65,IF(V50>3000000,AB66,AB64)) -> #N/A | AC60: =IF(W50>1000000,AC65,IF(W50>3000000,AC66,AC64)) -> #N/A
I61: Policy No. | X61: =Tables!C139 -> 750000 | Y61: =Tables!D139 -> 1000000 | Z61: =Tables!E139 -> 1500000 | AA61: =Tables!F139 -> 2000000 | AB61: =Tables!G139 -> 2500000 | AC61: =Tables!H139 -> 3000000
B62: Assessment Notes/ Approval Conditions | I62: Details: | X62: =+Tables!C148 -> #N/A | Y62: =+Tables!D148 -> #N/A | Z62: =+Tables!E148 -> #N/A | AA62: =+Tables!F148 -> #N/A | AB62: =+Tables!F148 -> #N/A | AC62: =+Tables!G148 -> #N/A
W64: DLA | X64: =+Tables!C143 -> #N/A | Y64: =+Tables!D143 -> #N/A | Z64: =+Tables!E143 -> #N/A | AA64: =+Tables!F143 -> #N/A | AB64: =+Tables!F143 -> #N/A | AC64: =+Tables!G143 -> #N/A
W65: DLA - $2m<$3m | X65: =+Tables!C144 -> 0 | Y65: =+Tables!D144 -> 0 | Z65: =+Tables!E144 -> 0 | AA65: =+Tables!F144 -> 0.98 | AB65: =+Tables!F144 -> 0.98 | AC65: =+Tables!G144 -> 0.98
I66: Event No: | K66: Date: | W66: DLA - $3m+ | X66: =+Tables!C145 -> 0 | Y66: =+Tables!D145 -> 0 | Z66: =+Tables!E145 -> 0 | AA66: 0.95 | AB66: =+Tables!F145 -> 0 | AC66: =+Tables!G145 -> 0.95
I67: Approved by:

Sheet Tables
A1: Tables
A3: Lending Officer | D3: Submitted by | F3: Policy Waiver
A4: Jon Jackson | D4: Namita Bansal | F4: Mike Currie
A5: Marcel Coopman | D5: Brooke Newlove | F5: Taryn Pontifex
A6: Mike Currie | D6: Julie O'Regan | F6: Teri Hawkins
A7: Teri Hawkins | D7: Sascha Jovanoski
A8: Taryn Pontifex | D8: Max Campbell
D9: Mariah Foy
D10: Scott Uren
A18: BOARD | B18: BOARD
A19: LA | B19: Loan Assessor
A20: SLA | B20: Senior Loan Assessor
A21: CAL | B21: Credit Assessment Lead
A22: SMC | B22: SMC
A23: COO | B23: COO
A24: CEO | B24: CEO
A25: BOARD | B25: BOARD
A29: Delegations | C29: LA | D29: SLA | E29: CTL | F29: CTL | G29: COO | H29: CEO | I29: Term | K29: Without LMI | L29: LMI | M29: Class
A30: PL - Unsec | B30: L11 | C30: 20000 | D30: 30150 | E30: 40000 | F30: 50000 | G30: 50000 | H30: 100000 | I30: 84 | K30: 0% | M30: PL
A31: PL - Sec | B31: L11 | C31: 30000 | D31: 40000 | E31: 50000 | F31: 85000 | G31: 150000 | H31: 250000 | I31: 84 | K31: Varies | M31: PL
A32: Car AnyAge | B32: L12 | C32: 60000 | D32: 100000 | E32: 150000 | F32: 200000 | G32: 250000 | H32: 300000 | I32: 84 | K32: Varies | M32: PL
A33: Car <3yo | B33: L23 | C33: 60000 | D33: 100000 | E33: 150000 | F33: 200000 | G33: 250000 | H33: 300000 | I33: 84 | K33: Varies | M33: PL
A34: Car <3yo Green | B34: L24 | C34: 60000 | D34: 100000 | E34: 150000 | F34: 200000 | G34: 250000 | H34: 300000 | I34: 84 | K34: Varies | M34: PL
A35: Credit Card | B35: S7 | C35: 25000 | D35: 25000 | E35: 25000 | F35: 25000 | G35: 35000 | H35: 50000 | I35: 36 | K35: 0% | M35: PL
A36: FlexiCredit | B36: S22 | C36: 25000 | D36: 25000 | E36: 25000 | F36: 25000 | G36: 35000 | H36: 50000 | I36: 36 | K36: 0% | M36: PL
A37: HL Everyday 80 (Sal Cred) | B37: L1_80_SC | C37: 750000 | D37: 1000000 | E37: 1500000 | F37: 2000000 | G37: 2500000 | H37: 3000000 | I37: 360 | K37: 0.8 | M37: HL
A38: HL Everyday 90 (Sal Cred) | B38: L1_90_SC | C38: 750000 | D38: 1000000 | E38: 1500000 | F38: 2000000 | G38: 2500000 | H38: 3000000 | I38: 360 | K38: 0.8 | L38: 0.9 | M38: HL
A39: HL Everyday 95 (Sal Cred) | B39: L1_95_SC | C39: 750000 | D39: 1000000 | E39: 1500000 | F39: 2000000 | G39: 2500000 | H39: 3000000 | I39: 360 | K39: 0.8 | L39: 0.95 | M39: HL
A40: HL Everyday 80 IO (Sal Cred) | B40: L1_80_IO_SC | C40: 750000 | D40: 1000000 | E40: 1500000 | F40: 2000000 | G40: 2500000 | H40: 3000000 | I40: 360 | K40: 0.8 | M40: HL
A41: HL Everyday 90 IO (Sal Cred) | B41: L1_90_IO_SC | C41: 750000 | D41: 1000000 | E41: 1500000 | F41: 2000000 | G41: 2500000 | H41: 3000000 | I41: 360 | K41: 0.8 | L41: 0.9 | M41: HL
A42: HL Everyday 95 IO (Sal Cred) | B42: L1_95_IO_SC | C42: 750000 | D42: 1000000 | E42: 1500000 | F42: 2000000 | G42: 2500000 | H42: 3000000 | I42: 360 | K42: 0.8 | L42: 0.95 | M42: HL
A43: HL Everyday Fixed 1 Year (Sal Cred) | B43: L1_F1_SC | C43: 750000 | D43: 1000000 | E43: 1500000 | F43: 2000000 | G43: 2500000 | H43: 3000000 | I43: 360 | K43: 0.8 | L43: 0.95 | M43: HL
A44: HL Everyday Fixed 1 Year IO (Sal Cred) | B44: L1_F1_IO_SC | C44: 750000 | D44: 1000000 | E44: 1500000 | F44: 2000000 | G44: 2500000 | H44: 3000000 | I44: 360 | K44: 0.8 | L44: 0.9 | M44: HL
A45: HL Everyday Fixed 2 Year (Sal Cred) | B45: L1_F2_SC | C45: 750000 | D45: 1000000 | E45: 1500000 | F45: 2000000 | G45: 2500000 | H45: 3000000 | I45: 360 | K45: 0.8 | L45: 0.95 | M45: HL
A46: HL Everyday Fixed 3 Year (Sal Cred) | B46: L1_F3_SC | C46: 750000 | D46: 1000000 | E46: 1500000 | F46: 2000000 | G46: 2500000 | H46: 3000000 | I46: 360 | K46: 0.8 | L46: 0.95 | M46: HL
A47: HL Everyday Fixed 5 Year (Sal Cred) | B47: L1_F5_SC | C47: 750000 | D47: 1000000 | E47: 1500000 | F47: 2000000 | G47: 2500000 | H47: 3000000 | I47: 360 | K47: 0.8 | L47: 0.95 | M47: HL
A48: HL Everyday Roll Rate (Sal Cred) | B48: L1_Roll_SC | C48: 750000 | D48: 1000000 | E48: 1500000 | F48: 2000000 | G48: 2500000 | H48: 3000000 | I48: 360 | K48: 0.8 | L48: 0.95 | M48: HL
A49: INV Everyday 80 (Sal Cred) | B49: L1_INV80_SC | C49: 750000 | D49: 1000000 | E49: 1500000 | F49: 2000000 | G49: 2500000 | H49: 3000000 | I49: 360 | K49: 0.8 | M49: HL
A50: INV Everyday 90 (Sal Cred) | B50: L1_INV90_SC | C50: 750000 | D50: 1000000 | E50: 1500000 | F50: 2000000 | G50: 2500000 | H50: 3000000 | I50: 360 | K50: 0.8 | L50: 0.9 | M50: HL
A51: INV Everyday 80 IO (Sal Cred) | B51: L1_INV80_IO_SC | C51: 750000 | D51: 1000000 | E51: 1500000 | F51: 2000000 | G51: 2500000 | H51: 3000000 | I51: 360 | K51: 0.8 | M51: HL
A52: INV Everyday 90 IO (Sal Cred) | B52: L1_INV90_IO_SC | C52: 750000 | D52: 1000000 | E52: 1500000 | F52: 2000000 | G52: 2500000 | H52: 3000000 | I52: 360 | K52: 0.8 | L52: 0.9 | M52: HL
A53: INV Everyday Fixed 1 Year (Sal Cred) | B53: L1_INVF1_SC | C53: 750000 | D53: 1000000 | E53: 1500000 | F53: 2000000 | G53: 2500000 | H53: 3000000 | I53: 360 | K53: 0.8 | L53: 0.9 | M53: HL
A54: INV Everyday Fixed 2 Year (Sal Cred) | B54: L1_INVF2_SC | C54: 750000 | D54: 1000000 | E54: 1500000 | F54: 2000000 | G54: 2500000 | H54: 3000000 | I54: 360 | K54: 0.8 | L54: 0.9 | M54: HL
A55: INV Everyday Fixed 3 Year (Sal Cred) | B55: L1_INVF3_SC | C55: 750000 | D55: 1000000 | E55: 1500000 | F55: 2000000 | G55: 2500000 | H55: 3000000 | I55: 360 | K55: 0.8 | L55: 0.9 | M55: HL
A56: INV Everyday Fixed 5 Year (Sal Cred) | B56: L1_INVF5_SC | C56: 750000 | D56: 1000000 | E56: 1500000 | F56: 2000000 | G56: 2500000 | H56: 3000000 | I56: 360 | K56: 0.8 | L56: 0.9 | M56: HL
A57: INV Everyday Fixed 1 Year IO (Sal Cred) | B57: L1_INVF1_IO_SC | C57: 750000 | D57: 1000000 | E57: 1500000 | F57: 2000000 | G57: 2500000 | H57: 3000000 | I57: 360 | K57: 0.8 | L57: 0.9 | M57: HL
A58: INV Everyday Fixed 2 Year IO (Sal Cred) | B58: L1_INVF2_IO_SC | C58: 750000 | D58: 1000000 | E58: 1500000 | F58: 2000000 | G58: 2500000 | H58: 3000000 | I58: 360 | K58: 0.8 | L58: 0.9 | M58: HL
A59: INV Everyday Fixed 3 Year IO (Sal Cred) | B59: L1_INVF3_IO_SC | C59: 750000 | D59: 1000000 | E59: 1500000 | F59: 2000000 | G59: 2500000 | H59: 3000000 | I59: 360 | K59: 0.8 | L59: 0.9 | M59: HL
A60: INV Everyday Fixed 5 Year IO (Sal Cred) | B60: L1_INVF5_IO_SC | C60: 750000 | D60: 1000000 | E60: 1500000 | F60: 2000000 | G60: 2500000 | H60: 3000000 | I60: 360 | K60: 0.8 | L60: 0.9 | M60: HL
A61: INV Everyday Roll Rate (Sal Cred) | B61: L1_INVRoll_SC | C61: 750000 | D61: 1000000 | E61: 1500000 | F61: 2000000 | G61: 2500000 | H61: 3000000 | I61: 360 | K61: 0.8 | L61: 0.9 | M61: HL
A62: HL Everyday 80 (Non Sal Cred) | B62: L1_80_NSC | C62: 750000 | D62: 1000000 | E62: 1500000 | F62: 2000000 | G62: 2500000 | H62: 3000000 | I62: 360 | K62: 0.8 | M62: HL
A63: HL Everyday 90 (Non Sal Cred) | B63: L1_90_NSC | C63: 750000 | D63: 1000000 | E63: 1500000 | F63: 2000000 | G63: 2500000 | H63: 3000000 | I63: 360 | K63: 0.8 | L63: 0.9 | M63: HL
A64: HL Everyday 95 (Non Sal Cred) | B64: L1_95_NSC | C64: 750000 | D64: 1000000 | E64: 1500000 | F64: 2000000 | G64: 2500000 | H64: 3000000 | I64: 360 | K64: 0.8 | L64: 0.95 | M64: HL
A65: HL Everyday 80 IO (Non Sal Cred) | B65: L1_80_IO_NSC | C65: 750000 | D65: 1000000 | E65: 1500000 | F65: 2000000 | G65: 2500000 | H65: 3000000 | I65: 360 | K65: 0.8 | M65: HL
A66: HL Everyday 90 IO (Non Sal Cred) | B66: L1_90_IO_NSC | C66: 750000 | D66: 1000000 | E66: 1500000 | F66: 2000000 | G66: 2500000 | H66: 3000000 | I66: 360 | K66: 0.8 | L66: 0.9 | M66: HL
A67: HL Everyday 95 IO (Non Sal Cred) | B67: L1_95_IO_NSC | C67: 750000 | D67: 1000000 | E67: 1500000 | F67: 2000000 | G67: 2500000 | H67: 3000000 | I67: 360 | K67: 0.8 | L67: 0.95 | M67: HL
A68: HL Everyday Fixed 1 Year (Non Sal Cred) | B68: L1_F1_NSC | C68: 750000 | D68: 1000000 | E68: 1500000 | F68: 2000000 | G68: 2500000 | H68: 3000000 | I68: 360 | K68: 0.8 | L68: 0.95 | M68: HL
A69: HL Everyday Fixed 2 Year (Non Sal Cred) | B69: L1_F2_NSC | C69: 750000 | D69: 1000000 | E69: 1500000 | F69: 2000000 | G69: 2500000 | H69: 3000000 | I69: 360 | K69: 0.8 | L69: 0.95 | M69: HL
A70: HL Everyday Fixed 3 Year (Non Sal Cred) | B70: L1_F3_NSC | C70: 750000 | D70: 1000000 | E70: 1500000 | F70: 2000000 | G70: 2500000 | H70: 3000000 | I70: 360 | K70: 0.8 | L70: 0.95 | M70: HL
A71: HL Everyday Fixed 5 Year (Non Sal Cred) | B71: L1_F5_NSC | C71: 750000 | D71: 1000000 | E71: 1500000 | F71: 2000000 | G71: 2500000 | H71: 3000000 | I71: 360 | K71: 0.8 | L71: 0.95 | M71: HL
A72: HL Everyday Roll Rate (Non Sal Cred) | B72: L1_Roll_NSC | C72: 750000 | D72: 1000000 | E72: 1500000 | F72: 2000000 | G72: 2500000 | H72: 3000000 | I72: 360 | K72: 0.8 | L72: 0.95 | M72: HL
A73: INV Everyday 80 (Non Sal Cred) | B73: L1_INV80_NSC | C73: 750000 | D73: 1000000 | E73: 1500000 | F73: 2000000 | G73: 2500000 | H73: 3000000 | I73: 360 | K73: 0.8 | M73: HL
A74: INV Everyday 90 (Non Sal Cred) | B74: L1_INV90_NSC | C74: 750000 | D74: 1000000 | E74: 1500000 | F74: 2000000 | G74: 2500000 | H74: 3000000 | I74: 360 | K74: 0.8 | L74: 0.9 | M74: HL
A75: INV Everyday 80 IO (Non Sal Cred) | B75: L1_INV80_IO_NSC | C75: 750000 | D75: 1000000 | E75: 1500000 | F75: 2000000 | G75: 2500000 | H75: 3000000 | I75: 360 | K75: 0.8 | M75: HL
A76: INV Everyday 90 IO (Non Sal Cred) | B76: L1_INV90_IO_NSC | C76: 750000 | D76: 1000000 | E76: 1500000 | F76: 2000000 | G76: 2500000 | H76: 3000000 | I76: 360 | K76: 0.8 | L76: 0.9 | M76: HL
A77: INV Everyday Fixed 1 Year (Non Sal Cred) | B77: L1_INVF1_NSC | C77: 750000 | D77: 1000000 | E77: 1500000 | F77: 2000000 | G77: 2500000 | H77: 3000000 | I77: 360 | K77: 0.8 | L77: 0.9 | M77: HL
A78: INV Everyday Fixed 2 Year (Non Sal Cred) | B78: L1_INVF2_NSC | C78: 750000 | D78: 1000000 | E78: 1500000 | F78: 2000000 | G78: 2500000 | H78: 3000000 | I78: 360 | K78: 0.8 | L78: 0.9 | M78: HL
A79: INV Everyday Fixed 3 Year (Non Sal Cred) | B79: L1_INVF3_NSC | C79: 750000 | D79: 1000000 | E79: 1500000 | F79: 2000000 | G79: 2500000 | H79: 3000000 | I79: 360 | K79: 0.8 | L79: 0.9 | M79: HL
A80: INV Everyday Fixed 5 Year (Non Sal Cred) | B80: L1_INVF5_NSC | C80: 750000 | D80: 1000000 | E80: 1500000 | F80: 2000000 | G80: 2500000 | H80: 3000000 | I80: 360 | K80: 0.8 | L80: 0.9 | M80: HL
A81: INV Everyday Fixed 1 Year IO (Non Sal Cred) | B81: L1_INVF1_IO_NSC | C81: 750000 | D81: 1000000 | E81: 1500000 | F81: 2000000 | G81: 2500000 | H81: 3000000 | I81: 360 | K81: 0.8 | L81: 0.9 | M81: HL
A82: INV Everyday Fixed 2 Year IO (Non Sal Cred) | B82: L1_INVF2_IO_NSC | C82: 750000 | D82: 1000000 | E82: 1500000 | F82: 2000000 | G82: 2500000 | H82: 3000000 | I82: 360 | K82: 0.8 | L82: 0.9 | M82: HL
A83: INV Everyday Fixed 3 Year IO (Non Sal Cred) | B83: L1_INVF3_IO_NSC | C83: 750000 | D83: 1000000 | E83: 1500000 | F83: 2000000 | G83: 2500000 | H83: 3000000 | I83: 360 | K83: 0.8 | L83: 0.9 | M83: HL
A84: INV Everyday Fixed 5 Year IO (Non Sal Cred) | B84: L1_INVF5_IO_NSC | C84: 750000 | D84: 1000000 | E84: 1500000 | F84: 2000000 | G84: 2500000 | H84: 3000000 | I84: 360 | K84: 0.8 | L84: 0.9 | M84: HL
A85: INV Roll Rate (Non Sal cred) | B85: L1_INVRoll_NSC | C85: 750000 | D85: 1000000 | E85: 1500000 | F85: 2000000 | G85: 2500000 | H85: 3000000 | I85: 360 | K85: 0.8 | L85: 0.9 | M85: HL
A86: HL Offset 80 | B86: L2_OFF_80 | C86: 750000 | D86: 1000000 | E86: 1500000 | F86: 2000000 | G86: 2500000 | H86: 3000000 | I86: 360 | K86: 0.8 | M86: HL
A87: HL Offset 90 | B87: L2_OFF_90 | C87: 750000 | D87: 1000000 | E87: 1500000 | F87: 2000000 | G87: 2500000 | H87: 3000000 | I87: 360 | K87: 0.8 | L87: 0.9 | M87: HL
A88: HL Offset 95 | B88: L2_OFF_95 | C88: 750000 | D88: 1000000 | E88: 1500000 | F88: 2000000 | G88: 2500000 | H88: 3000000 | I88: 360 | K88: 0.8 | L88: 0.95 | M88: HL
A89: HL Offset IO 80 | B89: L2_OFF_IO_80 | C89: 750000 | D89: 1000000 | E89: 1500000 | F89: 2000000 | G89: 2500000 | H89: 3000000 | I89: 360 | K89: 0.8 | M89: HL
A90: HL Offset IO 90 | B90: L2_OFF_IO_90 | C90: 750000 | D90: 1000000 | E90: 1500000 | F90: 2000000 | G90: 2500000 | H90: 3000000 | I90: 360 | K90: 0.8 | L90: 0.9 | M90: HL
A91: HL Offset IO 95 | B91: L2_OFF_IO_95 | C91: 750000 | D91: 1000000 | E91: 1500000 | F91: 2000000 | G91: 2500000 | H91: 3000000 | I91: 360 | K91: 0.8 | L91: 0.95 | M91: HL
A92: HL Offset Fixed 1 Year | B92: L2_OFF_ F1 | C92: 750000 | D92: 1000000 | E92: 1500000 | F92: 2000000 | G92: 2500000 | H92: 3000000 | I92: 360 | K92: 0.8 | L92: 0.95 | M92: HL
A93: HL Offset Fixed 1 Year IO | B93: L2_OFF_F1_IO | C93: 750000 | D93: 1000000 | E93: 1500000 | F93: 2000000 | G93: 2500000 | H93: 3000000 | I93: 360 | K93: 0.8 | L93: 0.95 | M93: HL
A94: HL Offset Fixed 2 Year | B94: L2_OFF_F2 | C94: 750000 | D94: 1000000 | E94: 1500000 | F94: 2000000 | G94: 2500000 | H94: 3000000 | I94: 360 | K94: 0.8 | L94: 0.95 | M94: HL
A95: HL Offset Fixed 3 Year | B95: L2_OFF_F3 | C95: 750000 | D95: 1000000 | E95: 1500000 | F95: 2000000 | G95: 2500000 | H95: 3000000 | I95: 360 | K95: 0.8 | L95: 0.95 | M95: HL
A96: HL Offset Fixed 5 Year | B96: L2_OFF_F5 | C96: 750000 | D96: 1000000 | E96: 1500000 | F96: 2000000 | G96: 2500000 | H96: 3000000 | I96: 360 | K96: 0.8 | L96: 0.95 | M96: HL
A97: HL Offset Roll Rate | B97: L2_OFF_Roll | C97: 750000 | D97: 1000000 | E97: 1500000 | F97: 2000000 | G97: 2500000 | H97: 3000000 | I97: 360 | K97: 0.8 | L97: 0.95 | M97: HL
A98: INV Offset 80 | B98: L2_OFF_INV80 | C98: 750000 | D98: 1000000 | E98: 1500000 | F98: 2000000 | G98: 2500000 | H98: 3000000 | I98: 360 | K98: 0.8 | M98: HL
A99: INV Offset 90 | B99: L2_OFF_INV90 | C99: 750000 | D99: 1000000 | E99: 1500000 | F99: 2000000 | G99: 2500000 | H99: 3000000 | I99: 360 | K99: 0.8 | L99: 0.9 | M99: HL
A100: INV Offset 80 IO | B100: L2_OFF_INV80_IO | C100: 750000 | D100: 1000000 | E100: 1500000 | F100: 2000000 | G100: 2500000 | H100: 3000000 | I100: 360 | K100: 0.8 | M100: HL
A101: INV Offset 90 IO | B101: L2_OFF_INV90_IO | C101: 750000 | D101: 1000000 | E101: 1500000 | F101: 2000000 | G101: 2500000 | H101: 3000000 | I101: 360 | K101: 0.8 | L101: 0.9 | M101: HL
A102: INV Offset Fixed 1 Year | B102: L2_OFF_INVFI | C102: 750000 | D102: 1000000 | E102: 1500000 | F102: 2000000 | G102: 2500000 | H102: 3000000 | I102: 360 | K102: 0.8 | L102: 0.9 | M102: HL
A103: INV Offset Fixed 2 Year | B103: L2_OFF_INVF2 | C103: 750000 | D103: 1000000 | E103: 1500000 | F103: 2000000 | G103: 2500000 | H103: 3000000 | I103: 360 | K103: 0.8 | L103: 0.9 | M103: HL
A104: INV Offset Fixed 3 Year | B104: L2_OFF_INVF3 | C104: 750000 | D104: 1000000 | E104: 1500000 | F104: 2000000 | G104: 2500000 | H104: 3000000 | I104: 360 | K104: 0.8 | L104: 0.9 | M104: HL
A105: INV Offset Fixed 5 Year | B105: L2_OFF_INVF5 | C105: 750000 | D105: 1000000 | E105: 1500000 | F105: 2000000 | G105: 2500000 | H105: 3000000 | I105: 360 | K105: 0.8 | L105: 0.9 | M105: HL
A106: INV Offset Fixed 1 Year IO | B106: L2_OFF_INVF1_IO | C106: 750000 | D106: 1000000 | E106: 1500000 | F106: 2000000 | G106: 2500000 | H106: 3000000 | I106: 360 | K106: 0.8 | L106: 0.9 | M106: HL
A107: INV Offset Fixed 2 Year IO | B107: L2_OFF_INVF2_IO | C107: 750000 | D107: 1000000 | E107: 1500000 | F107: 2000000 | G107: 2500000 | H107: 3000000 | I107: 360 | K107: 0.8 | L107: 0.9 | M107: HL
A108: INV Offset Fixed 3 Year IO | B108: L2_OFF_INVF3_IO | C108: 750000 | D108: 1000000 | E108: 1500000 | F108: 2000000 | G108: 2500000 | H108: 3000000 | I108: 360 | K108: 0.8 | L108: 0.9 | M108: HL
A109: INV Offset Fixed 5 Year IO | B109: L2_OFF_INVF5_IO | C109: 750000 | D109: 1000000 | E109: 1500000 | F109: 2000000 | G109: 2500000 | H109: 3000000 | I109: 360 | K109: 0.8 | L109: 0.9 | M109: HL
A110: INV Offset Roll Rate | B110: L2_OFF_INVRoll | C110: 750000 | D110: 1000000 | E110: 1500000 | F110: 2000000 | G110: 2500000 | H110: 3000000 | I110: 360 | K110: 0.8 | L110: 0.9 | M110: HL
A111: HL S/Fwd Plus 80-90 | B111: L52_90 | C111: 750000 | D111: 1000000 | E111: 1500000 | F111: 2000000 | G111: 2500000 | H111: 3000000 | I111: 360 | K111: 0.8 | L111: 0.9 | M111: HL
...

Sheet DropINTable
A1: Below is a copy/paste of Table 1 in the HPL publication
A2: The relevant column for the HEM is the last column, the column "Other than Housing in $ per week". This is because the HEM is net of housing expenditure.
A3: In the HPL different poverty lines are computed based on the head of the household's labour force status; This is not the case for the HEM. There is only one HEM.
A4: The 'standard' smoothed HEM by family type is presented to the right of HPL Table 1 and is in bold print; This is the smoothed HEM for Australia as a whole. It is calculated based on within family type expenditure on median absolute basics and the 25th percentile discretionary basics (i.e. based on raw data)
A5: The smoothed HEM values are moving averages over the current and the previous three quarters.
A6: Other tables report the HEM numbers by geographic location (State capital and balance of state), 13 different household income groups, and finally by geographic and household income levels. These numbers are obtained by predicting median absolute basic and the 25th percentile of discretionary basics using the estimation results from the quantile regressions. | AC6: "HEM Table 1" equivalent: by Income Level and Geographic Location
A7: Then, these predicted values are added to get the predicted HEM. Finally, these predicted HEMs are averaged by family type. One exception is for single parents with 3 children. Due to the small sample size, the HEM for this group is simply the HEM for single parents with 2 children plus the increase in the HEM going from 1 to 2 children. | AE7: BASED ON PREDICTED VALUES FROM THE QUANTILE REGRESSIONS
A8: The advantage of predicting the HEM is that there simply would not be enough families to get a reliable estimate for single parents with 2 children on more than $100K when trying to use raw data, let alone specifically for less densely populated areas (e.g. Tasmania excl. Hobart) | AG8: Smoothed HEM
A9: All HEMs are expressed in June 2026 dollars; Data used is the 2015-16 Household Expenditure Survey (HES)
AE10: Total current gross HH income from all sources (measured in current dollars)
A11: "HPL Table 1" | E11: "HEM Table 1" equivalent | M11: "HEM Table 1" equivalent: by Geographic Location | AB11: 27000 | AC11: 27000 | AD11: 41000 | AE11: 54000 | AF11: 68000 | AG11: 81000 | AH11: 109000 | AI11: 136000 | AJ11: 163000 | AK11: 190000 | AL11: 217000 | AM11: 271000 | AN11: 339000 | AO11: 407000
A12: (Poverty Lines: Australia, March Quarter, 2026) | E12: BASED ON RAW DATA | O12: BASED ON PREDICTED VALUES FROM THE QUANTILE REGRESSIONS | AB12: or less | AC12: to | AD12: to | AE12: to | AF12: to | AG12: to | AH12: to | AI12: to | AJ12: to | AK12: to | AL12: to | AM12: to | AN12: to | AO12: to
E13: Smoothed HEM | Q13: Smoothed HEM | AC13: 41000 | AD13: 54000 | AE13: 68000 | AF13: 81000 | AG13: 109000 | AH13: 136000 | AI13: 163000 | AJ13: 190000 | AK13: 217000 | AL13: 271000 | AM13: 339000 | AN13: 407000 | AO13: 678000
A14: HEAD IN WORKFORCE | B14: Including Housing $ per week | C14: Other than Housing $ per week | E14: WORKFORCE STATUS HEAD NOT USED | F14: Including Housing $ per week | G14: Other than Housing $ per week | H14: Change ($) from previous Quarter | M14: Sydney | N14: Balance of NSW | O14: Melbourne | P14: Balance of VIC | Q14: Brisbane | R14: Balance of QLD | S14: Adelaide | T14: Balance of SA | U14: Perth | V14: Balance of WA | W14: Hobart | X14: Balance of TAS | Y14: ACT&NT | AA14: Australia
A15: Couple | B15: 940.04 | C15: 685.75 | E15: Couple | F15: - | G15: 829.34103 | H15: 6.9953918 | J15: Couple | K15: 842.40012 | M15: 834.36852 | N15: 858.69701 | O15: 840.66425 | P15: 873.97483 | Q15: 819.8444 | R15: 889.70331 | S15: 863.50723 | T15: 816.79784 | U15: 791.99518 | V15: 849.08201 | W15: 864.71807 | X15: 852.25197 | Y15: 874.98981 | AA15: Couple | AC15: 624.97597 | AD15: 640.28141 | AE15: 666.07608 | AF15: 712.34359 | AG15: 773.87749 | AH15: 857.2789 | AI15: 943.71032 | AJ15: 1023.9704 | AK15: 1081.7195 | AL15: 1136.4065 | AM15: 1263.3634 | AN15: 1445.7849 | AO15: 1453.588
A16: Couple with 1 child | B16: 1129.98 | C16: 854.64 | E16: Couple with 1 child | F16: - | G16: 1073.314 | H16: 7.3609924 | J16: Couple with 1 child | K16: 1093.7123 | M16: 1084.042 | N16: 1108.522 | O16: 1090.3769 | P16: 1123.895 | Q16: 1069.4274 | R16: 1139.7214 | S16: 1113.3622 | T16: 1066.3619 | U16: 1041.4048 | V16: 1098.8471 | W16: 1114.5806 | X16: 1102.0368 | Y16: 1124.9163 | AA16: Couple with 1 child | AD16: 733.04007 | AE16: 758.99538 | AF16: 805.55105 | AG16: 867.46817 | AH16: 951.389 | AI16: 1038.3587 | AJ16: 1119.1186 | AK16: 1177.2274 | AL16: 1232.2549 | AM16: 1360.0025 | AN16: 1543.5601 | AO16: 1551.4119
A17: Couple with 2 children | B17: 1319.91 | C17: 1021.74 | E17: Couple with 2 children | F17: - | G17: 1146.6562 | H17: 9.4343872 | J17: Couple with 2 children | K17: 1181.8688 | M17: 1172.8909 | N17: 1197.2247 | O17: 1179.188 | P17: 1212.5059 | Q17: 1158.3636 | R17: 1228.2378 | S17: 1202.036 | T17: 1155.3164 | U17: 1130.5083 | V17: 1187.6076 | W17: 1203.2471 | X17: 1190.7783 | Y17: 1213.5211 | AA17: Couple with 2 children | AD17: 811.59412 | AE17: 837.39444 | AF17: 883.67208 | AG17: 945.21945 | AH17: 1028.6391 | AI17: 1115.0895 | AJ17: 1195.3671 | AK17: 1253.1288 | AL17: 1307.8278 | AM17: 1434.8125 | AN17: 1617.2739 | AO17: 1625.0788
A18: Couple with 3 children | B18: 1509.85 | C18: 1188.84 | E18: Couple with 3 children | F18: - | G18: 1245.3775 | H18: 10.669556 | J18: Couple with 3 children | K18: 1250.9846 | M18: 1244.7134 | N18: 1269.0293 | O18: 1251.0059 | P18: 1284.2992 | Q18: 1230.1968 | R18: 1300.0196 | S18: 1273.837 | T18: 1227.1518 | U18: 1202.362 | V18: 1259.4193 | W18: 1275.0473 | X18: 1262.5876 | Y18: 1285.3137 | AA18: Couple with 3 children | AE18: 911.65151 | AF18: 957.89509 | AG18: 1019.3972 | AH18: 1102.7555 | AI18: 1189.1422 | AJ18: 1269.3607 | AK18: 1327.08 | AL18: 1381.7387 | AM18: 1508.6299 | AN18: 1690.9571 | AO18: 1698.7562
A19: Couple with 4 children | B19: 1699.78 | C19: 1354.1
A20: Single person | B20: 702.72 | C20: 472.92 | E20: Single person | F20: - | G20: 389.13249 | H20: 3.9798355 | J20: Single person | K20: 414.67647 | M20: 406.5194 | N20: 430.80508 | O20: 412.80405 | P20: 446.05602 | Q20: 392.02083 | R20: 461.75683 | S20: 435.60684 | T20: 388.97962 | U20: 364.2206 | V20: 421.20699 | W20: 436.81555 | X20: 424.37138 | Y20: 447.06921 | AA20: Single person | AB20: 325.71268 | AC20: 343.51712 | AD20: 358.79564 | AE20: 384.54492 | AF20: 430.73104 | AG20: 492.15669 | AH20: 575.41137 | AI20: 661.69073 | AJ20: 741.80961 | AK20: 799.45711 | AL20: 854.04785 | AM20: 980.78141 | AN20: 1162.882 | AO20: 1170.6714
A21: Single parent with 1 child | B21: 902.16 | C21: 649.53 | E21: Single parent with 1 child | F21: - | G21: 529.01607 | H21: 3.5282898 | J21: Single parent with 1 child | K21: 575.16804 | M21: 564.38999 | N21: 589.04678 | O21: 570.77067 | P21: 604.53077 | Q21: 549.66986 | R21: 620.47151 | S21: 593.92192 | T21: 546.58219 | U21: 521.44482 | V21: 579.30203 | W21: 595.1491 | X21: 582.51477 | Y21: 605.55945 | AA21: Single parent with 1 child | AC21: 460.8015 | AD21: 476.31348 | AE21: 502.45625 | AF21: 549.34814 | AG21: 611.71243 | AH21: 696.23933 | AI21: 783.83714 | AJ21: 865.18032 | AK21: 923.70874 | AL21: 979.13368 | AM21: 1107.8039 | AN21: 1292.6871 | AO21: 1300.5956
A22: Single parent with 2 children | B22: 1091.96 | C22: 816.63 | E22: Single parent with 2 children | F22: - | G22: 624.64569 | H22: 6.0339355 | J22: Single parent with 2 children | K22: 679.54102 | M22: 668.36679 | N22: 692.73664 | O22: 674.67322 | P22: 708.04044 | Q22: 653.81797 | R22: 723.79566 | S22: 697.55504 | T22: 650.76623 | U22: 625.9214 | V22: 683.10529 | W22: 698.76794 | X22: 686.28065 | Y22: 709.05714 | AA22: Single parent with 2 children | AC22: 570.15225 | AD22: 585.48371 | AE22: 611.32223 | AF22: 657.66841 | AG22: 719.30693 | AH22: 802.85014 | AI22: 889.42852 | AJ22: 969.82505 | AK22: 1027.6723 | AL22: 1082.4523 | AM22: 1209.625 | AN22: 1392.3567 | AO22: 1400.1731
A23: Single parent with 3 children | B23: 1281.9 | C23: 983.73 | E23: Single parent with 3 children | F23: - | G23: 720.27528 | H23: 8.539566 | J23: Single parent with 3 children | K23: 783.914 | M23: 772.3436 | N23: 796.42649 | O23: 778.57577 | P23: 811.5501 | Q23: 757.96608 | R23: 827.1198 | S23: 801.18816 | T23: 754.95028 | U23: 730.39798 | V23: 786.90855 | W23: 802.38677 | X23: 790.04652 | Y23: 812.55483 | AA23: Single parent with 3 children | AD23: 694.65394 | AE23: 720.18822 | AF23: 765.98868 | AG23: 826.90144 | AH23: 909.46096 | AI23: 995.0199 | AJ23: 1074.4698 | AK23: 1131.6359 | AL23: 1185.7709 | AM23: 1311.4462 | AN23: 1492.0263 | AO23: 1499.7507
A24: Single parent with 4 children | B24: 1471.83 | C24: 1150.83
A26: HEAD NOT IN WORKFORCE | J26: Sample Sizes for different family types | AA26: Sydney
A27: Couple | B27: 807.13 | C27: 554.49 | AA27: Couple | AC27: 616.94437 | AD27: 632.24981 | AE27: 658.04448 | AF27: 704.31199 | AG27: 765.84589 | AH27: 849.2473 | AI27: 935.67873 | AJ27: 1015.9388 | AK27: 1073.6879 | AL27: 1128.3749 | AM27: 1255.3318 | AN27: 1437.7533 | AO27: 1445.5564
A28: Couple with 1 child | B28: 997.06 | C28: 721.73 | J28: Couple | K28: 2986 | AA28: Couple with 1 child | AD28: 723.36978 | AE28: 749.3251 | AF28: 795.88076 | AG28: 857.79789 | AH28: 941.71872 | AI28: 1028.6884 | AJ28: 1109.4484 | AK28: 1167.5571 | AL28: 1222.5847 | AM28: 1350.3323 | AN28: 1533.8899 | AO28: 1541.7416
A29: Couple with 2 children | B29: 1187 | C29: 888.83 | J29: Couple with 1 child | K29: 622 | AA29: Couple with 2 children | AD29: 802.61625 | AE29: 828.41656 | AF29: 874.6942 | AG29: 936.24158 | AH29: 1019.6612 | AI29: 1106.1116 | AJ29: 1186.3892 | AK29: 1244.151 | AL29: 1298.8499 | AM29: 1425.8346 | AN29: 1608.296 | AO29: 1616.1009
A30: Couple with 3 children | B30: 1376.93 | C30: 1055.93 | J30: Couple with 2 children | K30: 858 | AA30: Couple with 3 children | AE30: 905.38032 | AF30: 951.62391 | AG30: 1013.126 | AH30: 1096.4843 | AI30: 1182.871 | AJ30: 1263.0896 | AK30: 1320.8088 | AL30: 1375.4675 | AM30: 1502.3587 | AN30: 1684.6859 | AO30: 1692.485
A31: Couple with 4 children | B31: 1566.87 | C31: 1221.18 | J31: Couple with 3 children | K31: 409
A32: Single person | B32: 569.81 | C32: 340.01 | J32: Single person | K32: 2705 | AA32: Single person | AB32: 317.55561 | AC32: 335.36005 | AD32: 350.63856 | AE32: 376.38785 | AF32: 422.57397 | AG32: 483.99961 | AH32: 567.2543 | AI32: 653.53366 | AJ32: 733.65253 | AK32: 791.30004 | AL32: 845.89078 | AM32: 972.62434 | AN32: 1154.7249 | AO32: 1162.5143
A33: Single parent with 1 child | B33: 769.11 | C33: 516.61 | J33: Single parent with 1 child | K33: 228 | AA33: Single parent with 1 child | AC33: 450.02344 | AD33: 465.53543 | AE33: 491.67819 | AF33: 538.57008 | AG33: 600.93437 | AH33: 685.46127 | AI33: 773.05908 | AJ33: 854.40226 | AK33: 912.93068 | AL33: 968.35562 | AM33: 1097.0258 | AN33: 1281.9091 | AO33: 1289.8175
A34: Single parent with 2 children | B34: 959.05 | C34: 683.71 | J34: Single parent with 2 children | K34: 188 | AA34: Single parent with 2 children | AC34: 558.97802 | AD34: 574.30948 | AE34: 600.148 | AF34: 646.49418 | AG34: 708.1327 | AH34: 791.67591 | AI34: 878.25429 | AJ34: 958.65082 | AK34: 1016.4981 | AL34: 1071.278 | AM34: 1198.4508 | AN34: 1381.1825 | AO34: 1388.9989
A35: Single parent with 3 children | B35: 1148.98 | C35: 850.81 | J35: Single parent with 3 children | K35: 112 | AA35: Single parent with 3 children | AD35: 683.08353 | AE35: 708.61781 | AF35: 754.41828 | AG35: 815.33103 | AH35: 897.89055 | AI35: 983.44949 | AJ35: 1062.8994 | AK35: 1120.0655 | AL35: 1174.2005 | AM35: 1299.8758 | AN35: 1480.4559 | AO35: 1488.1803
A36: Single parent with 4 children | B36: 1338.92 | C36: 1017.92 | J36: Total | K36: 8108
AA38: Balance of NSW
AA39: Couple | AC39: 641.27285 | AD39: 656.57829 | AE39: 682.37296 | AF39: 728.64047 | AG39: 790.17438 | AH39: 873.57578 | AI39: 960.00721 | AJ39: 1040.2673 | AK39: 1098.0164 | AL39: 1152.7033 | AM39: 1279.6603 | AN39: 1462.0817 | AO39: 1469.8849
J40: Sample Sizes for the different income categories (expressed in 2015 dollars) | AA40: Couple with 1 child | AD40: 747.84978 | AE40: 773.8051 | AF40: 820.36076 | AG40: 882.27789 | AH40: 966.19872 | AI40: 1053.1684 | AJ40: 1133.9284 | AK40: 1192.0371 | AL40: 1247.0647 | AM40: 1374.8123 | AN40: 1558.3699 | AO40: 1566.2216
J41: $20,000 or less | K41: 261 | AA41: Couple with 2 children | AD41: 826.95006 | AE41: 852.75037 | AF41: 899.02801 | AG41: 960.57538 | AH41: 1043.995 | AI41: 1130.4454 | AJ41: 1210.723 | AK41: 1268.4848 | AL41: 1323.1837 | AM41: 1450.1684 | AN41: 1632.6298 | AO41: 1640.4347
J42: $20,000 to $30,000 | K42: 1352 | AA42: Couple with 3 children | AE42: 929.69623 | AF42: 975.93981 | AG42: 1037.4419 | AH42: 1120.8002 | AI42: 1207.1869 | AJ42: 1287.4055 | AK42: 1345.1247 | AL42: 1399.7834 | AM42: 1526.6746 | AN42: 1709.0018 | AO42: 1716.8009
J43: $30,000 to $40,000 | K43: 1074
J44: $40,000 to $50,000 | K44: 734 | AA44: Single person | AB44: 341.84129 | AC44: 359.64574 | AD44: 374.92425 | AE44: 400.67354 | AF44: 446.85965 | AG44: 508.2853 | AH44: 591.53998 | AI44: 677.81934 | AJ44: 757.93822 | AK44: 815.58572 | AL44: 870.17646 | AM44: 996.91002 | AN44: 1179.0106 | AO44: 1186.8
J45: $50,000 to $60,000 | K45: 581 | AA45: Single parent with 1 child | AC45: 474.68024 | AD45: 490.19222 | AE45: 516.33498 | AF45: 563.22687 | AG45: 625.59117 | AH45: 710.11807 | AI45: 797.71588 | AJ45: 879.05905 | AK45: 937.58747 | AL45: 993.01241 | AM45: 1121.6826 | AN45: 1306.5659 | AO45: 1314.4743
J46: $60,000 to $80,000 | K46: 889 | AA46: Single parent with 2 children | AC46: 583.34786 | AD46: 598.67932 | AE46: 624.51785 | AF46: 670.86403 | AG46: 732.50255 | AH46: 816.04576 | AI46: 902.62413 | AJ46: 983.02067 | AK46: 1040.868 | AL46: 1095.6479 | AM46: 1222.8207 | AN46: 1405.5523 | AO46: 1413.3687
J47: $80,000 to $100,000 | K47: 735 | AA47: Single parent with 3 children | AD47: 707.16643 | AE47: 732.70072 | AF47: 778.50119 | AG47: 839.41393 | AH47: 921.97345 | AI47: 1007.5324 | AJ47: 1086.9823 | AK47: 1144.1484 | AL47: 1198.2834 | AM47: 1323.9587 | AN47: 1504.5388 | AO47: 1512.2632
J48: $100,000 to $120,000 | K48: 598
J49: $120,000 to $140,000 | K49: 457
J50: $140,000 to $160,000 | K50: 350 | AA50: Melbourne
J51: $160,000 to $200,000 | K51: 452 | AA51: Couple | AC51: 623.2401 | AD51: 638.54553 | AE51: 664.3402 | AF51: 710.60772 | AG51: 772.14162 | AH51: 855.54303 | AI51: 941.97445 | AJ51: 1022.2345 | AK51: 1079.9836 | AL51: 1134.6706 | AM51: 1261.6275 | AN51: 1444.049 | AO51: 1451.8522
J52: $200,000 to $250,000 | K52: 331 | AA52: Couple with 1 child | AD52: 729.70472 | AE52: 755.66003 | AF52: 802.2157 | AG52: 864.13283 | AH52: 948.05366 | AI52: 1035.0234 | AJ52: 1115.7833 | AK52: 1173.8921 | AL52: 1228.9196 | AM52: 1356.6672 | AN52: 1540.2248 | AO52: 1548.0766
J53: $250,000 to $300,000 | K53: 113 | AA53: Couple with 2 children | AD53: 808.91335 | AE53: 834.71367 | AF53: 880.99131 | AG53: 942.53868 | AH53: 1025.9583 | AI53: 1112.4087 | AJ53: 1192.6863 | AK53: 1250.4481 | AL53: 1305.147 | AM53: 1432.1317 | AN53: 1614.5931 | AO53: 1622.398
J54: $300,000 to $500,000 | K54: 181 | AA54: Couple with 3 children | AE54: 911.67279 | AF54: 957.91638 | AG54: 1019.4185 | AH54: 1102.7767 | AI54: 1189.1635 | AJ54: 1269.382 | AK54: 1327.1013 | AL54: 1381.7599 | AM54: 1508.6512 | AN54: 1690.9784 | AO54: 1698.7775
J56: Total | K56: 8108 | AA56: Single person | AB56: 323.84026 | AC56: 341.6447 | AD56: 356.92321 | AE56: 382.6725 | AF56: 428.85862 | AG56: 490.28426 | AH56: 573.53894 | AI56: 659.81831 | AJ56: 739.93718 | AK56: 797.58469 | AL56: 852.17543 | AM56: 978.90899 | AN56: 1161.0095 | AO56: 1168.799
AA57: Single parent with 1 child | AC57: 456.40413 | AD57: 471.91611 | AE57: 498.05888 | AF57: 544.95076 | AG57: 607.31506 | AH57: 691.84196 | AI57: 779.43977 | AJ57: 860.78294 | AK57: 919.31136 | AL57: 974.73631 | AM57: 1103.4065 | AN57: 1288.2897 | AO57: 1296.1982
AA58: Single parent with 2 children | AC58: 565.28445 | AD58: 580.61591 | AE58: 606.45443 | AF58: 652.80061 | AG58: 714.43913 | AH58: 797.98234 | AI58: 884.56072 | AJ58: 964.95725 | AK58: 1022.8045 | AL58: 1077.5845 | AM58: 1204.7572 | AN58: 1387.4889 | AO58: 1395.3053
AA59: Single parent with 3 children | AD59: 689.3157 | AE59: 714.84999 | AF59: 760.65046 | AG59: 821.56321 | AH59: 904.12272 | AI59: 989.68167 | AJ59: 1069.1316 | AK59: 1126.2977 | AL59: 1180.4326 | AM59: 1306.108 | AN59: 1486.688 | AO59: 1494.4124
AA62: Balance of VIC
AA63: Couple | AC63: 656.55068 | AD63: 671.85611 | AE63: 697.65078 | AF63: 743.9183 | AG63: 805.4522 | AH63: 888.85361 | AI63: 975.28503 | AJ63: 1055.5451 | AK63: 1113.2942 | AL63: 1167.9812 | AM63: 1294.9381 | AN63: 1477.3596 | AO63: 1485.1627
AA64: Couple with 1 child | AD64: 763.22275 | AE64: 789.17807 | AF64: 835.73373 | AG64: 897.65087 | AH64: 981.57169 | AI64: 1068.5414 | AJ64: 1149.3013 | AK64: 1207.4101 | AL64: 1262.4376 | AM64: 1390.1852 | AN64: 1573.7428 | AO64: 1581.5946
AA65: Couple with 2 children | AD65: 842.23122 | AE65: 868.03154 | AF65: 914.30918 | AG65: 975.85655 | AH65: 1059.2762 | AI65: 1145.7266 | AJ65: 1226.0042 | AK65: 1283.7659 | AL65: 1338.4649 | AM65: 1465.4496 | AN65: 1647.911 | AO65: 1655.7159
AA66: Couple with 3 children | AE66: 944.96615 | AF66: 991.20973 | AG66: 1052.7118 | AH66: 1136.0701 | AI66: 1222.4568 | AJ66: 1302.6754 | AK66: 1360.3946 | AL66: 1415.0533 | AM66: 1541.9446 | AN66: 1724.2717 | AO66: 1732.0708
AA68: Single person | AB68: 357.09224 | AC68: 374.89668 | AD68: 390.17519 | AE68: 415.92448 | AF68: 462.1106 | AG68: 523.53624 | AH68: 606.79092 | AI68: 693.07029 | AJ68: 773.18916 | AK68: 830.83667 | AL68: 885.4274 | AM68: 1012.161 | AN68: 1194.2615 | AO68: 1202.051
AA69: Single parent with 1 child | AC69: 490.16423 | AD69: 505.67622 | AE69: 531.81898 | AF69: 578.71087 | AG69: 641.07516 | AH69: 725.60206 | AI69: 813.19987 | AJ69: 894.54305 | AK69: 953.07147 | AL69: 1008.4964 | AM69: 1137.1666 | AN69: 1322.0498 | AO69: 1329.9583
AA70: Single parent with 2 children | AC70: 598.65166 | AD70: 613.98312 | AE70: 639.82165 | AF70: 686.16783 | AG70: 747.80635 | AH70: 831.34956 | AI70: 917.92793 | AJ70: 998.32447 | AK70: 1056.1718 | AL70: 1110.9517 | AM70: 1238.1245 | AN70: 1420.8561 | AO70: 1428.6725
AA71: Single parent with 3 children | AD71: 722.29003 | AE71: 747.82431 | AF71: 793.62478 | AG71: 854.53754 | AH71: 937.09705 | AI71: 1022.656 | AJ71: 1102.1059 | AK71: 1159.272 | AL71: 1213.407 | AM71: 1339.0823 | AN71: 1519.6624 | AO71: 1527.3868
AA74: Brisbane
AA75: Couple | AC75: 602.42025 | AD75: 617.72569 | AE75: 643.52036 | AF75: 689.78787 | AG75: 751.32177 | AH75: 834.72318 | AI75: 921.1546 | AJ75: 1001.4147 | AK75: 1059.1638 | AL75: 1113.8507 | AM75: 1240.8076 | AN75: 1423.2291 | AO75: 1431.0323
AA76: Couple with 1 child | AD76: 708.7552 | AE76: 734.71052 | AF76: 781.26619 | AG76: 843.18332 | AH76: 927.10414 | AI76: 1014.0739 | AJ76: 1094.8338 | AK76: 1152.9425 | AL76: 1207.9701 | AM76: 1335.7177 | AN76: 1519.2753 | AO76: 1527.1271
AA77: Couple with 2 children | AD77: 788.08895 | AE77: 813.88927 | AF77: 860.16691 | AG77: 921.71428 | AH77: 1005.1339 | AI77: 1091.5843 | AJ77: 1171.8619 | AK77: 1229.6237 | AL77: 1284.3226 | AM77: 1411.3073 | AN77: 1593.7687 | AO77: 1601.5736
AA78: Couple with 3 children | AE78: 890.86372 | AF78: 937.1073 | AG78: 998.60938 | AH78: 1081.9677 | AI78: 1168.3544 | AJ78: 1248.573 | AK78: 1306.2922 | AL78: 1360.9509 | AM78: 1487.8421 | AN78: 1670.1693 | AO78: 1677.9684
AA80: Single person | AB80: 303.05704 | AC80: 320.86148 | AD80: 336.14 | AE80: 361.88928 | AF80: 408.0754 | AG80: 469.50105 | AH80: 552.75573 | AI80: 639.03509 | AJ80: 719.15397 | AK80: 776.80147 | AL80: 831.39221 | AM80: 958.12577 | AN80: 1140.2263 | AO80: 1148.0158
AA81: Single parent with 1 child | AC81: 435.30332 | AD81: 450.8153 | AE81: 476.95807 | AF81: 523.84996 | AG81: 586.21425 | AH81: 670.74115 | AI81: 758.33896 | AJ81: 839.68213 | AK81: 898.21055 | AL81: 953.6355 | AM81: 1082.3057 | AN81: 1267.1889 | AO81: 1275.0974
AA82: Single parent with 2 children | AC82: 544.4292 | AD82: 559.76066 | AE82: 585.59919 | AF82: 631.94536 | AG82: 693.58389 | AH82: 777.1271 | AI82: 863.70548 | AJ82: 944.10201 | AK82: 1001.9493 | AL82: 1056.7292 | AM82: 1183.902 | AN82: 1366.6336 | AO82: 1374.4501
AA83: Single parent with 3 children | AD83: 668.70602 | AE83: 694.2403 | AF83: 740.04077 | AG83: 800.95352 | AH83: 883.51304 | AI83: 969.07199 | AJ83: 1048.5219 | AK83: 1105.688 | AL83: 1159.823 | AM83: 1285.4983 | AN83: 1466.0784 | AO83: 1473.8028
AA86: Balance of QLD
AA87: Couple | AC87: 672.27916 | AD87: 687.5846 | AE87: 713.37927 | AF87: 759.64678 | AG87: 821.18068 | AH87: 904.58209 | AI87: 991.01351 | AJ87: 1071.2736 | AK87: 1129.0227 | AL87: 1183.7096 | AM87: 1310.6666 | AN87: 1493.088 | AO87: 1500.8912
AA88: Couple with 1 child | AD88: 779.04919 | AE88: 805.00451 | AF88: 851.56017 | AG88: 913.4773 | AH88: 997.39813 | AI88: 1084.3678 | AJ88: 1165.1278 | AK88: 1223.2365 | AL88: 1278.2641 | AM88: 1406.0117 | AN88: 1589.5693 | AO88: 1597.421
AA89: Couple with 2 children | AD89: 857.96315 | AE89: 883.76347 | AF89: 930.04111 | AG89: 991.58848 | AH89: 1075.0081 | AI89: 1161.4585 | AJ89: 1241.7361 | AK89: 1299.4979 | AL89: 1354.1968 | AM89: 1481.1815 | AN89: 1663.6429 | AO89: 1671.4478
AA90: Couple with 3 children | AE90: 960.6865 | AF90: 1006.9301 | AG90: 1068.4322 | AH90: 1151.7904 | AI90: 1238.1772 | AJ90: 1318.3957 | AK90: 1376.115 | AL90: 1430.7736 | AM90: 1557.6649 | AN90: 1739.992 | AO90: 1747.7912
AA92: Single person | AB92: 372.79305 | AC92: 390.59749 | AD92: 405.876 | AE92: 431.62529 | AF92: 477.81141 | AG92: 539.23705 | AH92: 622.49173 | AI92: 708.7711 | AJ92: 788.88997 | AK92: 846.53748 | AL92: 901.12822 | AM92: 1027.8618 | AN92: 1209.9623 | AO92: 1217.7518
AA93: Single parent with 1 child | AC93: 506.10497 | AD93: 521.61695 | AE93: 547.75972 | AF93: 594.6516 | AG93: 657.0159 | AH93: 741.5428 | AI93: 829.14061 | AJ93: 910.48378 | AK93: 969.0122 | AL93: 1024.4371 | AM93: 1153.1073 | AN93: 1337.9906 | AO93: 1345.8991
AA94: Single parent with 2 children | AC94: 614.40689 | AD94: 629.73835 | AE94: 655.57687 | AF94: 701.92305 | AG94: 763.56157 | AH94: 847.10478 | AI94: 933.68316 | AJ94: 1014.0797 | AK94: 1071.927 | AL94: 1126.7069 | AM94: 1253.8797 | AN94: 1436.6113 | AO94: 1444.4278
AA95: Single parent with 3 children | AD95: 737.85974 | AE95: 763.39403 | AF95: 809.19449 | AG95: 870.10724 | AH95: 952.66676 | AI95: 1038.2257 | AJ95: 1117.6756 | AK95: 1174.8418 | AL95: 1228.9767 | AM95: 1354.652 | AN95: 1535.2321 | AO95: 1542.9565
AA98: Adelaide
AA99: Couple | AC99: 646.08308 | AD99: 661.38852 | AE99: 687.18319 | AF99: 733.4507 | AG99: 794.9846 | AH99: 878.38601 | AI99: 964.81744 | AJ99: 1045.0775 | AK99: 1102.8266 | AL99: 1157.5136 | AM99: 1284.4705 | AN99: 1466.892 | AO99: 1474.6951
AA100: Couple with 1 child | AD100: 752.68997 | AE100: 778.64528 | AF100: 825.20095 | AG100: 887.11808 | AH100: 971.03891 | AI100: 1058.0086 | AJ100: 1138.7685 | AK100: 1196.8773 | AL100: 1251.9048 | AM100: 1379.6524 | AN100: 1563.21 | AO100: 1571.0618
AA101: Couple with 2 children | AD101: 831.76134 | AE101: 857.56165 | AF101: 903.83929 | AG101: 965.38666 | AH101: 1048.8063 | AI101: 1135.2567 | AJ101: 1215.5343 | AK101: 1273.2961 | AL101: 1327.995 | AM101: 1454.9797 | AN101: 1637.4411 | AO101: 1645.246
AA102: Couple with 3 children | AE102: 934.50397 | AF102: 980.74755 | AG102: 1042.2496 | AH102: 1125.6079 | AI102: 1211.9946 | AJ102: 1292.2132 | AK102: 1349.9324 | AL102: 1404.5911 | AM102: 1531.4824 | AN102: 1713.8095 | AO102: 1721.6087
AA104: Single person | AB104: 346.64306 | AC104: 364.4475 | AD104: 379.72601 | AE104: 405.4753 | AF104: 451.66142 | AG104: 513.08706 | AH104: 596.34174 | AI104: 682.62111 | AJ104: 762.73998 | AK104: 820.38748 | AL104: 874.97823 | AM104: 1001.7118 | AN104: 1183.8123 | AO104: 1191.6018
AA105: Single parent with 1 child | AC105: 479.55538 | AD105: 495.06736 | AE105: 521.21013 | AF105: 568.10201 | AG105: 630.46631 | AH105: 714.99321 | AI105: 802.59102 | AJ105: 883.93419 | AK105: 942.46261 | AL105: 997.88756 | AM105: 1126.5577 | AN105: 1311.441 | AO105: 1319.3495
AA106: Single parent with 2 children | AC106: 588.16627 | AD106: 603.49773 | AE106: 629.33625 | AF106: 675.68243 | AG106: 737.32096 | AH106: 820.86416 | AI106: 907.44254 | AJ106: 987.83908 | AK106: 1045.6864 | AL106: 1100.4663 | AM106: 1227.6391 | AN106: 1410.3707 | AO106: 1418.1872
AA107: Single parent with 3 children | AD107: 711.9281 | AE107: 737.46238 | AF107: 783.26285 | AG107: 844.17561 | AH107: 926.73512 | AI107: 1012.2941 | AJ107: 1091.744 | AK107: 1148.9101 | AL107: 1203.045 | AM107: 1328.7204 | AN107: 1509.3004 | AO107: 1517.0248
AA110: Balance of SA
AA111: Couple | AC111: 599.37368 | AD111: 614.67912 | AE111: 640.47379 | AF111: 686.74131 | AG111: 748.27521 | AH111: 831.67662 | AI111: 918.10804 | AJ111: 998.36811 | AK111: 1056.1172 | AL111: 1110.8042 | AM111: 1237.7611 | AN111: 1420.1826 | AO111: 1427.9858
AA112: Couple with 1 child | AD112: 705.68967 | AE112: 731.64498 | AF112: 778.20065 | AG112: 840.11778 | AH112: 924.03861 | AI112: 1011.0083 | AJ112: 1091.7683 | AK112: 1149.877 | AL112: 1204.9045 | AM112: 1332.6521 | AN112: 1516.2097 | AO112: 1524.0615
AA113: Couple with 2 children | AD113: 785.04172 | AE113: 810.84203 | AF113: 857.11967 | AG113: 918.66704 | AH113: 1002.0867 | AI113: 1088.5371 | AJ113: 1168.8147 | AK113: 1226.5764 | AL113: 1281.2754 | AM113: 1408.2601 | AN113: 1590.7215 | AO113: 1598.5264
AA114: Couple with 3 children | AE114: 887.81873 | AF114: 934.06231 | AG114: 995.56439 | AH114: 1078.9227 | AI114: 1165.3094 | AJ114: 1245.528 | AK114: 1303.2472 | AL114: 1357.9059 | AM114: 1484.7971 | AN114: 1667.1243 | AO114: 1674.9234
AA116: Single person | AB116: 300.01584 | AC116: 317.82028 | AD116: 333.09879 | AE116: 358.84808 | AF116: 405.0342 | AG116: 466.45984 | AH116: 549.71452 | AI116: 635.99389 | AJ116: 716.11276 | AK116: 773.76026 | AL116: 828.351 | AM116: 955.08457 | AN116: 1137.1851 | AO116: 1144.9746
AA117: Single parent with 1 child | AC117: 432.21564 | AD117: 447.72763 | AE117: 473.87039 | AF117: 520.76228 | AG117: 583.12657 | AH117: 667.65347 | AI117: 755.25128 | AJ117: 836.59446 | AK117: 895.12288 | AL117: 950.54782 | AM117: 1079.218 | AN117: 1264.1013 | AO117: 1272.0097
AA118: Single parent with 2 children | AC118: 541.37746 | AD118: 556.70892 | AE118: 582.54744 | AF118: 628.89362 | AG118: 690.53214 | AH118: 774.07535 | AI118: 860.65373 | AJ118: 941.05026 | AK118: 998.89755 | AL118: 1053.6775 | AM118: 1180.8503 | AN118: 1363.5819 | AO118: 1371.3983
...

Sheet Schedule of Changes
A1: Change date | B1: Change's made | C1: Changed by
A2: 44733 | B2: HEM updated to inlcude Drop In Table received from Perpetual on the 13/5/22 | C2: CCO - Taryn Pontifex
B3: Mortgage registration fees for each state updated in the Fees tab - effective 1 July 2022
B4: New MX Lending Consultant added to "Submitted by" Table - Adiyva Gharde
B5: Interest rates updated to reflect changes effective the 23rd June 2022 - increase
A6: 44762 | B6: Interest rates updated to reflect changes effective the 21st July 2022 - increase | C6: SMC- Justin Howell
B7: HELP table updated to reflect changes for FY23
B8: Confirmation added that tax rates and medicare levy surcharge remains unchanged for FY23
A9: 44763 | B9: Updated fee tab to inlcude ACT's registraton fees | C9: CCO - Taryn Pontifex
B10: Amended Valuation and LMI calculator in the fee tab to include the standard valuation cost now covered by MOVE Bank.
A11: 44791 | B11: HEM updated to inlcude Drop In Table received from Perpetual on the 12/8/22 | C11: SMC- Justin Howell
B12: Interest rates updated to reflect changes effective the 22nd August 2022 - increase
B13: Living expenses amended to reflect new budget requested from applicants
B14: Private school fees added as an option for other commitments on the Worksheet tab
A15: 44809 | B15: New Straightforward Plus product added | C15: SMC- Justin Howell
B16: 2 Year Fixed Rate Interest rates updated to reflect changes effective the 5th September 2022
A17: 44827 | B17: Interest rates updated to reflect changes effective the 23rd September 2022 - increase | C17: SMC- Justin Howell
A18: 44847 | B18: Interest rates updated to reflect changes effective the 14th October 2022 - increase new car loans | C18: SMC- Justin Howell
A19: 44852 | B19: Interest rates updated to reflect changes effective the 24th October 2022 - increase & decrease of S/Forward Plus | C19: SMC- Justin Howell
A20: 44869 | B20: Adjusted DLAs for Senior Loan Assessors to allow them to approve 100% NSR for non mortgage loans. | C20: SMC- Justin Howell
B21: Removed Taryn Pontifex as an approval officer
A22: 44896 | B22: HEM updated to inlcude Drop In Table received from Perpetual on the 14/11/22 | C22: SMC- Justin Howell
B23: Interest rates updated to reflect changes effective the 1st December 2022 - increase
A24: 44918 | B24: Special Offer Personal Loan removed from sale | C24: SMC- Justin Howell
B25: Interest rates updated to reflect changes effective the 23rd December 2022 - increase
B26: DLAs updated to reflect policy amendments dated 6/12/22
B27: Floor rate raised to 7% as per policy amendments dated 6/12/22
B28: Renee Singh, Sarah Haines & Julie O'Regan added as loan submitters. Ebony Gladden, Tracy Morris & Maui Bernadas removed
A29: 44979 | B29: HEM updated to inlcude Drop In Table received from Perpetual on the 12/2/23 | C29: SMC- Justin Howell
B30: Interest rates updated to reflect changes effective the 22nd February 2023 - increase & > 80% loading on SW Plus
B31: Removed Therese Turner as an approval officer, added Mel Treacy & Teri Hawkins
B32: Removed Matt Dam & Ina Sander as submitting officers. Added Scott Uren.
A34: 45008 | B34: Interest rates updated to reflect changes effective the 23rd March 2023 - increase | C34: SMC- Justin Howell
B35: Removed Ashlee Atkins & Sarah Haines as submitting officers. Added Joe Gavarra.
B36: Added Mike Currie as approving officer for loans and waivers. Removed Mel Treacy
A39: 45049 | B39: Removed Eliott Hayes & Renee Singh as submitting officers. Added Jordan Bentley & Stu Ronneberg. | C39: SMC- Justin Howell
B40: Interest rates updated to reflect changes effective the 3rd May 2023 - increase 1 FRL
A41: 45070 | B41: Interest rates updated to reflect changes effective the 24th May 2023 - increase across the board | C41: SMC- Justin Howell
B42: HEM updated to inlcude Drop In Table received from Perpetual on the 22/5/23
A43: 45100 | B43: Amended Senior Credit Assessor and Credit Assessor DLAs as per policy change dated 16/6/23 | C43: SMC- Justin Howell
B44: Added Taryn Ponitfex as approving officer and amended CCO DLA to COO
B45: Interest rates updated to reflect changes effective the 23rd June 2023 - increase across the board
B46: HELP table updated to reflect changes for FY24
B47: Medicare Levy surcharge figures updated to reflect change for FY24
B48: Confirmation added that tax rates and medicare levy remains unchanged for FY24
B49: Mortgage registration fees for each state updated in the Fees tab - effective 1 July 2023
A50: 45142 | B50: Interest rates updated to reflect changes effective the 4th August 2023 - increase to fixed rates | C50: SMC- Justin Howell
A51: 45170 | B51: Interest rates updated to reflect changes effective the 1st September 2023 - increase to fixed rates, new car loans and SF Plus suite | C51: SMC- Justin Howell
B52: HEM updated to inlcude Drop In Table received from Perpetual on the 15/8/23
A53: 45252 | B53: Interest rates updated to reflect changes effective the 22nd November 2023 - increase across the for variable rate loans | C53: SMC- Justin Howell
B54: DLAs updated to reflect policy amendments dated November
A55: 45470 | B55: Update 2024-2025 income tax brackets, Medicare thresholds and HELP brackets | C55: CLM - Kellie Towerton
A56: 45475 | B56: Update 2024-2025 registration fees | C56: CLM - Kellie Towerton
A57: 45511 | B57: Interest rates updated to reflect changes effective the 15/08/2024 - increase across the board | C57: CLM - Kellie Towerton
A58: 45594 | B58: Updated DLA's, Titles, added construction and self-employed tab | C58: CLM - Kellie Towerton
A59: 45615 | B59: HEM updated to included Drop In Table received from Perpetual on 15/11/2024 | C59: CLM - Kellie Towerton
A60: 45685 | B60: Rate Change applied, Public school fees renamed to school fees | C60: CTL - Teri Hawkins
A61: 45709 | B61: Rate change applied (reduction of all variable products), reduction of overdraft products, floor rate reduction, HEM update, Delegation in loan limit changes for personal loans | C61: CLM - Kellie Towerton
A62: 45756 | B62: Amended car loan interest rates - reduction as at 11 April | C62: CLM - Kellie Towerton
A63: 45793 | B63: HEM updated to included Drop In Table received from Perpetual on 15/05/2024 | C63: CLM - Kellie Towerton
A64: 45809 | B64: Rate change applied (reduction in variable rate products). | C64: CLM - Kellie Towerton
A65: 45833 | B65: Medicare Levy surcharge figures updated to reflect change for FY25, HELP brackets, 25-26 reg fees | C65: CLM - Kellie Towerton
A66: 45839 | B66: Annual change to Tax, Medicare Levey surcharge, HELP and registration fees | C66: CLM - Kellie Towerton
... A80: 46266 | B80: updated fees table, added negative gearing tables, HEM update, Tax update | C80: CRM - Teri Hawkins

Sheet Living Expenses
A1: Living Expenses | E1: =+NOW() -> 46266.373
A3: Applicant | B3: =+Worksheet!C8 -> 0 | C3: =+Worksheet!B4 -> 0
A4: Assessment | B4: Member Declared | F4: Assessed - Statement/Proviso Review | L4: Legend
A5: Groceries | B5: Amount | C5: Freq | D5: Monthly | E5: =D6 -> 1 | F5: Amount | G5: Freq | H5: Monthly | I5: =H6 -> 1 | L5: Annual | M5: A
B6: 1 | C6: M | D6: =+IF(C6="",B6*0,IF(C6="A",B6/12,IF(C6="H",B6/6,IF(C6="Q",B6/3,IF(C6="M",B6,IF(C6="B",B6*2,IF(C6="F",B6*26/12,IF(C6="W",B6*52/12))))))))*E6 -> 1 | E6: =+IF(B6>0,IF(C6="","error",1)) -> 1 | F6: 1 | G6: M | H6: =+IF(G6="",F6*0,IF(G6="A",F6/12,IF(G6="H",F6/6,IF(G6="Q",F6/3,IF(G6="M",F6,IF(G6="B",F6*2,IF(G6="F",F6*26/12,IF(G6="W",F6*52/12))))))))*I6 -> 1 | I6: =+IF(F6>0,IF(G6="","error",1)) -> 1 | L6: Half Yearly | M6: H
A7: Clothing & Personal Care | B7: Amount | C7: Freq | D7: Monthly | E7: =D8 -> 0 | F7: Amount | G7: Freq | H7: Monthly | I7: =H8 -> 0 | L7: Quarterly | M7: Q
C8: M | D8: =+IF(C8="",B8*0,IF(C8="A",B8/12,IF(C8="H",B8/6,IF(C8="Q",B8/3,IF(C8="M",B8,IF(C8="B",B8*2,IF(C8="F",B8*26/12,IF(C8="W",B8*52/12))))))))*E8 -> 0 | E8: =+IF(B8>0,IF(C8="","error",1)) -> FALSE | G8: M | H8: =+IF(G8="",F8*0,IF(G8="A",F8/12,IF(G8="H",F8/6,IF(G8="Q",F8/3,IF(G8="M",F8,IF(G8="B",F8*2,IF(G8="F",F8*26/12,IF(G8="W",F8*52/12))))))))*I8 -> 0 | I8: =+IF(F8>0,IF(G8="","error",1)) -> FALSE | L8: Monthly | M8: M
A9: Recreation & Entertainment | B9: Amount | C9: Freq | D9: Monthly | E9: =D10 -> 0 | F9: Amount | G9: Freq | H9: Monthly | I9: =H10 -> 0 | L9: Bi Monthly | M9: B
C10: M | D10: =+IF(C10="",B10*0,IF(C10="A",B10/12,IF(C10="H",B10/6,IF(C10="Q",B10/3,IF(C10="M",B10,IF(C10="B",B10*2,IF(C10="F",B10*26/12,IF(C10="W",B10*52/12))))))))*E10 -> 0 | E10: =+IF(B10>0,IF(C10="","error",1)) -> FALSE | G10: M | H10: =+IF(G10="",F10*0,IF(G10="A",F10/12,IF(G10="H",F10/6,IF(G10="Q",F10/3,IF(G10="M",F10,IF(G10="B",F10*2,IF(G10="F",F10*26/12,IF(G10="W",F10*52/12))))))))*I10 -> 0 | I10: =+IF(F10>0,IF(G10="","error",1)) -> FALSE | L10: Fortnightly | M10: F
A11: Telephone, Internet, Pay TV and Streaming Services | B11: Amount | C11: Freq | D11: Monthly | E11: =D12 -> 0 | F11: Amount | G11: Freq | H11: Monthly | I11: =H12 -> 0 | L11: Weekly | M11: W
C12: M | D12: =+IF(C12="",B12*0,IF(C12="A",B12/12,IF(C12="H",B12/6,IF(C12="Q",B12/3,IF(C12="M",B12,IF(C12="B",B12*2,IF(C12="F",B12*26/12,IF(C12="W",B12*52/12))))))))*E12 -> 0 | E12: =+IF(B12>0,IF(C12="","error",1)) -> FALSE | G12: M | H12: =+IF(G12="",F12*0,IF(G12="A",F12/12,IF(G12="H",F12/6,IF(G12="Q",F12/3,IF(G12="M",F12,IF(G12="B",F12*2,IF(G12="F",F12*26/12,IF(G12="W",F12*52/12))))))))*I12 -> 0 | I12: =+IF(F12>0,IF(G12="","error",1)) -> FALSE
A13: Transport | B13: Amount | C13: Freq | D13: Monthly | E13: =D14 -> 0 | F13: Amount | G13: Freq | H13: Monthly | I13: =H14 -> 0
C14: M | D14: =+IF(C14="",B14*0,IF(C14="A",B14/12,IF(C14="H",B14/6,IF(C14="Q",B14/3,IF(C14="M",B14,IF(C14="B",B14*2,IF(C14="F",B14*26/12,IF(C14="W",B14*52/12))))))))*E14 -> 0 | E14: =+IF(B14>0,IF(C14="","error",1)) -> FALSE | G14: M | H14: =+IF(G14="",F14*0,IF(G14="A",F14/12,IF(G14="H",F14/6,IF(G14="Q",F14/3,IF(G14="M",F14,IF(G14="B",F14*2,IF(G14="F",F14*26/12,IF(G14="W",F14*52/12))))))))*I14 -> 0 | I14: =+IF(F14>0,IF(G14="","error",1)) -> FALSE
A15: Primary Residence Running Costs | B15: Amount | C15: Freq | D15: Monthly | E15: =D16 -> 0 | F15: Amount | G15: Freq | H15: Monthly | I15: =H16 -> 0
C16: M | D16: =+IF(C16="",B16*0,IF(C16="A",B16/12,IF(C16="H",B16/6,IF(C16="Q",B16/3,IF(C16="M",B16,IF(C16="B",B16*2,IF(C16="F",B16*26/12,IF(C16="W",B16*52/12))))))))*E16 -> 0 | E16: =+IF(B16>0,IF(C16="","error",1)) -> FALSE | G16: M | H16: =+IF(G16="",F16*0,IF(G16="A",F16/12,IF(G16="H",F16/6,IF(G16="Q",F16/3,IF(G16="M",F16,IF(G16="B",F16*2,IF(G16="F",F16*26/12,IF(G16="W",F16*52/12))))))))*I16 -> 0 | I16: =+IF(F16>0,IF(G16="","error",1)) -> FALSE
A17: Investment Property Running Costs | B17: Amount | C17: Freq | D17: Monthly | E17: =D18 -> 0 | F17: Amount | G17: Freq | H17: Monthly | I17: =H18 -> 0
C18: M | D18: =+IF(C18="",B18*0,IF(C18="A",B18/12,IF(C18="H",B18/6,IF(C18="Q",B18/3,IF(C18="M",B18,IF(C18="B",B18*2,IF(C18="F",B18*26/12,IF(C18="W",B18*52/12))))))))*E18 -> 0 | E18: =+IF(B18>0,IF(C18="","error",1)) -> FALSE | G18: M | H18: =+IF(G18="",F18*0,IF(G18="A",F18/12,IF(G18="H",F18/6,IF(G18="Q",F18/3,IF(G18="M",F18,IF(G18="B",F18*2,IF(G18="F",F18*26/12,IF(G18="W",F18*52/12))))))))*I18 -> 0 | I18: =+IF(F18>0,IF(G18="","error",1)) -> FALSE
A19: Medical and Health | B19: Amount | C19: Freq | D19: Monthly | E19: =D20 -> 0 | F19: Amount | G19: Freq | H19: Monthly | I19: =H20 -> 0
C20: M | D20: =+IF(C20="",B20*0,IF(C20="A",B20/12,IF(C20="H",B20/6,IF(C20="Q",B20/3,IF(C20="M",B20,IF(C20="B",B20*2,IF(C20="F",B20*26/12,IF(C20="W",B20*52/12))))))))*E20 -> 0 | E20: =+IF(B20>0,IF(C20="","error",1)) -> FALSE | G20: M | H20: =+IF(G20="",F20*0,IF(G20="A",F20/12,IF(G20="H",F20/6,IF(G20="Q",F20/3,IF(G20="M",F20,IF(G20="B",F20*2,IF(G20="F",F20*26/12,IF(G20="W",F20*52/12))))))))*I20 -> 0 | I20: =+IF(F20>0,IF(G20="","error",1)) -> FALSE
A21: Health Insurance | B21: Amount | C21: Freq | D21: Monthly | E21: =D22 -> 0 | F21: Amount | G21: Freq | H21: Monthly | I21: =H22 -> 0
C22: M | D22: =+IF(C22="",B22*0,IF(C22="A",B22/12,IF(C22="H",B22/6,IF(C22="Q",B22/3,IF(C22="M",B22,IF(C22="B",B22*2,IF(C22="F",B22*26/12,IF(C22="W",B22*52/12))))))))*E22 -> 0 | E22: =+IF(B22>0,IF(C22="","error",1)) -> FALSE | G22: M | H22: =+IF(G22="",F22*0,IF(G22="A",F22/12,IF(G22="H",F22/6,IF(G22="Q",F22/3,IF(G22="M",F22,IF(G22="B",F22*2,IF(G22="F",F22*26/12,IF(G22="W",F22*52/12))))))))*I22 -> 0 | I22: =+IF(F22>0,IF(G22="","error",1)) -> FALSE
A23: General Basic Insurances | B23: Amount | C23: Freq | D23: Monthly | E23: =D24 -> 0 | F23: Amount | G23: Freq | H23: Monthly | I23: =H24 -> 0
C24: M | D24: =+IF(C24="",B24*0,IF(C24="A",B24/12,IF(C24="H",B24/6,IF(C24="Q",B24/3,IF(C24="M",B24,IF(C24="B",B24*2,IF(C24="F",B24*26/12,IF(C24="W",B24*52/12))))))))*E24 -> 0 | E24: =+IF(B24>0,IF(C24="","error",1)) -> FALSE | G24: M | H24: =+IF(G24="",F24*0,IF(G24="A",F24/12,IF(G24="H",F24/6,IF(G24="Q",F24/3,IF(G24="M",F24,IF(G24="B",F24*2,IF(G24="F",F24*26/12,IF(G24="W",F24*52/12))))))))*I24 -> 0 | I24: =+IF(F24>0,IF(G24="","error",1)) -> FALSE
A25: School Education | B25: Amount | C25: Freq | D25: Monthly | E25: =D26 -> 0 | F25: Amount | G25: Freq | H25: Monthly | I25: =H26 -> 0
C26: M | D26: =+IF(C26="",B26*0,IF(C26="A",B26/12,IF(C26="H",B26/6,IF(C26="Q",B26/3,IF(C26="M",B26,IF(C26="B",B26*2,IF(C26="F",B26*26/12,IF(C26="W",B26*52/12))))))))*E26 -> 0 | E26: =+IF(B26>0,IF(C26="","error",1)) -> FALSE | G26: M | H26: =+IF(G26="",F26*0,IF(G26="A",F26/12,IF(G26="H",F26/6,IF(G26="Q",F26/3,IF(G26="M",F26,IF(G26="B",F26*2,IF(G26="F",F26*26/12,IF(G26="W",F26*52/12))))))))*I26 -> 0 | I26: =+IF(F26>0,IF(G26="","error",1)) -> FALSE
A27: Childcare | B27: Amount | C27: Freq | D27: Monthly | E27: =D28 -> 0 | F27: Amount | G27: Freq | H27: Monthly | I27: =H28 -> 0
C28: M | D28: =+IF(C28="",B28*0,IF(C28="A",B28/12,IF(C28="H",B28/6,IF(C28="Q",B28/3,IF(C28="M",B28,IF(C28="B",B28*2,IF(C28="F",B28*26/12,IF(C28="W",B28*52/12))))))))*E28 -> 0 | E28: =+IF(B28>0,IF(C28="","error",1)) -> FALSE | G28: M | H28: =+IF(G28="",F28*0,IF(G28="A",F28/12,IF(G28="H",F28/6,IF(G28="Q",F28/3,IF(G28="M",F28,IF(G28="B",F28*2,IF(G28="F",F28*26/12,IF(G28="W",F28*52/12))))))))*I28 -> 0 | I28: =+IF(F28>0,IF(G28="","error",1)) -> FALSE
A29: Other Living Expenses | B29: Amount | C29: Freq | D29: Monthly | E29: =D30 -> 0 | F29: Amount | G29: Freq | H29: Monthly | I29: =H30 -> 0
C30: M | D30: =+IF(C30="",B30*0,IF(C30="A",B30/12,IF(C30="H",B30/6,IF(C30="Q",B30/3,IF(C30="M",B30,IF(C30="B",B30*2,IF(C30="F",B30*26/12,IF(C30="W",B30*52/12))))))))*E30 -> 0 | E30: =+IF(B30>0,IF(C30="","error",1)) -> FALSE | G30: M | H30: =+IF(G30="",F30*0,IF(G30="A",F30/12,IF(G30="H",F30/6,IF(G30="Q",F30/3,IF(G30="M",F30,IF(G30="B",F30*2,IF(G30="F",F30*26/12,IF(G30="W",F30*52/12))))))))*I30 -> 0 | I30: =+IF(F30>0,IF(G30="","error",1)) -> FALSE
A32: Total living expenses pm | B32: =+B4 -> Member Declared | E32: =E5+E7+E9+E11+E13+E15+E17+E19+E21+E23+E25+E27+E29 -> 1 | F32: =+F4 -> Assessed - Statement/Proviso Review | I32: =I5+I7+I9+I11+I13+I15+I17+I19+I21+I23+I25+I27+I29 -> 1
A34: Assessor Notes

Sheet Funds to Complete
B1: Funds to complete | D1: =+NOW() -> 46266.373
B3: Transaction type
B4: State
B5: Loan Type
B6: First Home Buyer Eligible
B7: Construction Loan
B8: Purchase Price
B10: Government Charges
B11: Mortgage Registration Fee (per transaction) | C11: =+VLOOKUP(C4,RegFees,2,FALSE) -> #N/A | D11: Part of MOVE Loan | F11: Source | G11: https://move.bank/tools-resources/calculators
B12: Transfer Fee (purchase only) | D12: Part of MOVE Loan | G12: NB. Ensure that all data is input into calculator
B13: Stamp duty on property (purchase only) | D13: Paid directly by borrower | G13: Stamp duty does not apply to refinances so record as $0
G14: Capture quote obtain from website and save to Fees folder under Documents tab in LO
B15: Solicitor/Conveyancing (estimate) | D15: Paid directly by borrower
B17: Fees Included in Loan
B18: MOVE Bank Fees
B19: Loan Establishment Fee
B20: Package Fee | C20: =+Fees!D5 -> 0
B21: Construction Fees | C21: =+IF(C7="Yes",487,0) -> 0
C22: =SUM(C18:C21) -> 0
B23: Fees paid to others
B24: Lenders Mortgage Insurance LMI | C24: =+Fees!C19 -> 0 | F24: Source | G24: Genworth Calculator or QBE
B25: Mortgage Registration Fee | C25: =+C11*2 -> #N/A
B26: Transfer Fee | C26: =IF(C3="Refinance",0,C12) -> 0
B27: Valuation Fee
B28: Progress Valuation Fees | C28: =+IF(C7="Yes",+C27+112.75,0) -> 0
C29: =SUM(C24:C28) -> #N/A
B30: Total Fees Included in Home Loan | C30: =+C22+C29 -> #N/A | D30: Included in loan payable at funding
F32: Broker Fee | G32: =+Worksheet!C24*0.00625*1.1 -> 0 | H32: If applicable
B34: Funds Required | C34: =+C8+C13+C15+C22+C29 -> #N/A
B36: Funds to Complete | D36: Settlement Date
B38: Own funds | D38: Contract signed date
B39: Proceeds from sale of property/equity release
B40: First Home Owners Grant | D40: Days to exchange
B41: Gift (non-repayable) | D41: Days to settlement
B42: Loan funds (inclusive of fees added to loan) | C42: =+Worksheet!C24 -> 0
C43: =SUM(C38:C42) -> 0 | D43: Finance due | E43: =IF(E38=0,"",+E38+E40)
B45: Surplus/(Shortfall) | C45: =+C43-C34 -> #N/A | D45: Settlement due | E45: =IF(E38=0,"",+E38+E41)

Sheet Fees
A1: Fees
Q2: Select State | R2: 0
B3: Complete Package (Pro Rata) | F3: Mortgage Registration Fee's | K3: HELP Calculator | Q3: QLD | R3: 195
Q4: NSW | R4: 146.4
B5: Settlement Month | C5: Select Month | D5: =VLOOKUP(C5, Q14:R26, 2, FALSE) -> 0 | F5: State | G5: Select State | H5: =+VLOOKUP(G5,RegFees,2,FALSE) -> #N/A | K5: Application 1 | Q5: VIC | R5: 110.8
F6: OFI Mortgage on Title | G6: Select Option | K6: Total salary per annum | L6: =+Worksheet!C44*12 -> 0 | Q6: ACT | R6: 153
Q7: NT | R7: 149
B8: Broker Commission | F8: Transfer Duty | G8: 0 | H8: (If Refinance leave as $0) | K8: HELP tax rate | L8: =+VLOOKUP(L6,HELP_Table_2020_21,2,TRUE) -> 0 | Q8: SA | R8: 173
Q9: WA | R9: 178.2
B10: Loan Amount (Incl Fees) | C10: =+Worksheet!C24 -> 0 | D10: =C10*0.00625*1.1 -> 0 | F10: Document Registration Field | G10: =+IF(G6="yes",+H5*2+G8)+IF(G6="no",H5+G8) -> 0 | K10: HELP commitment per month | L10: =+(L6*L8)/12 -> 0 | Q10: TAS | R10: 138.51
B11: Contract Reference
B13: Valuation and LMI Cost Calculation | F13: Registration Fee Scenario's | K13: Application 2
K14: Total salary per annum | L14: =+Worksheet!C45*12 -> 0 | Q14: Select Month
B15: Total Cost of Valuations/LMI | C15: 220 | F15: Marital Seperation | G15: Treat as Purchase - x 3 Fee's Applicable | Q15: July | R15: 395 | S15: 12
B16: GST Portion | C16: =C15/11 -> 20 | F16: Transfer of ownership | G16: Treat as Purchase - x 3 Fee's Applicable | K16: HELP tax rate | L16: =+VLOOKUP(L14,HELP_Table_2020_21,2,TRUE) -> 0 | Q16: August | R16: =33*S16 -> 363 | S16: 11
B17: RITC Portion | C17: =C16*0.25 -> 5 | Q17: September | R17: =R16-33 -> 330 | S17: 10
B18: Total Cost to Customer | C18: =(C15-C16)+C17 -> 205 | D18: ** LMI Calcualtion | K18: HELP commitment per month | L18: =+(L14*L16)/12 -> 0 | Q18: October | R18: =R17-33 -> 297 | S18: 9
B19: End cost to Customer (less standard fee) | C19: =C18-205 -> 0 | D19: ** Valuation Calculation | Q19: November | R19: =R18-33 -> 264 | S19: 8
Q20: December | R20: =R19-33 -> 231 | S20: 7
Q21: January | R21: =R20-33 -> 198 | S21: 6
A22: 2026 Registration Fee Schedule | K22: MoveBank Mortgage fees | Q22: February | R22: =R21-33 -> 165 | S22: 5
Q23: March | R23: =R22-33 -> 132 | S23: 4
Q24: April | R24: =R23-33 -> 99 | S24: 3
Q25: May | R25: =R24-33 -> 66 | S25: 2
Q26: June | R26: 33 | S26: 1
G27: Mortgage registration | K27: Interest Rates, Fees & Charges | MoveBank
G29: ACT | H29: 184
G30: NSW | H30: 182.73
G31: NT | H31: 181
G32: QLD | H32: 248.04
G33: SA | H33: 204
G34: TAS | H34: 167.58
G35: VIC | H35: 129.2
G36: WA | H36: 225.1
C58: https://movebank.com.au/quick-links/calculators/stamp-duty/
C61: https://www.paycalculator.com.au/

Sheet ARS223
A1: ARS 223 Reporting Data
D2: APRA Definitions
A3: Information Required | B3: MOVE Data
M4: Yes
A5: Is this loan Broker Originated? | M5: No
A7: Temporarily modified due to Financial Hardship?
A9: Externally refinanced?
A11: Non-Performing Customer Credit History?
A13: Exceptions to Serviceability Policy?
A14: * See definition
A15: Serviceability Verification Waivers?
A16: * See definition
A17: LVR at Approval?
A19: First Home Buyer?
A21: Serviced by foreign sourced income?

Sheet Bridging
B1: Bridging Loan Worksheet
B3: Peak Debt | E3: Other Inputs
B4: Payout existing home loan | E4: Bridging loan interest rate
B5: Payout other debts being refinanced (if applicable) | C5: 0 | E5: Bridging loan term (max. 6 months) | F5: 6
B6: Purchase price NEW property | E6: Agents commission | F6: 0.022
B7: Purchase costs (ie. Stamp duty)
B8: Less deposit paid
B9: Less any additional contribution towards purchase | E9: Value of property being sold
B10: Sub Total | C10: =SUM(C4:C9) -> 0 | E10: New property purchase price
B11: Interest capitalised to loan | C11: =+C10*F4/12*F5 -> 0 | E11: Other securities offered
B12: Total Peak Debt including interest | C12: =C10+C11 -> 0
B14: Security value | C14: =SUM(F9:F11) -> 0
B15: LVR | C15: =+C12/C14 -> #DIV/0!
B17: End Debt
B18: Total Debt | C18: =+C12 -> 0
B19: Less Proceeds of Sale | C19: =-F9 -> 0
B20: Selling costs - Agent/Auction Costs/Marketing | C20: =+F9*F6 -> 0
B21: Sale proceeds retained by borrower | C21: =+F10*F7 -> 0
B22: Total End Debt | C22: =SUM(C18:C21) -> 0
B24: Security value | C24: =+SUM(F10:F11) -> 0
B25: LVR | C25: =+C22/C24 -> #DIV/0!

Sheet Postcodes
B1: Geo-class key:
B2: A | C2: Metropolitan A
B3: M | C3: Metropolitan
B4: N | C4: National
B5: R | C5: Regional
B6: W | C6: Limited National - lmiInvest restricted locations
B7: X | C7: Limited Regional - lmiInvest restricted locations
B9: Country | C9: Postcode | D9: Suburb | E9: State | F9: Geo-class
B10: AUS | C10: 0800 | D10: DARWIN CITY | E10: NT | F10: M
B11: AUS | C11: 0810 | D11: ALAWA | E11: NT | F11: M
B12: AUS | C12: 0810 | D12: BRINKIN | E12: NT | F12: M
B13: AUS | C13: 0810 | D13: CASUARINA | E13: NT | F13: M
B14: AUS | C14: 0810 | D14: COCONUT GROVE | E14: NT | F14: M
B15: AUS | C15: 0810 | D15: JINGILI | E15: NT | F15: M
B16: AUS | C16: 0810 | D16: LEE POINT | E16: NT | F16: M
B17: AUS | C17: 0810 | D17: LYONS | E17: NT | F17: M
B18: AUS | C18: 0810 | D18: MILLNER | E18: NT | F18: M
B19: AUS | C19: 0810 | D19: MOIL | E19: NT | F19: M
B20: AUS | C20: 0810 | D20: MUIRHEAD | E20: NT | F20: M
... B368: AUS | C368: 0886 | D368: JABIRU | E368: NT | F368: N
B369: AUS | C369: 2000 | D369: BARANGAROO | E369: NSW | F369: A
B370: AUS | C370: 2000 | D370: DAWES POINT | E370: NSW | F370: A
B371: AUS | C371: 2000 | D371: HAYMARKET | E371: NSW | F371: A
B372: AUS | C372: 2000 | D372: MILLERS POINT | E372: NSW | F372: A
B373: AUS | C373: 2000 | D373: PARLIAMENT HOUSE | E373: NSW | F373: A
B374: AUS | C374: 2000 | D374: SYDNEY | E374: NSW | F374: A
B375: AUS | C375: 2000 | D375: SYDNEY SOUTH | E375: NSW | F375: A
B376: AUS | C376: 2000 | D376: THE ROCKS | E376: NSW | F376: A
B377: AUS | C377: 2007 | D377: BROADWAY | E377: NSW | F377: A
B378: AUS | C378: 2007 | D378: ULTIMO | E378: NSW | F378: A
B379: AUS | C379: 2008 | D379: CHIPPENDALE | E379: NSW | F379: A
B380: AUS | C380: 2008 | D380: DARLINGTON | E380: NSW | F380: A
... B3012: AUS | C3012: 2519 | D3012: MOUNT OUSLEY | E3012: NSW | F3012: M
B3013: AUS | C3013: 2519 | D3013: MOUNT PLEASANT | E3013: NSW | F3013: M | H3013: New
B3014: AUS | C3014: 2525 | D3014: FIGTREE | E3014: NSW | F3014: M
B3015: AUS | C3015: 2526 | D3015: CORDEAUX | E3015: NSW | F3015: M
B3016: AUS | C3016: 2526 | D3016: CORDEAUX HEIGHTS | E3016: NSW | F3016: M
B3017: AUS | C3017: 2526 | D3017: FARMBOROUGH HEIGHTS | E3017: NSW | F3017: M
B3018: AUS | C3018: 2526 | D3018: KEMBLA GRANGE | E3018: NSW | F3018: M
B3019: AUS | C3019: 2526 | D3019: KEMBLA HEIGHTS | E3019: NSW | F3019: M
B3020: AUS | C3020: 2526 | D3020: MOUNT KEMBLA | E3020: NSW | F3020: M
B3021: AUS | C3021: 2526 | D3021: STREAM HILL | E3021: NSW | F3021: M
B3022: AUS | C3022: 2526 | D3022: UNANDERRA | E3022: NSW | F3022: M
B3023: AUS | C3023: 2527 | D3023: ALBION PARK | E3023: NSW | F3023: M
B3024: AUS | C3024: 2527 | D3024: ALBION PARK RAIL | E3024: NSW | F3024: M
B3025: AUS | C3025: 2527 | D3025: CALDERWOOD | E3025: NSW | F3025: M
... B14085: AUS | C14085: 6163 | D14085: BIBRA LAKE | E14085: WA | F14085: M
B14086: AUS
B14087: AUS | C14087: 6163 | D14087: COOLBELLUP | E14087: WA | F14087: M
B14088: AUS | C14088: 6163 | D14088: HAMILTON HILL | E14088: WA | F14088: M
B14089: AUS | C14089: 6163 | D14089: HILTON | E14089: WA | F14089: M
B14090: AUS | C14090: 6163 | D14090: KARDINYA | E14090: WA | F14090: M
B14091: AUS | C14091: 6163 | D14091: NORTH COOGEE | E14091: WA | F14091: M
B14092: AUS | C14092: 6163 | D14092: NORTH LAKE | E14092: WA | F14092: M
B14093: AUS | C14093: 6163 | D14093: O'CONNOR | E14093: WA | F14093: M
B14094: AUS | C14094: 6163 | D14094: SAMSON | E14094: WA | F14094: M
B14095: AUS | C14095: 6163 | D14095: SPEARWOOD | E14095: WA | F14095: M
B14096: AUS | C14096: 6164 | D14096: ATWELL | E14096: WA | F14096: M
B14097: AUS | C14097: 6164 | D14097: AUBIN GROVE | E14097: WA | F14097: M
B14098: AUS | C14098: 6164 | D14098: BANJUP | E14098: WA | F14098: M
... B16265: AUS | C16265: 7470 | D16265: ROSEBERY | E16265: TAS | F16265: N

Sheet Self-Employed
B2: Self Employed Calculator
D4: Current Year | I4: Previous Year | L4: Last two year average
B5: Tax Year Ending | G5: Tax Year Ending
B7: Gross Income | G7: Gross Income | L7: =AVERAGE(D7,I7) -> #DIV/0!
B8: Other Income | G8: Other Income | L8: =AVERAGE(D8,I8) -> #DIV/0!
B10: Total Expenses | G10: Total Expenses | L10: =AVERAGE(D10,I10) -> #DIV/0!
B11: Deductions | G11: Deductions
B13: Profit Before Tax | D13: =D7+D8-D10-D11 -> 0 | G13: Profit Before Tax | I13: =I7+I8-I10 -> 0 | L13: =AVERAGE(D13,I13) -> 0
B14: (minus non recurring income) | G14: (minus non recurring income) | I14: =I8 -> 0
B16: Total Profit/Loss | D16: =D13-D14 -> 0 | G16: Total Profit/Loss | I16: =I13-I14 -> 0 | L16: =AVERAGE(D16,I16) -> 0
B18: Allowable Add Backs | G18: Allowable Add Backs
B19: Superannuation (In excess of compulsory) | G19: Superannuation (In excess of compulsory)
B20: *Other Add backs | G20: *Other Add backs
B22: Total Add Backs | D22: =+D19+D20 -> 0 | G22: Total Add Backs | I22: =+I19+I20 -> 0 | L22: =AVERAGE(D22,I22) -> 0
B24: Net Available Income | D24: =D22+D16 -> 0 | G24: Net Available Income | I24: =I22+I16 -> 0 | L24: =AVERAGE(D24,I24) -> 0
B26: Distrubtion of Income | G26: Distrubtion of Income
C27: Enter % | D27: Income to be applied | H27: Enter % | I27: Income to be applied
B28: Applicant 1 | D28: =C28*D24 -> 0 | G28: Applicant 1 | I28: =I24*H28 -> 0
B29: Applicant 2 | D29: =C29*D24 -> 0 | G29: Applicant 2 | I29: =H29*H24 -> 0
B31: Supporting Documentation Check | G31: Supporting Documentation Check
B32: =D5 -> 0 | C32: NOA | D32: Tax Return (Employer) | E32: Diff $ | G32: =I5 -> 0 | H32: NOA | I32: Tax Return | J32: Diff $
B33: Applicant 1 | E33: =C33-D33 -> 0 | G33: Applicant 1 | J33: =I33-H33 -> 0
B34: Applicant 2 | E34: =C34-D34 -> 0 | G34: Applicant 2 | J34: =I34-H34 -> 0

Sheet Construction 
A1: Security Address | B1: Is FHOG required? | D1: Additional Notes | E1: Any RED highlighted fields need to be checked as this indicates insufficient funds or incomplete actions
B2: QLD, NSW, VIC only | L2: Approved Loan Funds
A3: Builder Name | B3: MOVE is an approved agent for loading FHOG applications for QLD, NSW and VIC jurisdictions only. Only utilise this if FHOG is required for funds to complete. Please select Yes or No and the applicable juriusdiction in the fields above. | L3: Fees incl. LMI
L4: Build Contract Price
A5: Construction Contract Price | L5: Refinance, Land Purchase or Equity Out Value
A6: =M4 -> 0 | L6: Deposit Paid to Builder*
A7: Applicant Contribution Value (includes FHOG if applic.) | B7: FHOG | C7: Funds held with MOVE or OFI | E7: Loan Proceeds | G7: Verified Deposit Paid | I7: Verified Contribution Value | L7: Verified Savings
A8: =A6-E8 -> 0 | B8: {=IFERROR(_xlfn.IFS(C1="No","$0",C2="QLD",G32,C2="NSW",G33,C2="VIC",G34),0)} -> 0 | E8: =M9 -> 0 | G8: =M6 -> 0 | I8: =M6+M7+M8 -> 0 | L8: FHOG | M8: =B8 -> 0
A9: Progress Draws | B9: % of Contract Price | D9: $ of Contract Price | E9: Applicant contribution | G9: Contribution remaining | I9: Loan drawdown value | L9: Loan Proceeds | M9: =M2-M3-M5 -> 0
B10: =D10/$M$4 -> #DIV/0! | E10: =IF(D10<=A8,D10,0)-G8 -> 0 | G10: =A8-E10-G8 -> 0 | I10: =D10-E10-G8 -> 0 | L10: Surplus/Shortfall | M10: =I8-A8 -> 0
B11: =D11/$M$4 -> #DIV/0! | E11: =IF(D11<G10,D11,G10) -> 0 | G11: =G10-E11 -> 0 | I11: =D11-E11 -> 0
B12: =D12/$M$4 -> #DIV/0! | E12: =IF(D12<G11,D12,G11) -> 0 | G12: =G11-E12 -> 0 | I12: =D12-E12 -> 0 | L12: * Deposit Paid - evidence of deposit already paid
B13: =D13/$M$4 -> #DIV/0! | E13: =IF(D13<G12,D13,G12) -> 0 | G13: =G12-E13 -> 0 | I13: =D13-E13 -> 0 | L13: Number of Progress Inspections
B14: =D14/$M$4 -> #DIV/0! | E14: =IF(D14<G13,D14,G13) -> 0 | G14: =G13-E14 -> 0 | I14: =D14-E14 -> 0
B15: =D15/$M$4 -> #DIV/0! | E15: =IF(D15<G14,D15,G14) -> 0 | G15: =G14-E15 -> 0 | I15: =D15-E15 -> 0
B16: =D16/$M$4 -> #DIV/0! | E16: =IF(D16<G15,D16,G15) -> 0 | G16: =G15-E16 -> 0 | I16: =D16-E16 -> 0
B17: =D17/$M$4 -> #DIV/0! | E17: =IF(D17<G14,D17,G14) -> 0 | G17: =G14-E17 -> 0 | I17: =D17-E17 -> 0
A18: Total | B18: =SUM(B10:B17) -> #DIV/0! | D18: =SUM(D10:D17) -> 0 | E18: =SUM(E10:E17) -> 0 | I18: =SUM(I10:I17) -> 0
F19: Valuation & Progress Payment Fees Checker | L19: Supporting Docs Required & Held
A20: Instructions to complete - All coloured fields (pale blue & gold) MUST be completed | E20: Completed | F20: Fees Calculation | G20: Location | H20: Please Select | K20: 1 | L20: Executed fixed-price building contract | M20: FALSE
A21: 1. Enter address of build location in field A2 | E21: =ISTEXT(A2) -> FALSE | F21: Loan Drawdowns - 6 included the $50 each thereafter | G21: =COUNTIF(I10:J17,">0") -> 0 | H21: =IF(G21>6, (G21-6)*50, 0) -> 0 | K21: 2 | L21: Schedule of proposed finished & specifications | M21: FALSE
A22: 2. Complete Builder Name as per construction contract in field A4 | E22: =ISTEXT(A4) -> FALSE | F22: Progress Inspections (2 included) - Enter number required in cell M13 | G22: {=_xlfn.IFS(H20="Metro",H29,H20="Regional",I29)} -> #N/A | H22: =IF(M13>2, (M13-2)*G22, 0) -> 0 | K22: 3 | L22: Draft plans with dimensions and measurements including site plan, floor plans and elevations | M22: FALSE
A23: 3. Indicate if FHOG is required for funds to complete in field C1 - (note QLD, NSW or Vic only otherwise No) | E23: =ISTEXT(C1) -> FALSE | F23: Please ensure you select Metro or Regional here to confirm correct calculation of fees
A24: 4. Select applicable state for FHOG as required in field C2 | E24: =ISTEXT(C2) -> FALSE
A25: 5. Select if applicant contribution funds are held with MOVE or OFI in field C8 | E25: =ISTEXT(C8) -> FALSE
A26: 6. Enter full value of approved loan in field M2 | E26: =ISNUMBER(M2) -> FALSE
A27: 7. Enter value of all fees as per LO (incl. LMI if applicable) in field M3 | E27: =ISNUMBER(M3) -> FALSE
A28: 8. Enter full build value as per construction contract in field M4 | E28: =ISNUMBER(M4) -> FALSE | F28: Valuation Type | G28: Threshold | H28: Metro | I28: Regional
A29: 9. Enter full value of land purchase, any loans being refinanced and/or equity release in field M5 (anything not related to build and fees) | E29: =ISNUMBER(M5) -> FALSE | F29: Progress Inspection | H29: 143 | I29: 165
A30: 10. Enter value of verified deposit ALREADY paid to builder in field M6 | E30: =ISNUMBER(M6) -> FALSE
A31: 11. Enter value of verfied saving in field M7 | E31: =ISNUMBER(M7) -> FALSE | F31: 2025/2026 FHOG
A32: 12. In fields A10 through A17 enter the progress draw stages as per build contract | E32: =ISTEXT(A10) -> FALSE | F32: QLD | G32: 30000
A33: 13. In fields D10 through D17 enter the dollar value (NUMBERS ONLY) of progess drawdowns as per build contract | E33: =ISNUMBER(B10) -> FALSE | F33: NSW | G33: 10000
A34: 14. Data check - Total Contract Price $ in field D18 agrees with Contract Price $ in field A6 | E34: =IF(D18=0,FALSE,IF(D18=A6,TRUE,FALSE)) -> FALSE | F34: VIC | G34: 10000
A35: 15. Data check - Loan drawdown total in field I18 equals field E8 | E35: =IF(I18=0,FALSE,IF(I18=E8,TRUE,FALSE)) -> FALSE
A36: 16. Data check - Supporting docs checkboxes are completed - fields M20 - M22 | E36: =AND(M20:M22) -> FALSE
A37: 17. Data check - There is a current surplus evident in contribution value - Field M8 is equal to or greater than field I8 | E37: =IF(M10<0,FALSE,IF(M10>=0,TRUE,FALSE)) -> TRUE

Sheet Geographic Classification
A1: Breakdown of "Capital" and "Balance of State". Below are areas included in the respective "Capital" dummies in the HEM analysis. ABS 1216.0 - Australian Standard Geographical Classification (ASGC)
A3: New South Wales | B3: Victoria | C3: Queensland | D3: South Australia | E3: Western Australia | F3: Tasmania
A4: Sydney | B4: Melbourne | C4: Brisbane | D4: Adelaide | E4: Perth | F4: Hobart
A5: Inner Sydney | B5: Inner Melbourne | C5: Inner Brisbane | D5: Northern Adelaide | E5: Central Metropolitan | F5: Greater Hobart
A6: Botany Bay (C) | B6: Melbourne (C) - Inner | C6: Bowen Hills | D6: Gawler (T) | E6: Cambridge (T) | F6: Brighton (M)
A7: Leichhardt (A) | B7: Melbourne (C) - S'bank-D'lands | C7: City - Inner | D7: Playford (C) - East Central | E7: Claremont (T) | F7: Clarence (C)
A8: Marrickville (A) | B8: Melbourne (C) - Remainder | C8: City - Remainder | D8: Playford (C) - Elizabeth | E8: Cottesloe (T) | F8: Derwent Valley (M) - Pt A
A9: Sydney (C) - Inner | B9: Port Phillip (C) - St Kilda | C9: Dutton Park | D9: Playford (C) - Hills | E9: Mosman Park (T) | F9: Glenorchy (C)
A10: Sydney (C) - East | B10: Port Phillip (C) - West | C10: Fortitude Valley | D10: Playford (C) - West | E10: Nedlands (C) | F10: Hobart (C) - Inner
A11: Sydney (C) - South | B11: Stonnington (C) - Prahran | C11: Herston | D11: Playford (C) - West Central | E11: Peppermint Grove (S) | F11: Hobart (C) - Remainder
A12: Sydney (C) - West | B12: Yarra (C) - North | C12: Highgate Hill | D12: Port Adel. Enfield (C) - East | E12: Perth (C) - Inner | F12: Kingborough (M) - Pt A
A13: Eastern Suburbs | B13: Yarra (C) - Richmond | C13: Kangaroo Point | D13: Port Adel. Enfield (C) - Inner | E13: Perth (C) - Remainder | F13: Sorell (M) - Pt A
A14: Randwick (C) | B14: Western Melbourne | C14: Kelvin Grove | D14: Salisbury (C) - Central | E14: Subiaco (C)
A15: Waverley (A) | B15: Brimbank (C) - Keilor | C15: Milton | D15: Salisbury (C) - Inner North | E15: Vincent (T)
A16: Woollahra (A) | B16: Brimbank (C) - Sunshine | C16: New Farm | D16: Salisbury (C) - North-East | E16: East Metropolitan
A17: St George-Sutherland | B17: Hobsons Bay (C) - Altona | C17: Newstead | D17: Salisbury (C) - South-East | E17: Bassendean (T)
A18: Hurstville (C) | B18: Hobsons Bay (C) - Williamstown | C18: Paddington | D18: Salisbury (C) Bal | E18: Bayswater (C)
A19: Kogarah (C) | B19: Maribyrnong (C) | C19: Red Hill | D19: Tea Tree Gully (C) - Central | E19: Kalamunda (S)
A20: Rockdale (C) | B20: Moonee Valley (C) - Essendon | C20: South Brisbane | D20: Tea Tree Gully (C) - Hills | E20: Mundaring (S)
A21: Sutherland Shire (A) - East | B21: Moonee Valley (C) - West | C21: Spring Hill | D21: Tea Tree Gully (C) - North | E21: Swan (C)
A22: Sutherland Shire (A) - West | B22: Melton-Wyndham | C22: West End | D22: Tea Tree Gully (C) - South | E22: North Metropolitan
A23: Canterbury-Bankstown | B23: Melton (S) - East | C23: Woolloongabba | D23: Western Adelaide | E23: Joondalup (C) - North
A24: Bankstown (C) - North-East | B24: Melton (S) Bal | C24: Northwest Inner Brisbane | D24: Charles Sturt (C) - Coastal | E24: Joondalup (C) - South
A25: Bankstown (C) - North-West | B25: Wyndham (C) - North | C25: Albion | D25: Charles Sturt (C) - Inner East | E25: Stirling (C) - Central
... A46: Holroyd (C) | B46: Whittlesea (C) - South-East | C46: Stafford Heights | D46: Unley (C) - West | E46: Victoria Park (T)
A47: Parramatta (C) - Inner | B47: Whittlesea (C) - South-West | C47: Taringa | D47: Walkerville (M)
A48: Parramatta (C) - North-East | B48: Boroondara City | C48: Toowong | D48: Southern Adelaide
A49: Parramatta (C) - North-West | B49: Boroondara (C) - Camberwell N. | C49: Wilston | D49: Holdfast Bay (C) - North
A50: Parramatta (C) - South | B50: Boroondara (C) - Camberwell S. | C50: Windsor | D50: Holdfast Bay (C) - South
A51: Outer Western Sydney | B51: Boroondara (C) - Hawthorn | C51: Wooloowin | D51: Marion (C) - Central
A52: Blue Mountains (C) | B52: Boroondara (C) - Kew | C52: Northwest Outer Brisbane | D52: Marion (C) - North
A53: Hawkesbury (C) | B53: Eastern Middle Melbourne | C53: Anstead | D53: Marion (C) - South
A54: Penrith (C) - East | B54: Manningham (C) - East | C54: Aspley | D54: Mitcham (C) - Hills
A55: Penrith (C) - West | B55: Manningham (C) - West | C55: Bald Hills | D55: Mitcham (C) - North-East
A56: Blacktown | B56: Monash (C) - South-West | C56: Banyo | D56: Mitcham (C) - West
A57: Blacktown (C) - North | B57: Monash (C) - Waverley East | C57: Bellbowrie | D57: Onkaparinga (C) - Hackham
A58: Blacktown (C) - South-East | B58: Monash (C) - Waverley West | C58: Boondall | D58: Onkaparinga (C) - Hills
... A63: Mosman (A) | B63: Knox (C) - North-East | C63: Carseldine | D63: Onkaparinga (C) - Woodcroft
A64: North Sydney (A) | B64: Knox (C) - North-West | C64: Chapel Hill
A65: Ryde (C) | B65: Knox (C) - South | C65: Chermside
A66: Willoughby (C) | B66: Maroondah (C) - Croydon | C66: Chermside West
A67: Central Northern Sydney | B67: Maroondah (C) - Ringwood | C67: Darra-Sumner
A68: The Hills Shire (A) - Central | B68: Yarra Ranges Shire Part A | C68: Deagon
A69: The Hills Shire (A) - North | B69: Yarra Ranges (S) - Central | C69: Doolandella-Forest Lake
A70: The Hills Shire (A) - South | B70: Yarra Ranges (S) - Dandenongs | C70: Durack
A71: Hornsby (A) - North | B71: Yarra Ranges (S) - Lilydale | C71: Ellen Grove
A72: Hornsby (A) - South | B72: Yarra Ranges (S) - North | C72: Everton Park
A73: Ku-ring-gai (A) | B73: Yarra Ranges (S) - Seville | C73: Ferny Grove
A74: Northern Beaches | B74: Southern Melbourne | C74: Fig Tree Pocket
A75: Manly (A) | B75: Bayside (C) - Brighton | C75: Geebung
... A82: Wyong (A) - South and West | B82: Greater Dandenong City | C82: Keperra
B83: Gr. Dandenong (C) - Dandenong | C83: McDowall
B84: Gr. Dandenong (C) Bal | C84: Middle Park
B85: South Eastern Outer Melbourne | C85: Mitchelton
B86: Cardinia (S) - North | C86: Moggill
B87: Cardinia (S) - Pakenham | C87: Mount Ommaney
B88: Cardinia (S) - South | C88: Northgate
B89: Casey (C) - Berwick | C89: Nudgee
B90: Casey (C) - Cranbourne | C90: Oxley
B91: Casey (C) - Hallam | C91: Pinjarra Hills
B92: Casey (C) - South | C92: Pinkenba-Eagle Farm
B93: Frankston City | C93: Pullenvale
B94: Frankston (C) - East | C94: Richlands
... B99: Mornington P'sula (S) - West | C99: The Gap
C100: Upper Kedron
C101: Virginia
C102: Wacol
C103: Wavell Heights
C104: Westlake
C105: Zillmere
C106: Southeast Inner Brisbane
C107: Annerley
C108: Balmoral
C109: Bulimba
C110: Camp Hill
C111: Cannon Hill
... C236: Redland (C) Bal

Sheet HEM
E1: "HEM Table 1" equivalent: by Income Level and Residency
G2: BASED ON PREDICTED VALUES FROM THE QUANTILE REGRESSIONS
I3: Smoothed HEM
G5: Total current gross HH income from all sources (measured in current dollars)
A6: Additional child | B6: dddd | D6: =IF(+DropINTable!AB11=0,DropINTable!AC11,DropINTable!AB11) -> 27000 | E6: =IF(+DropINTable!AC11=0,DropINTable!AD11,DropINTable!AC11) -> 27000 | F6: =IF(+DropINTable!AD11=0,DropINTable!AE11,DropINTable!AD11) -> 41000 | G6: =IF(+DropINTable!AE11=0,DropINTable!AF11,DropINTable!AE11) -> 54000 | H6: =IF(+DropINTable!AF11=0,DropINTable!AG11,DropINTable!AF11) -> 68000 | I6: =IF(+DropINTable!AG11=0,DropINTable!AH11,DropINTable!AG11) -> 81000 | J6: =IF(+DropINTable!AH11=0,DropINTable!AI11,DropINTable!AH11) -> 109000 | K6: =IF(+DropINTable!AI11=0,DropINTable!AJ11,DropINTable!AI11) -> 136000 | ... Q6: =IF(+DropINTable!AO11=0,DropINTable!AP11,DropINTable!AO11) -> 407000
D7: =IF(+DropINTable!AB12=0,DropINTable!AC12,DropINTable!AB12) -> or less | E7: =IF(+DropINTable!AC12=0,DropINTable!AD12,DropINTable!AC12) -> to | F7: =IF(+DropINTable!AD12=0,DropINTable!AE12,DropINTable!AD12) -> to | G7: =IF(+DropINTable!AE12=0,DropINTable!AF12,DropINTable!AE12) -> to | H7: =IF(+DropINTable!AF12=0,DropINTable!AG12,DropINTable!AF12) -> to | I7: =IF(+DropINTable!AG12=0,DropINTable!AH12,DropINTable!AG12) -> to | J7: =IF(+DropINTable!AH12=0,DropINTable!AI12,DropINTable!AH12) -> to | K7: =IF(+DropINTable!AI12=0,DropINTable!AJ12,DropINTable!AI12) -> to | ... Q7: =IF(+DropINTable!AO12=0,DropINTable!AP12,DropINTable!AO12) -> to
E8: =IF(+DropINTable!AC13=0,DropINTable!AD13,DropINTable!AC13) -> 41000 | F8: =IF(+DropINTable!AD13=0,DropINTable!AE13,DropINTable!AD13) -> 54000 | G8: =IF(+DropINTable!AE13=0,DropINTable!AF13,DropINTable!AE13) -> 68000 | H8: =IF(+DropINTable!AF13=0,DropINTable!AG13,DropINTable!AF13) -> 81000 | I8: =IF(+DropINTable!AG13=0,DropINTable!AH13,DropINTable!AG13) -> 109000 | J8: =IF(+DropINTable!AH13=0,DropINTable!AI13,DropINTable!AH13) -> 136000 | K8: =IF(+DropINTable!AI13=0,DropINTable!AJ13,DropINTable!AI13) -> 163000 | L8: =IF(+DropINTable!AJ13=0,DropINTable!AK13,DropINTable!AJ13) -> 190000 | ... Q8: =IF(+DropINTable!AO13=0,DropINTable!AP13,DropINTable!AO13) -> 678000
A9: Australia | D9: =IF(+DropINTable!AB14=0,DropINTable!AC14,DropINTable!AB14) -> 0 | E9: =+E6 -> 27000 | F9: =+F6 -> 41000 | G9: =+G6 -> 54000 | H9: =+H6 -> 68000 | I9: =+I6 -> 81000 | J9: =+J6 -> 109000 | K9: =+K6 -> 136000 | L9: =+L6 -> 163000 | ... Q9: =+Q6 -> 407000
A10: Couple | B10: 2+0 | C10: =+CONCATENATE(A$9,B10) -> Australia2+0 | D10: =IF(+DropINTable!AB15=0,DropINTable!AC15,DropINTable!AB15) -> 624.97597 | E10: =IF(+DropINTable!AC15=0,DropINTable!AD15,DropINTable!AC15) -> 624.97597 | F10: =IF(+DropINTable!AD15=0,DropINTable!AE15,DropINTable!AD15) -> 640.28141 | G10: =IF(+DropINTable!AE15=0,DropINTable!AF15,DropINTable!AE15) -> 666.07608 | H10: =IF(+DropINTable!AF15=0,DropINTable!AG15,DropINTable!AF15) -> 712.34359 | I10: =IF(+DropINTable!AG15=0,DropINTable!AH15,DropINTable!AG15) -> 773.87749 | J10: =IF(+DropINTable!AH15=0,DropINTable!AI15,DropINTable!AH15) -> 857.2789 | K10: =IF(+DropINTable!AI15=0,DropINTable!AJ15,DropINTable!AI15) -> 943.71032 | ... Q10: =IF(+DropINTable!AO15=0,DropINTable!AP15,DropINTable!AO15) -> 1453.588
A11: Couple with 1 child | B11: 2+1 | C11: =+CONCATENATE(A$9,B11) -> Australia2+1 | D11: =+E11 -> 733.04007 | E11: =IF(+DropINTable!AC16=0,DropINTable!AD16,DropINTable!AC16) -> 733.04007 | F11: =IF(+DropINTable!AD16=0,DropINTable!AE16,DropINTable!AD16) -> 733.04007 | G11: =IF(+DropINTable!AE16=0,DropINTable!AF16,DropINTable!AE16) -> 758.99538 | H11: =IF(+DropINTable!AF16=0,DropINTable!AG16,DropINTable!AF16) -> 805.55105 | I11: =IF(+DropINTable!AG16=0,DropINTable!AH16,DropINTable!AG16) -> 867.46817 | J11: =IF(+DropINTable!AH16=0,DropINTable!AI16,DropINTable!AH16) -> 951.389 | K11: =IF(+DropINTable!AI16=0,DropINTable!AJ16,DropINTable!AI16) -> 1038.3587 | L11: =IF(+DropINTable!AJ16=0,DropINTable!AK16,DropINTable!AJ16) -> 1119.1186 | ... Q11: =IF(+DropINTable!AO16=0,DropINTable!AP16,DropINTable!AO16) -> 1551.4119
A12: Couple with 2 children | B12: 2+2 | C12: =+CONCATENATE(A$9,B12) -> Australia2+2 | D12: =+E12 -> 811.59412 | E12: =IF(+DropINTable!AC17=0,DropINTable!AD17,DropINTable!AC17) -> 811.59412 | F12: =IF(+DropINTable!AD17=0,DropINTable!AE17,DropINTable!AD17) -> 811.59412 | G12: =IF(+DropINTable!AE17=0,DropINTable!AF17,DropINTable!AE17) -> 837.39444 | H12: =IF(+DropINTable!AF17=0,DropINTable!AG17,DropINTable!AF17) -> 883.67208 | I12: =IF(+DropINTable!AG17=0,DropINTable!AH17,DropINTable!AG17) -> 945.21945 | J12: =IF(+DropINTable!AH17=0,DropINTable!AI17,DropINTable!AH17) -> 1028.6391 | K12: =IF(+DropINTable!AI17=0,DropINTable!AJ17,DropINTable!AI17) -> 1115.0895 | L12: =IF(+DropINTable!AJ17=0,DropINTable!AK17,DropINTable!AJ17) -> 1195.3671 | ... Q12: =IF(+DropINTable!AO17=0,DropINTable!AP17,DropINTable!AO17) -> 1625.0788
A13: Couple with 3 or more children | B13: 2+3 | C13: =+CONCATENATE(A$9,B13) -> Australia2+3 | D13: =+F13 -> 911.65151 | E13: =+F13 -> 911.65151 | F13: =IF(+DropINTable!AD18=0,DropINTable!AE18,DropINTable!AD18) -> 911.65151 | G13: =IF(+DropINTable!AE18=0,DropINTable!AF18,DropINTable!AE18) -> 911.65151 | H13: =IF(+DropINTable!AF18=0,DropINTable!AG18,DropINTable!AF18) -> 957.89509 | I13: =IF(+DropINTable!AG18=0,DropINTable!AH18,DropINTable!AG18) -> 1019.3972 | J13: =IF(+DropINTable!AH18=0,DropINTable!AI18,DropINTable!AH18) -> 1102.7555 | K13: =IF(+DropINTable!AI18=0,DropINTable!AJ18,DropINTable!AI18) -> 1189.1422 | L13: =IF(+DropINTable!AJ18=0,DropINTable!AK18,DropINTable!AJ18) -> 1269.3607 | M13: =IF(+DropINTable!AK18=0,DropINTable!AL18,DropINTable!AK18) -> 1327.08 | ... Q13: =IF(+DropINTable!AO18=0,DropINTable!AP18,DropINTable!AO18) -> 1698.7562
B14: 2+4 | C14: =+CONCATENATE(A$9,B14) -> Australia2+4 | D14: =+D13+Per_child_accounting!$AD$17 -> 1004.4102 | E14: =+E13+Per_child_accounting!$AD$17 -> 1004.4102 | F14: =+F13+Per_child_accounting!$AD$17 -> 1004.4102 | G14: =+G13+Per_child_accounting!$AE$17 -> 1004.5708 | H14: =+H13+Per_child_accounting!$AF$17 -> 1051.1026 | I14: =+I13+Per_child_accounting!$AG$17 -> 1112.9879 | J14: =+J13+Per_child_accounting!$AH$17 -> 1196.8656 | K14: =+K13+Per_child_accounting!$AI$17 -> 1283.7906 | L14: =+L13+Per_child_accounting!$AJ$17 -> 1364.509 | M14: =+M13+Per_child_accounting!$AK$17 -> 1422.5879 | N14: =+N13+Per_child_accounting!$AL$17 -> 1477.5871 | O14: =+O13+Per_child_accounting!$AM$17 -> 1605.2691 | P14: =+P13+Per_child_accounting!$AN$17 -> 1788.7323 | Q14: =+Q13+Per_child_accounting!$AO$17 -> 1796.5801
B15: 2+5 | C15: =+CONCATENATE(A$9,B15) -> Australia2+5 | D15: =+D14+Per_child_accounting!$AD$17 -> 1097.1688 | E15: =+E14+Per_child_accounting!$AD$17 -> 1097.1688 | F15: =+F14+Per_child_accounting!$AD$17 -> 1097.1688 | G15: =+G14+Per_child_accounting!$AE$17 -> 1097.4901 | H15: =+H14+Per_child_accounting!$AF$17 -> 1144.31 | I15: =+I14+Per_child_accounting!$AG$17 -> 1206.5785 | J15: =+J14+Per_child_accounting!$AH$17 -> 1290.9757 | K15: =+K14+Per_child_accounting!$AI$17 -> 1378.439 | L15: =+L14+Per_child_accounting!$AJ$17 -> 1459.6572 | M15: =+M14+Per_child_accounting!$AK$17 -> 1518.0958 | N15: =+N14+Per_child_accounting!$AL$17 -> 1573.4356 | O15: =+O14+Per_child_accounting!$AM$17 -> 1701.9083 | P15: =+P14+Per_child_accounting!$AN$17 -> 1886.5076 | Q15: =+Q14+Per_child_accounting!$AO$17 -> 1894.404
B16: 2+6 | C16: =+CONCATENATE(A$9,B16) -> Australia2+6 | D16: =+D15+Per_child_accounting!$AD$17 -> 1189.9275 | E16: =+E15+Per_child_accounting!$AD$17 -> 1189.9275 | F16: =+F15+Per_child_accounting!$AD$17 -> 1189.9275 | G16: =+G15+Per_child_accounting!$AE$17 -> 1190.4094 | H16: =+H15+Per_child_accounting!$AF$17 -> 1237.5175 | I16: =+I15+Per_child_accounting!$AG$17 -> 1300.1692 | J16: =+J15+Per_child_accounting!$AH$17 -> 1385.0858 | K16: =+K15+Per_child_accounting!$AI$17 -> 1473.0874 | L16: =+L15+Per_child_accounting!$AJ$17 -> 1554.8055 | M16: =+M15+Per_child_accounting!$AK$17 -> 1613.6037 | N16: =+N15+Per_child_accounting!$AL$17 -> 1669.2841 | O16: =+O15+Per_child_accounting!$AM$17 -> 1798.5474 | P16: =+P15+Per_child_accounting!$AN$17 -> 1984.2829 | Q16: =+Q15+Per_child_accounting!$AO$17 -> 1992.2279
A18: Single person | B18: 1+0 | C18: =+CONCATENATE(A$9,B18) -> Australia1+0 | D18: =IF(+DropINTable!AB20=0,DropINTable!AC20,DropINTable!AB20) -> 325.71268 | E18: =IF(+DropINTable!AC20=0,DropINTable!AD20,DropINTable!AC20) -> 343.51712 | F18: =IF(+DropINTable!AD20=0,DropINTable!AE20,DropINTable!AD20) -> 358.79564 | G18: =IF(+DropINTable!AE20=0,DropINTable!AF20,DropINTable!AE20) -> 384.54492 | H18: =IF(+DropINTable!AF20=0,DropINTable!AG20,DropINTable!AF20) -> 430.73104 | I18: =IF(+DropINTable!AG20=0,DropINTable!AH20,DropINTable!AG20) -> 492.15669 | J18: =IF(+DropINTable!AH20=0,DropINTable!AI20,DropINTable!AH20) -> 575.41137 | K18: =IF(+DropINTable!AI20=0,DropINTable!AJ20,DropINTable!AI20) -> 661.69073 | ... Q18: =IF(+DropINTable!AO20=0,DropINTable!AP20,DropINTable!AO20) -> 1170.6714
A19: Single parent with 1 child | B19: 1+1 | C19: =+CONCATENATE(A$9,B19) -> Australia1+1 | D19: =IF(+DropINTable!AB21=0,DropINTable!AC21,DropINTable!AB21) -> 460.8015 | E19: =IF(+DropINTable!AC21=0,DropINTable!AD21,DropINTable!AC21) -> 460.8015 | F19: =IF(+DropINTable!AD21=0,DropINTable!AE21,DropINTable!AD21) -> 476.31348 | G19: =IF(+DropINTable!AE21=0,DropINTable!AF21,DropINTable!AE21) -> 502.45625 | H19: =IF(+DropINTable!AF21=0,DropINTable!AG21,DropINTable!AF21) -> 549.34814 | I19: =IF(+DropINTable!AG21=0,DropINTable!AH21,DropINTable!AG21) -> 611.71243 | J19: =IF(+DropINTable!AH21=0,DropINTable!AI21,DropINTable!AH21) -> 696.23933 | K19: =IF(+DropINTable!AI21=0,DropINTable!AJ21,DropINTable!AI21) -> 783.83714 | ... Q19: =IF(+DropINTable!AO21=0,DropINTable!AP21,DropINTable!AO21) -> 1300.5956
A20: Single parent with 2 children | B20: 1+2 | C20: =+CONCATENATE(A$9,B20) -> Australia1+2 | D20: =IF(+DropINTable!AB22=0,DropINTable!AC22,DropINTable!AB22) -> 570.15225 | E20: =IF(+DropINTable!AC22=0,DropINTable!AD22,DropINTable!AC22) -> 570.15225 | F20: =IF(+DropINTable!AD22=0,DropINTable!AE22,DropINTable!AD22) -> 585.48371 | G20: =IF(+DropINTable!AE22=0,DropINTable!AF22,DropINTable!AE22) -> 611.32223 | H20: =IF(+DropINTable!AF22=0,DropINTable!AG22,DropINTable!AF22) -> 657.66841 | I20: =IF(+DropINTable!AG22=0,DropINTable!AH22,DropINTable!AG22) -> 719.30693 | J20: =IF(+DropINTable!AH22=0,DropINTable!AI22,DropINTable!AH22) -> 802.85014 | K20: =IF(+DropINTable!AI22=0,DropINTable!AJ22,DropINTable!AI22) -> 889.42852 | ... Q20: =IF(+DropINTable!AO22=0,DropINTable!AP22,DropINTable!AO22) -> 1400.1731
A21: Single parent with 3 or more children | B21: 1+3 | C21: =+CONCATENATE(A$9,B21) -> Australia1+3 | D21: =+E21 -> 694.65394 | E21: =IF(+DropINTable!AC23=0,DropINTable!AD23,DropINTable!AC23) -> 694.65394 | F21: =IF(+DropINTable!AD23=0,DropINTable!AE23,DropINTable!AD23) -> 694.65394 | G21: =IF(+DropINTable!AE23=0,DropINTable!AF23,DropINTable!AE23) -> 720.18822 | H21: =IF(+DropINTable!AF23=0,DropINTable!AG23,DropINTable!AF23) -> 765.98868 | I21: =IF(+DropINTable!AG23=0,DropINTable!AH23,DropINTable!AG23) -> 826.90144 | J21: =IF(+DropINTable!AH23=0,DropINTable!AI23,DropINTable!AH23) -> 909.46096 | K21: =IF(+DropINTable!AI23=0,DropINTable!AJ23,DropINTable!AI23) -> 995.0199 | L21: =IF(+DropINTable!AJ23=0,DropINTable!AK23,DropINTable!AJ23) -> 1074.4698 | ... Q21: =IF(+DropINTable!AO23=0,DropINTable!AP23,DropINTable!AO23) -> 1499.7507
B22: 1+4 | C22: =+CONCATENATE(A$9,B22) -> Australia1+4 | D22: =+D21+Per_child_accounting!$AD$20 -> 812.17178 | E22: =+E21+Per_child_accounting!$AD$20 -> 812.17178 | F22: =+F21+Per_child_accounting!$AD$20 -> 812.17178 | G22: =+G21+Per_child_accounting!$AE$20 -> 838.09954 | H22: =+H21+Per_child_accounting!$AF$20 -> 884.60578 | I22: =+I21+Per_child_accounting!$AG$20 -> 946.45718 | J22: =+J21+Per_child_accounting!$AH$20 -> 1030.2889 | K22: =+K21+Per_child_accounting!$AI$20 -> 1117.1663 | L22: =+L21+Per_child_accounting!$AJ$20 -> 1197.8405 | M22: =+M21+Per_child_accounting!$AK$20 -> 1255.8876 | N22: =+N21+Per_child_accounting!$AL$20 -> 1310.8567 | O22: =+O21+Per_child_accounting!$AM$20 -> 1438.4687 | P22: =+P21+Per_child_accounting!$AN$20 -> 1621.8314 | Q22: =+Q21+Per_child_accounting!$AO$20 -> 1629.6749
B23: 1+5 | C23: =+CONCATENATE(A$9,B23) -> Australia1+5 | D23: =+D22+Per_child_accounting!$AD$20 -> 929.68963 | E23: =+E22+Per_child_accounting!$AD$20 -> 929.68963 | F23: =+F22+Per_child_accounting!$AD$20 -> 929.68963 | G23: =+G22+Per_child_accounting!$AE$20 -> 956.01087 | H23: =+H22+Per_child_accounting!$AF$20 -> 1003.2229 | I23: =+I22+Per_child_accounting!$AG$20 -> 1066.0129 | J23: =+J22+Per_child_accounting!$AH$20 -> 1151.1169 | K23: =+K22+Per_child_accounting!$AI$20 -> 1239.3127 | L23: =+L22+Per_child_accounting!$AJ$20 -> 1321.2112 | M23: =+M22+Per_child_accounting!$AK$20 -> 1380.1392 | N23: =+N22+Per_child_accounting!$AL$20 -> 1435.9425 | O23: =+O22+Per_child_accounting!$AM$20 -> 1565.4911 | P23: =+P22+Per_child_accounting!$AN$20 -> 1751.6366 | Q23: =+Q22+Per_child_accounting!$AO$20 -> 1759.599
B24: 1+6 | C24: =+CONCATENATE(A$9,B24) -> Australia1+6 | D24: =+D23+Per_child_accounting!$AD$20 -> 1047.2075 | E24: =+E23+Per_child_accounting!$AD$20 -> 1047.2075 | F24: =+F23+Per_child_accounting!$AD$20 -> 1047.2075 | G24: =+G23+Per_child_accounting!$AE$20 -> 1073.9222 | H24: =+H23+Per_child_accounting!$AF$20 -> 1121.84 | I24: =+I23+Per_child_accounting!$AG$20 -> 1185.5687 | J24: =+J23+Per_child_accounting!$AH$20 -> 1271.9449 | K24: =+K23+Per_child_accounting!$AI$20 -> 1361.4591 | L24: =+L23+Per_child_accounting!$AJ$20 -> 1444.5819 | M24: =+M23+Per_child_accounting!$AK$20 -> 1504.3908 | N24: =+N23+Per_child_accounting!$AL$20 -> 1561.0284 | O24: =+O23+Per_child_accounting!$AM$20 -> 1692.5136 | P24: =+P23+Per_child_accounting!$AN$20 -> 1881.4417 | Q24: =+Q23+Per_child_accounting!$AO$20 -> 1889.5232
A26: Sydney
A27: Couple | B27: 2+0 | C27: =+CONCATENATE(A$26,B27) -> Sydney2+0 | D27: =IF(+DropINTable!AB27=0,DropINTable!AC27,DropINTable!AB27) -> 616.94437 | E27: =IF(+DropINTable!AC27=0,DropINTable!AD27,DropINTable!AC27) -> 616.94437 | F27: =IF(+DropINTable!AD27=0,DropINTable!AE27,DropINTable!AD27) -> 632.24981 | G27: =IF(+DropINTable!AE27=0,DropINTable!AF27,DropINTable!AE27) -> 658.04448 | H27: =IF(+DropINTable!AF27=0,DropINTable!AG27,DropINTable!AF27) -> 704.31199 | I27: =IF(+DropINTable!AG27=0,DropINTable!AH27,DropINTable!AG27) -> 765.84589 | J27: =IF(+DropINTable!AH27=0,DropINTable!AI27,DropINTable!AH27) -> 849.2473 | K27: =IF(+DropINTable!AI27=0,DropINTable!AJ27,DropINTable!AI27) -> 935.67873 | ... Q27: =IF(+DropINTable!AO27=0,DropINTable!AP27,DropINTable!AO27) -> 1445.5564
A28: Couple with 1 child | B28: 2+1 | C28: =+CONCATENATE(A$26,B28) -> Sydney2+1 | D28: =+E28 -> 723.36978 | E28: =IF(+DropINTable!AC28=0,DropINTable!AD28,DropINTable!AC28) -> 723.36978 | F28: =IF(+DropINTable!AD28=0,DropINTable!AE28,DropINTable!AD28) -> 723.36978 | G28: =IF(+DropINTable!AE28=0,DropINTable!AF28,DropINTable!AE28) -> 749.3251 | H28: =IF(+DropINTable!AF28=0,DropINTable!AG28,DropINTable!AF28) -> 795.88076 | I28: =IF(+DropINTable!AG28=0,DropINTable!AH28,DropINTable!AG28) -> 857.79789 | J28: =IF(+DropINTable!AH28=0,DropINTable!AI28,DropINTable!AH28) -> 941.71872 | K28: =IF(+DropINTable!AI28=0,DropINTable!AJ28,DropINTable!AI28) -> 1028.6884 | L28: =IF(+DropINTable!AJ28=0,DropINTable!AK28,DropINTable!AJ28) -> 1109.4484 | ... Q28: =IF(+DropINTable!AO28=0,DropINTable!AP28,DropINTable!AO28) -> 1541.7416
A29: Couple with 2 children | B29: 2+2 | C29: =+CONCATENATE(A$26,B29) -> Sydney2+2 | D29: =+E29 -> 802.61625 | E29: =IF(+DropINTable!AC29=0,DropINTable!AD29,DropINTable!AC29) -> 802.61625 | F29: =IF(+DropINTable!AD29=0,DropINTable!AE29,DropINTable!AD29) -> 802.61625 | G29: =IF(+DropINTable!AE29=0,DropINTable!AF29,DropINTable!AE29) -> 828.41656 | H29: =IF(+DropINTable!AF29=0,DropINTable!AG29,DropINTable!AF29) -> 874.6942 | I29: =IF(+DropINTable!AG29=0,DropINTable!AH29,DropINTable!AG29) -> 936.24158 | J29: =IF(+DropINTable!AH29=0,DropINTable!AI29,DropINTable!AH29) -> 1019.6612 | K29: =IF(+DropINTable!AI29=0,DropINTable!AJ29,DropINTable!AI29) -> 1106.1116 | L29: =IF(+DropINTable!AJ29=0,DropINTable!AK29,DropINTable!AJ29) -> 1186.3892 | ... Q29: =IF(+DropINTable!AO29=0,DropINTable!AP29,DropINTable!AO29) -> 1616.1009
A30: Couple with 3 or more children | B30: 2+3 | C30: =+CONCATENATE(A$26,B30) -> Sydney2+3 | D30: =+F30 -> 905.38032 | E30: =+F30 -> 905.38032 | F30: =IF(+DropINTable!AD30=0,DropINTable!AE30,DropINTable!AD30) -> 905.38032 | G30: =IF(+DropINTable!AE30=0,DropINTable!AF30,DropINTable!AE30) -> 905.38032 | H30: =IF(+DropINTable!AF30=0,DropINTable!AG30,DropINTable!AF30) -> 951.62391 | I30: =IF(+DropINTable!AG30=0,DropINTable!AH30,DropINTable!AG30) -> 1013.126 | J30: =IF(+DropINTable!AH30=0,DropINTable!AI30,DropINTable!AH30) -> 1096.4843 | K30: =IF(+DropINTable!AI30=0,DropINTable!AJ30,DropINTable!AI30) -> 1182.871 | L30: =IF(+DropINTable!AJ30=0,DropINTable!AK30,DropINTable!AJ30) -> 1263.0896 | M30: =IF(+DropINTable!AK30=0,DropINTable!AL30,DropINTable!AK30) -> 1320.8088 | ... Q30: =IF(+DropINTable!AO30=0,DropINTable!AP30,DropINTable!AO30) -> 1692.485
B31: 2+4 | C31: =+CONCATENATE(A$26,B31) -> Sydney2+4 | D31: =+D30+Per_child_accounting!$AD$25 -> 996.5003 | E31: =+E30+Per_child_accounting!$AD$25 -> 996.5003 | F31: =+F30+Per_child_accounting!$AD$25 -> 996.5003 | G31: =+G30+Per_child_accounting!$AE$25 -> 996.66094 | H31: =+H30+Per_child_accounting!$AF$25 -> 1043.1927 | I31: =+I30+Per_child_accounting!$AG$25 -> 1105.078 | J31: =+J30+Per_child_accounting!$AH$25 -> 1188.9557 | K31: =+K30+Per_child_accounting!$AI$25 -> 1275.8807 | L31: =+L30+Per_child_accounting!$AJ$25 -> 1356.5991 | M31: =+M30+Per_child_accounting!$AK$25 -> 1414.678 | N31: =+N30+Per_child_accounting!$AL$25 -> 1469.6773 | O31: =+O30+Per_child_accounting!$AM$25 -> 1597.3592 | P31: =+P30+Per_child_accounting!$AN$25 -> 1780.8225 | Q31: =+Q30+Per_child_accounting!$AO$25 -> 1788.6702
B32: 2+5 | C32: =+CONCATENATE(A$26,B32) -> Sydney2+5 | D32: =+D31+Per_child_accounting!$AD$25 -> 1087.6203 | E32: =+E31+Per_child_accounting!$AD$25 -> 1087.6203 | F32: =+F31+Per_child_accounting!$AD$25 -> 1087.6203 | G32: =+G31+Per_child_accounting!$AE$25 -> 1087.9416 | H32: =+H31+Per_child_accounting!$AF$25 -> 1134.7614 | I32: =+I31+Per_child_accounting!$AG$25 -> 1197.03 | J32: =+J31+Per_child_accounting!$AH$25 -> 1281.4271 | K32: =+K31+Per_child_accounting!$AI$25 -> 1368.8904 | L32: =+L31+Per_child_accounting!$AJ$25 -> 1450.1087 | M32: =+M31+Per_child_accounting!$AK$25 -> 1508.5472 | N32: =+N31+Per_child_accounting!$AL$25 -> 1563.8871 | O32: =+O31+Per_child_accounting!$AM$25 -> 1692.3597 | P32: =+P31+Per_child_accounting!$AN$25 -> 1876.9591 | Q32: =+Q31+Per_child_accounting!$AO$25 -> 1884.8554
B33: 2+6 | C33: =+CONCATENATE(A$26,B33) -> Sydney2+6 | D33: =+D32+Per_child_accounting!$AD$25 -> 1178.7402 | E33: =+E32+Per_child_accounting!$AD$25 -> 1178.7402 | F33: =+F32+Per_child_accounting!$AD$25 -> 1178.7402 | G33: =+G32+Per_child_accounting!$AE$25 -> 1179.2222 | H33: =+H32+Per_child_accounting!$AF$25 -> 1226.3302 | I33: =+I32+Per_child_accounting!$AG$25 -> 1288.982 | J33: =+J32+Per_child_accounting!$AH$25 -> 1373.8985 | K33: =+K32+Per_child_accounting!$AI$25 -> 1461.9001 | L33: =+L32+Per_child_accounting!$AJ$25 -> 1543.6183 | M33: =+M32+Per_child_accounting!$AK$25 -> 1602.4165 | N33: =+N32+Per_child_accounting!$AL$25 -> 1658.0969 | O33: =+O32+Per_child_accounting!$AM$25 -> 1787.3602 | P33: =+P32+Per_child_accounting!$AN$25 -> 1973.0957 | Q33: =+Q32+Per_child_accounting!$AO$25 -> 1981.0406
A35: Single person | B35: 1+0 | C35: =+CONCATENATE(A$26,B35) -> Sydney1+0 | D35: =IF(+DropINTable!AB32=0,DropINTable!AC32,DropINTable!AB32) -> 317.55561 | E35: =IF(+DropINTable!AC32=0,DropINTable!AD32,DropINTable!AC32) -> 335.36005 | F35: =IF(+DropINTable!AD32=0,DropINTable!AE32,DropINTable!AD32) -> 350.63856 | G35: =IF(+DropINTable!AE32=0,DropINTable!AF32,DropINTable!AE32) -> 376.38785 | H35: =IF(+DropINTable!AF32=0,DropINTable!AG32,DropINTable!AF32) -> 422.57397 | I35: =IF(+DropINTable!AG32=0,DropINTable!AH32,DropINTable!AG32) -> 483.99961 | J35: =IF(+DropINTable!AH32=0,DropINTable!AI32,DropINTable!AH32) -> 567.2543 | K35: =IF(+DropINTable!AI32=0,DropINTable!AJ32,DropINTable!AI32) -> 653.53366 | ... Q35: =IF(+DropINTable!AO32=0,DropINTable!AP32,DropINTable!AO32) -> 1162.5143
A36: Single parent with 1 child | B36: 1+1 | C36: =+CONCATENATE(A$26,B36) -> Sydney1+1 | D36: =IF(+DropINTable!AB33=0,DropINTable!AC33,DropINTable!AB33) -> 450.02344 | E36: =IF(+DropINTable!AC33=0,DropINTable!AD33,DropINTable!AC33) -> 450.02344 | F36: =IF(+DropINTable!AD33=0,DropINTable!AE33,DropINTable!AD33) -> 465.53543 | G36: =IF(+DropINTable!AE33=0,DropINTable!AF33,DropINTable!AE33) -> 491.67819 | H36: =IF(+DropINTable!AF33=0,DropINTable!AG33,DropINTable!AF33) -> 538.57008 | I36: =IF(+DropINTable!AG33=0,DropINTable!AH33,DropINTable!AG33) -> 600.93437 | J36: =IF(+DropINTable!AH33=0,DropINTable!AI33,DropINTable!AH33) -> 685.46127 | K36: =IF(+DropINTable!AI33=0,DropINTable!AJ33,DropINTable!AI33) -> 773.05908 | ... Q36: =IF(+DropINTable!AO33=0,DropINTable!AP33,DropINTable!AO33) -> 1289.8175
A37: Single parent with 2 children | B37: 1+2 | C37: =+CONCATENATE(A$26,B37) -> Sydney1+2 | D37: =IF(+DropINTable!AB34=0,DropINTable!AC34,DropINTable!AB34) -> 558.97802 | E37: =IF(+DropINTable!AC34=0,DropINTable!AD34,DropINTable!AC34) -> 558.97802 | F37: =IF(+DropINTable!AD34=0,DropINTable!AE34,DropINTable!AD34) -> 574.30948 | G37: =IF(+DropINTable!AE34=0,DropINTable!AF34,DropINTable!AE34) -> 600.148 | H37: =IF(+DropINTable!AF34=0,DropINTable!AG34,DropINTable!AF34) -> 646.49418 | I37: =IF(+DropINTable!AG34=0,DropINTable!AH34,DropINTable!AG34) -> 708.1327 | J37: =IF(+DropINTable!AH34=0,DropINTable!AI34,DropINTable!AH34) -> 791.67591 | K37: =IF(+DropINTable!AI34=0,DropINTable!AJ34,DropINTable!AI34) -> 878.25429 | ... Q37: =IF(+DropINTable!AO34=0,DropINTable!AP34,DropINTable!AO34) -> 1388.9989
A38: Single parent with 3 or more children | B38: 1+3 | C38: =+CONCATENATE(A$26,B38) -> Sydney1+3 | D38: =+E38 -> 683.08353 | E38: =IF(+DropINTable!AC35=0,DropINTable!AD35,DropINTable!AC35) -> 683.08353 | F38: =IF(+DropINTable!AD35=0,DropINTable!AE35,DropINTable!AD35) -> 683.08353 | G38: =IF(+DropINTable!AE35=0,DropINTable!AF35,DropINTable!AE35) -> 708.61781 | H38: =IF(+DropINTable!AF35=0,DropINTable!AG35,DropINTable!AF35) -> 754.41828 | I38: =IF(+DropINTable!AG35=0,DropINTable!AH35,DropINTable!AG35) -> 815.33103 | J38: =IF(+DropINTable!AH35=0,DropINTable!AI35,DropINTable!AH35) -> 897.89055 | K38: =IF(+DropINTable!AI35=0,DropINTable!AJ35,DropINTable!AI35) -> 983.44949 | L38: =IF(+DropINTable!AJ35=0,DropINTable!AK35,DropINTable!AJ35) -> 1062.8994 | ... Q38: =IF(+DropINTable!AO35=0,DropINTable!AP35,DropINTable!AO35) -> 1488.1803
B39: 1+4 | C39: =+CONCATENATE(A$26,B39) -> Sydney1+4 | D39: =+D38+Per_child_accounting!$AD$28 -> 797.98039 | E39: =+E38+Per_child_accounting!$AD$28 -> 797.98039 | F39: =+F38+Per_child_accounting!$AD$28 -> 797.98039 | G39: =+G38+Per_child_accounting!$AE$28 -> 823.90815 | H39: =+H38+Per_child_accounting!$AF$28 -> 870.41439 | I39: =+I38+Per_child_accounting!$AG$28 -> 932.26579 | J39: =+J38+Per_child_accounting!$AH$28 -> 1016.0975 | K39: =+K38+Per_child_accounting!$AI$28 -> 1102.9749 | L39: =+L38+Per_child_accounting!$AJ$28 -> 1183.6491 | M39: =+M38+Per_child_accounting!$AK$28 -> 1241.6962 | N39: =+N38+Per_child_accounting!$AL$28 -> 1296.6653 | O39: =+O38+Per_child_accounting!$AM$28 -> 1424.2773 | P39: =+P38+Per_child_accounting!$AN$28 -> 1607.64 | Q39: =+Q38+Per_child_accounting!$AO$28 -> 1615.4835
B40: 1+5 | C40: =+CONCATENATE(A$26,B40) -> Sydney1+5 | D40: =+D39+Per_child_accounting!$AD$28 -> 912.87725 | E40: =+E39+Per_child_accounting!$AD$28 -> 912.87725 | F40: =+F39+Per_child_accounting!$AD$28 -> 912.87725 | G40: =+G39+Per_child_accounting!$AE$28 -> 939.19849 | H40: =+H39+Per_child_accounting!$AF$28 -> 986.4105 | I40: =+I39+Per_child_accounting!$AG$28 -> 1049.2006 | J40: =+J39+Per_child_accounting!$AH$28 -> 1134.3045 | K40: =+K39+Per_child_accounting!$AI$28 -> 1222.5003 | L40: =+L39+Per_child_accounting!$AJ$28 -> 1304.3988 | M40: =+M39+Per_child_accounting!$AK$28 -> 1363.3268 | N40: =+N39+Per_child_accounting!$AL$28 -> 1419.1301 | O40: =+O39+Per_child_accounting!$AM$28 -> 1548.6788 | P40: =+P39+Per_child_accounting!$AN$28 -> 1734.8242 | Q40: =+Q39+Per_child_accounting!$AO$28 -> 1742.7866
B41: 1+6 | C41: =+CONCATENATE(A$26,B41) -> Sydney1+6 | D41: =+D40+Per_child_accounting!$AD$28 -> 1027.7741 | E41: =+E40+Per_child_accounting!$AD$28 -> 1027.7741 | F41: =+F40+Per_child_accounting!$AD$28 -> 1027.7741 | G41: =+G40+Per_child_accounting!$AE$28 -> 1054.4888 | H41: =+H40+Per_child_accounting!$AF$28 -> 1102.4066 | I41: =+I40+Per_child_accounting!$AG$28 -> 1166.1353 | J41: =+J40+Per_child_accounting!$AH$28 -> 1252.5115 | K41: =+K40+Per_child_accounting!$AI$28 -> 1342.0258 | L41: =+L40+Per_child_accounting!$AJ$28 -> 1425.1486 | M41: =+M40+Per_child_accounting!$AK$28 -> 1484.9575 | N41: =+N40+Per_child_accounting!$AL$28 -> 1541.595 | O41: =+O40+Per_child_accounting!$AM$28 -> 1673.0802 | P41: =+P40+Per_child_accounting!$AN$28 -> 1862.0083 | Q41: =+Q40+Per_child_accounting!$AO$28 -> 1870.0898
A44: Balance of NSW
A45: Couple | B45: 2+0 | C45: =+CONCATENATE(A$44,B45) -> Balance of NSW2+0 | D45: =IF(+DropINTable!AB39=0,DropINTable!AC39,DropINTable!AB39) -> 641.27285 | E45: =IF(+DropINTable!AC39=0,DropINTable!AD39,DropINTable!AC39) -> 641.27285 | F45: =IF(+DropINTable!AD39=0,DropINTable!AE39,DropINTable!AD39) -> 656.57829 | G45: =IF(+DropINTable!AE39=0,DropINTable!AF39,DropINTable!AE39) -> 682.37296 | H45: =IF(+DropINTable!AF39=0,DropINTable!AG39,DropINTable!AF39) -> 728.64047 | I45: =IF(+DropINTable!AG39=0,DropINTable!AH39,DropINTable!AG39) -> 790.17438 | J45: =IF(+DropINTable!AH39=0,DropINTable!AI39,DropINTable!AH39) -> 873.57578 | K45: =IF(+DropINTable!AI39=0,DropINTable!AJ39,DropINTable!AI39) -> 960.00721 | ... Q45: =IF(+DropINTable!AO39=0,DropINTable!AP39,DropINTable!AO39) -> 1469.8849
A46: Couple with 1 child | B46: 2+1 | C46: =+CONCATENATE(A$44,B46) -> Balance of NSW2+1 | D46: =+E46 -> 747.84978 | E46: =IF(+DropINTable!AC40=0,DropINTable!AD40,DropINTable!AC40) -> 747.84978 | F46: =IF(+DropINTable!AD40=0,DropINTable!AE40,DropINTable!AD40) -> 747.84978 | G46: =IF(+DropINTable!AE40=0,DropINTable!AF40,DropINTable!AE40) -> 773.8051 | H46: =IF(+DropINTable!AF40=0,DropINTable!AG40,DropINTable!AF40) -> 820.36076 | I46: =IF(+DropINTable!AG40=0,DropINTable!AH40,DropINTable!AG40) -> 882.27789 | J46: =IF(+DropINTable!AH40=0,DropINTable!AI40,DropINTable!AH40) -> 966.19872 | K46: =IF(+DropINTable!AI40=0,DropINTable!AJ40,DropINTable!AI40) -> 1053.1684 | L46: =IF(+DropINTable!AJ40=0,DropINTable!AK40,DropINTable!AJ40) -> 1133.9284 | ... Q46: =IF(+DropINTable!AO40=0,DropINTable!AP40,DropINTable!AO40) -> 1566.2216
A47: Couple with 2 children | B47: 2+2 | C47: =+CONCATENATE(A$44,B47) -> Balance of NSW2+2 | D47: =+E47 -> 826.95006 | E47: =IF(+DropINTable!AC41=0,DropINTable!AD41,DropINTable!AC41) -> 826.95006 | F47: =IF(+DropINTable!AD41=0,DropINTable!AE41,DropINTable!AD41) -> 826.95006 | G47: =IF(+DropINTable!AE41=0,DropINTable!AF41,DropINTable!AE41) -> 852.75037 | H47: =IF(+DropINTable!AF41=0,DropINTable!AG41,DropINTable!AF41) -> 899.02801 | I47: =IF(+DropINTable!AG41=0,DropINTable!AH41,DropINTable!AG41) -> 960.57538 | J47: =IF(+DropINTable!AH41=0,DropINTable!AI41,DropINTable!AH41) -> 1043.995 | K47: =IF(+DropINTable!AI41=0,DropINTable!AJ41,DropINTable!AI41) -> 1130.4454 | L47: =IF(+DropINTable!AJ41=0,DropINTable!AK41,DropINTable!AJ41) -> 1210.723 | ... Q47: =IF(+DropINTable!AO41=0,DropINTable!AP41,DropINTable!AO41) -> 1640.4347
A48: Couple with 3 or more children | B48: 2+3 | C48: =+CONCATENATE(A$44,B48) -> Balance of NSW2+3 | D48: =+F48 -> 929.69623 | E48: =+F48 -> 929.69623 | F48: =IF(+DropINTable!AD42=0,DropINTable!AE42,DropINTable!AD42) -> 929.69623 | G48: =IF(+DropINTable!AE42=0,DropINTable!AF42,DropINTable!AE42) -> 929.69623 | H48: =IF(+DropINTable!AF42=0,DropINTable!AG42,DropINTable!AF42) -> 975.93981 | I48: =IF(+DropINTable!AG42=0,DropINTable!AH42,DropINTable!AG42) -> 1037.4419 | J48: =IF(+DropINTable!AH42=0,DropINTable!AI42,DropINTable!AH42) -> 1120.8002 | K48: =IF(+DropINTable!AI42=0,DropINTable!AJ42,DropINTable!AI42) -> 1207.1869 | L48: =IF(+DropINTable!AJ42=0,DropINTable!AK42,DropINTable!AJ42) -> 1287.4055 | M48: =IF(+DropINTable!AK42=0,DropINTable!AL42,DropINTable!AK42) -> 1345.1247 | ... Q48: =IF(+DropINTable!AO42=0,DropINTable!AP42,DropINTable!AO42) -> 1716.8009
B49: 2+4 | C49: =+CONCATENATE(A$44,B49) -> Balance of NSW2+4 | D49: =+D48+Per_child_accounting!$AD$33 -> 1020.9677 | E49: =+E48+Per_child_accounting!$AD$33 -> 1020.9677 | F49: =+F48+Per_child_accounting!AD$33 -> 1020.9677 | G49: =+G48+Per_child_accounting!AE$33 -> 1021.1284 | H49: =+H48+Per_child_accounting!AF$33 -> 1067.6601 | I49: =+I48+Per_child_accounting!AG$33 -> 1129.5454 | J49: =+J48+Per_child_accounting!AH$33 -> 1213.4231 | K49: =+K48+Per_child_accounting!AI$33 -> 1300.3481 | L49: =+L48+Per_child_accounting!AJ$33 -> 1381.0665 | M49: =+M48+Per_child_accounting!AK$33 -> 1439.1454 | ... Q49: =+Q48+Per_child_accounting!AO$33 -> 1813.1376
B50: 2+5 | C50: =+CONCATENATE(A$44,B50) -> Balance of NSW2+5 | D50: =+D49+Per_child_accounting!$AD$33 -> 1112.2392 | E50: =+E49+Per_child_accounting!$AD$33 -> 1112.2392 | F50: =+F49+Per_child_accounting!$AD$33 -> 1112.2392 | G50: =+G49+Per_child_accounting!AE$33 -> 1112.5605 | H50: =+H49+Per_child_accounting!AF$33 -> 1159.3804 | I50: =+I49+Per_child_accounting!AG$33 -> 1221.6489 | J50: =+J49+Per_child_accounting!AH$33 -> 1306.046 | K50: =+K49+Per_child_accounting!AI$33 -> 1393.5093 | L50: =+L49+Per_child_accounting!AJ$33 -> 1474.7276 | M50: =+M49+Per_child_accounting!AK$33 -> 1533.1662 | N50: =+N49+Per_child_accounting!AL$33 -> 1588.506 | ... Q50: =+Q49+Per_child_accounting!AO$33 -> 1909.4743
B51: 2+6 | C51: =+CONCATENATE(A$44,B51) -> Balance of NSW2+6 | D51: =+D50+Per_child_accounting!$AD$33 -> 1203.5107 | E51: =+E50+Per_child_accounting!$AD$33 -> 1203.5107 | F51: =+F50+Per_child_accounting!$AD$33 -> 1203.5107 | G51: =+G50+Per_child_accounting!AE$33 -> 1203.9926 | H51: =+H50+Per_child_accounting!AF$33 -> 1251.1007 | I51: =+I50+Per_child_accounting!AG$33 -> 1313.7524 | J51: =+J50+Per_child_accounting!AH$33 -> 1398.669 | K51: =+K50+Per_child_accounting!AI$33 -> 1486.6706 | L51: =+L50+Per_child_accounting!AJ$33 -> 1568.3887 | M51: =+M50+Per_child_accounting!AK$33 -> 1627.1869 | N51: =+N50+Per_child_accounting!AL$33 -> 1682.8673 | ... Q51: =+Q50+Per_child_accounting!AO$33 -> 2005.8111
A53: Single person | B53: 1+0 | C53: =+CONCATENATE(A$44,B53) -> Balance of NSW1+0 | D53: =IF(+DropINTable!AB44=0,DropINTable!AC44,DropINTable!AB44) -> 341.84129 | E53: =IF(+DropINTable!AC44=0,DropINTable!AD44,DropINTable!AC44) -> 359.64574 | F53: =IF(+DropINTable!AD44=0,DropINTable!AE44,DropINTable!AD44) -> 374.92425 | G53: =IF(+DropINTable!AE44=0,DropINTable!AF44,DropINTable!AE44) -> 400.67354 | H53: =IF(+DropINTable!AF44=0,DropINTable!AG44,DropINTable!AF44) -> 446.85965 | I53: =IF(+DropINTable!AG44=0,DropINTable!AH44,DropINTable!AG44) -> 508.2853 | J53: =IF(+DropINTable!AH44=0,DropINTable!AI44,DropINTable!AH44) -> 591.53998 | K53: =IF(+DropINTable!AI44=0,DropINTable!AJ44,DropINTable!AI44) -> 677.81934 | ... Q53: =IF(+DropINTable!AO44=0,DropINTable!AP44,DropINTable!AO44) -> 1186.8
A54: Single parent with 1 child | B54: 1+1 | C54: =+CONCATENATE(A$44,B54) -> Balance of NSW1+1 | D54: =IF(+DropINTable!AB45=0,DropINTable!AC45,DropINTable!AB45) -> 474.68024 | E54: =IF(+DropINTable!AC45=0,DropINTable!AD45,DropINTable!AC45) -> 474.68024 | F54: =IF(+DropINTable!AD45=0,DropINTable!AE45,DropINTable!AD45) -> 490.19222 | G54: =IF(+DropINTable!AE45=0,DropINTable!AF45,DropINTable!AE45) -> 516.33498 | H54: =IF(+DropINTable!AF45=0,DropINTable!AG45,DropINTable!AF45) -> 563.22687 | I54: =IF(+DropINTable!AG45=0,DropINTable!AH45,DropINTable!AG45) -> 625.59117 | J54: =IF(+DropINTable!AH45=0,DropINTable!AI45,DropINTable!AH45) -> 710.11807 | K54: =IF(+DropINTable!AI45=0,DropINTable!AJ45,DropINTable!AI45) -> 797.71588 | ... Q54: =IF(+DropINTable!AO45=0,DropINTable!AP45,DropINTable!AO45) -> 1314.4743
A55: Single parent with 2 children | B55: 1+2 | C55: =+CONCATENATE(A$44,B55) -> Balance of NSW1+2 | D55: =IF(+DropINTable!AB46=0,DropINTable!AC46,DropINTable!AB46) -> 583.34786 | E55: =IF(+DropINTable!AC46=0,DropINTable!AD46,DropINTable!AC46) -> 583.34786 | F55: =IF(+DropINTable!AD46=0,DropINTable!AE46,DropINTable!AD46) -> 598.67932 | G55: =IF(+DropINTable!AE46=0,DropINTable!AF46,DropINTable!AE46) -> 624.51785 | H55: =IF(+DropINTable!AF46=0,DropINTable!AG46,DropINTable!AF46) -> 670.86403 | I55: =IF(+DropINTable!AG46=0,DropINTable!AH46,DropINTable!AG46) -> 732.50255 | J55: =IF(+DropINTable!AH46=0,DropINTable!AI46,DropINTable!AH46) -> 816.04576 | K55: =IF(+DropINTable!AI46=0,DropINTable!AJ46,DropINTable!AI46) -> 902.62413 | ... Q55: =IF(+DropINTable!AO46=0,DropINTable!AP46,DropINTable!AO46) -> 1413.3687
A56: Single parent with 3 or more children | B56: 1+3 | C56: =+CONCATENATE(A$44,B56) -> Balance of NSW1+3 | D56: =+E56 -> 707.16643 | E56: =IF(+DropINTable!AC47=0,DropINTable!AD47,DropINTable!AC47) -> 707.16643 | F56: =IF(+DropINTable!AD47=0,DropINTable!AE47,DropINTable!AD47) -> 707.16643 | G56: =IF(+DropINTable!AE47=0,DropINTable!AF47,DropINTable!AE47) -> 732.70072 | H56: =IF(+DropINTable!AF47=0,DropINTable!AG47,DropINTable!AF47) -> 778.50119 | I56: =IF(+DropINTable!AG47=0,DropINTable!AH47,DropINTable!AG47) -> 839.41393 | J56: =IF(+DropINTable!AH47=0,DropINTable!AI47,DropINTable!AH47) -> 921.97345 | K56: =IF(+DropINTable!AI47=0,DropINTable!AJ47,DropINTable!AI47) -> 1007.5324 | L56: =IF(+DropINTable!AJ47=0,DropINTable!AK47,DropINTable!AJ47) -> 1086.9823 | ... Q56: =IF(+DropINTable!AO47=0,DropINTable!AP47,DropINTable!AO47) -> 1512.2632
B57: 1+4 | C57: =+CONCATENATE(A$44,B57) -> Balance of NSW1+4 | D57: =+D56+Per_child_accounting!$AC$36 -> 822.20093 | E57: =+E56+Per_child_accounting!$AC$36 -> 822.20093 | F57: =+F56+Per_child_accounting!$AD$36 -> 822.4344 | G57: =+G56+Per_child_accounting!$AE$36 -> 848.36216 | H57: =+H56+Per_child_accounting!$AF$36 -> 894.86841 | I57: =+I56+Per_child_accounting!$AG$36 -> 956.71981 | J57: =+J56+Per_child_accounting!$AH$36 -> 1040.5515 | K57: =+K56+Per_child_accounting!$AI$36 -> 1127.4289 | L57: =+L56+Per_child_accounting!$AJ$36 -> 1208.1031 | M57: =+M56+Per_child_accounting!$AK$36 -> 1266.1502 | N57: =+N56+Per_child_accounting!$AL$36 -> 1321.1193 | O57: =+O56+Per_child_accounting!$AM$36 -> 1448.7313 | P57: =+P56+Per_child_accounting!$AN$36 -> 1632.094 | Q57: =+Q56+Per_child_accounting!$AO$36 -> 1639.9375
B58: 1+5 | C58: =+CONCATENATE(A$44,B58) -> Balance of NSW1+5 | D58: =+D57+Per_child_accounting!$AC$36 -> 937.23543 | E58: =+E57+Per_child_accounting!$AC$36 -> 937.23543 | F58: =+F57+Per_child_accounting!$AD$36 -> 937.70237 | G58: =+G57+Per_child_accounting!$AE$36 -> 964.02361 | H58: =+H57+Per_child_accounting!$AF$36 -> 1011.2356 | I58: =+I57+Per_child_accounting!$AG$36 -> 1074.0257 | J58: =+J57+Per_child_accounting!$AH$36 -> 1159.1296 | K58: =+K57+Per_child_accounting!$AI$36 -> 1247.3255 | L58: =+L57+Per_child_accounting!$AJ$36 -> 1329.224 | M58: =+M57+Per_child_accounting!$AK$36 -> 1388.1519 | N58: =+N57+Per_child_accounting!$AL$36 -> 1443.9553 | O58: =+O57+Per_child_accounting!$AM$36 -> 1573.5039 | P58: =+P57+Per_child_accounting!$AN$36 -> 1759.6493 | Q58: =+Q57+Per_child_accounting!$AO$36 -> 1767.6118
B59: 1+6 | C59: =+CONCATENATE(A$44,B59) -> Balance of NSW1+6 | D59: =+D58+Per_child_accounting!$AC$36 -> 1052.2699 | E59: =+E58+Per_child_accounting!$AC$36 -> 1052.2699 | F59: =+F58+Per_child_accounting!$AD$36 -> 1052.9703 | G59: =+G58+Per_child_accounting!$AE$36 -> 1079.6851 | H59: =+H58+Per_child_accounting!$AF$36 -> 1127.6029 | I59: =+I58+Per_child_accounting!$AG$36 -> 1191.3315 | J59: =+J58+Per_child_accounting!$AH$36 -> 1277.7077 | K59: =+K58+Per_child_accounting!$AI$36 -> 1367.222 | L59: =+L58+Per_child_accounting!$AJ$36 -> 1450.3448 | M59: =+M58+Per_child_accounting!$AK$36 -> 1510.1537 | N59: =+N58+Per_child_accounting!$AL$36 -> 1566.7912 | O59: =+O58+Per_child_accounting!$AM$36 -> 1698.2764 | P59: =+P58+Per_child_accounting!$AN$36 -> 1887.2046 | Q59: =+Q58+Per_child_accounting!$AO$36 -> 1895.2861
A61: Melbourne
A62: Couple | B62: 2+0 | C62: =+CONCATENATE(A$61,B62) -> Melbourne2+0 | D62: =IF(+DropINTable!AB51=0,DropINTable!AC51,DropINTable!AB51) -> 623.2401 | E62: =IF(+DropINTable!AC51=0,DropINTable!AD51,DropINTable!AC51) -> 623.2401 | F62: =IF(+DropINTable!AD51=0,DropINTable!AE51,DropINTable!AD51) -> 638.54553 | G62: =IF(+DropINTable!AE51=0,DropINTable!AF51,DropINTable!AE51) -> 664.3402 | H62: =IF(+DropINTable!AF51=0,DropINTable!AG51,DropINTable!AF51) -> 710.60772 | I62: =IF(+DropINTable!AG51=0,DropINTable!AH51,DropINTable!AG51) -> 772.14162 | J62: =IF(+DropINTable!AH51=0,DropINTable!AI51,DropINTable!AH51) -> 855.54303 | K62: =IF(+DropINTable!AI51=0,DropINTable!AJ51,DropINTable!AI51) -> 941.97445 | ... Q62: =IF(+DropINTable!AO51=0,DropINTable!AP51,DropINTable!AO51) -> 1451.8522
A63: Couple with 1 child | B63: 2+1 | C63: =+CONCATENATE(A$61,B63) -> Melbourne2+1 | D63: =+E63 -> 729.70472 | E63: =IF(+DropINTable!AC52=0,DropINTable!AD52,DropINTable!AC52) -> 729.70472 | F63: =IF(+DropINTable!AD52=0,DropINTable!AE52,DropINTable!AD52) -> 729.70472 | G63: =IF(+DropINTable!AE52=0,DropINTable!AF52,DropINTable!AE52) -> 755.66003 | H63: =IF(+DropINTable!AF52=0,DropINTable!AG52,DropINTable!AF52) -> 802.2157 | I63: =IF(+DropINTable!AG52=0,DropINTable!AH52,DropINTable!AG52) -> 864.13283 | J63: =IF(+DropINTable!AH52=0,DropINTable!AI52,DropINTable!AH52) -> 948.05366 | K63: =IF(+DropINTable!AI52=0,DropINTable!AJ52,DropINTable!AI52) -> 1035.0234 | L63: =IF(+DropINTable!AJ52=0,DropINTable!AK52,DropINTable!AJ52) -> 1115.7833 | ... Q63: =IF(+DropINTable!AO52=0,DropINTable!AP52,DropINTable!AO52) -> 1548.0766
A64: Couple with 2 children | B64: 2+2 | C64: =+CONCATENATE(A$61,B64) -> Melbourne2+2 | D64: =+E64 -> 808.91335 | E64: =IF(+DropINTable!AC53=0,DropINTable!AD53,DropINTable!AC53) -> 808.91335 | F64: =IF(+DropINTable!AD53=0,DropINTable!AE53,DropINTable!AD53) -> 808.91335 | G64: =IF(+DropINTable!AE53=0,DropINTable!AF53,DropINTable!AE53) -> 834.71367 | H64: =IF(+DropINTable!AF53=0,DropINTable!AG53,DropINTable!AF53) -> 880.99131 | I64: =IF(+DropINTable!AG53=0,DropINTable!AH53,DropINTable!AG53) -> 942.53868 | J64: =IF(+DropINTable!AH53=0,DropINTable!AI53,DropINTable!AH53) -> 1025.9583 | K64: =IF(+DropINTable!AI53=0,DropINTable!AJ53,DropINTable!AI53) -> 1112.4087 | L64: =IF(+DropINTable!AJ53=0,DropINTable!AK53,DropINTable!AJ53) -> 1192.6863 | ... Q64: =IF(+DropINTable!AO53=0,DropINTable!AP53,DropINTable!AO53) -> 1622.398
A65: Couple with 3 or more children | B65: 2+3 | C65: =+CONCATENATE(A$61,B65) -> Melbourne2+3 | D65: =+F65 -> 911.67279 | E65: =+F65 -> 911.67279 | F65: =IF(+DropINTable!AD54=0,DropINTable!AE54,DropINTable!AD54) -> 911.67279 | G65: =IF(+DropINTable!AE54=0,DropINTable!AF54,DropINTable!AE54) -> 911.67279 | H65: =IF(+DropINTable!AF54=0,DropINTable!AG54,DropINTable!AF54) -> 957.91638 | I65: =IF(+DropINTable!AG54=0,DropINTable!AH54,DropINTable!AG54) -> 1019.4185 | J65: =IF(+DropINTable!AH54=0,DropINTable!AI54,DropINTable!AH54) -> 1102.7767 | K65: =IF(+DropINTable!AI54=0,DropINTable!AJ54,DropINTable!AI54) -> 1189.1635 | L65: =IF(+DropINTable!AJ54=0,DropINTable!AK54,DropINTable!AJ54) -> 1269.382 | M65: =IF(+DropINTable!AK54=0,DropINTable!AL54,DropINTable!AK54) -> 1327.1013 | ... Q65: =IF(+DropINTable!AO54=0,DropINTable!AP54,DropINTable!AO54) -> 1698.7775
B66: 2+4 | C66: =+CONCATENATE(A$61,B66) -> Melbourne2+4 | D66: =+D65+Per_child_accounting!$AD$41 -> 1002.832 | E66: =+E65+Per_child_accounting!$AD$41 -> 1002.832 | F66: =+F65+Per_child_accounting!AD$41 -> 1002.832 | G66: =+G65+Per_child_accounting!AE$41 -> 1002.9926 | H66: =+H65+Per_child_accounting!AF$41 -> 1049.5244 | I66: =+I65+Per_child_accounting!AG$41 -> 1111.4097 | J66: =+J65+Per_child_accounting!AH$41 -> 1195.2874 | K66: =+K65+Per_child_accounting!AI$41 -> 1282.2124 | L66: =+L65+Per_child_accounting!AJ$41 -> 1362.9308 | M66: =+M65+Per_child_accounting!AK$41 -> 1421.0097 | ... Q66: =+Q65+Per_child_accounting!AO$41 -> 1795.0019
B67: 2+5 | C67: =+CONCATENATE(A$61,B67) -> Melbourne2+5 | D67: =+D66+Per_child_accounting!$AD$41 -> 1093.9912 | E67: =+E66+Per_child_accounting!$AD$41 -> 1093.9912 | F67: =+F66+Per_child_accounting!$AD$41 -> 1093.9912 | G67: =+G66+Per_child_accounting!AE$41 -> 1094.3125 | H67: =+H66+Per_child_accounting!AF$41 -> 1141.1323 | I67: =+I66+Per_child_accounting!AG$41 -> 1203.4009 | J67: =+J66+Per_child_accounting!AH$41 -> 1287.798 | K67: =+K66+Per_child_accounting!AI$41 -> 1375.2613 | L67: =+L66+Per_child_accounting!AJ$41 -> 1456.4796 | M67: =+M66+Per_child_accounting!AK$41 -> 1514.9181 | N67: =+N66+Per_child_accounting!AL$41 -> 1570.258 | ... Q67: =+Q66+Per_child_accounting!AO$41 -> 1891.2263
B68: 2+6 | C68: =+CONCATENATE(A$61,B68) -> Melbourne2+6 | D68: =+D67+Per_child_accounting!$AD$41 -> 1185.1503 | E68: =+E67+Per_child_accounting!$AD$41 -> 1185.1503 | F68: =+F67+Per_child_accounting!$AD$41 -> 1185.1503 | G68: =+G67+Per_child_accounting!AE$41 -> 1185.6323 | H68: =+H67+Per_child_accounting!AF$41 -> 1232.7403 | I68: =+I67+Per_child_accounting!AG$41 -> 1295.3921 | J68: =+J67+Per_child_accounting!AH$41 -> 1380.3086 | K68: =+K67+Per_child_accounting!AI$41 -> 1468.3102 | L68: =+L67+Per_child_accounting!AJ$41 -> 1550.0284 | M68: =+M67+Per_child_accounting!AK$41 -> 1608.8266 | N68: =+N67+Per_child_accounting!AL$41 -> 1664.507 | ... Q68: =+Q67+Per_child_accounting!AO$41 -> 1987.4507
